Workbook

Sheet SNA 01-2019
B1: STB THAMEUR | C1: STB MEGRINE | D1: BTK | G1: MEG EURO | I1: MEG $
A2: SOLDE 31/12/2018 | B2: 212.191 | C2: -2098732.7 | D2: 833.198 | E2: =SUM(B2:D2) -> -2097687.3 | G2: 41937.62 | I2: 146.86
A3: RECETTE | B3: =SUM(B4:B20) -> 0 | C3: =SUM(C4:C20) -> 2178004.4 | D3: =SUM(D4:D20) -> 0 | E3: =SUM(B3:D3) -> 2178004.4 | G3: =SUM(G4:G20) -> 717150.22 | I3: =SUM(I4:I20) -> 0
A4: SND CHEQUE | C4: 1635465.8 | E4: =SUM(B4:D4) -> 1635465.8
A5: SND TRAITE | C5: 500000 | E5: =SUM(B5:D5) -> 500000
A6: INTERET ESCOMPTE TRAITE | C6: -6697.667 | E6: =SUM(B6:D6) -> -6697.667
A7: STA NOUR | C7: 17000 | E7: =SUM(B7:D7) -> 17000
A8: NBI | E8: =SUM(B8:D8) -> 0
A9: TIP | C9: 1241.555 | E9: =SUM(B9:D9) -> 1241.555
A10: FONDERIE HNAYA | E10: =SUM(B10:D10) -> 0
A11: BATTERIEDENIEST | E11: =SUM(B11:D11) -> 0
A12: ERRAFIK EL DAYEM | E12: =SUM(B12:D12) -> 0 | G12: 689204.11
A13: FADI COTE D'IVOIR | E13: =SUM(B13:D13) -> 0
A14: MED ENERGY | E14: =SUM(B14:D14) -> 0
A15: NOUR Allemagne | E15: =SUM(B15:D15) -> 0 | G15: 27946.11
A16: MARIBAT | E16: =SUM(B16:D16) -> 0
A17: SIMTEC MAURITANIE | E17: =SUM(B17:D17) -> 0
A18: SIA ITALY | E18: =SUM(B18:D18) -> 0
A19: VERSEMENT ESPECE | C19: 23500 | E19: =SUM(B19:D19) -> 23500
A20: VIREMENT RECU | C20: 7494.711 | E20: =SUM(B20:D20) -> 7494.711
A21: AUTRES RECETTE | B21: =SUM(B22:B30) -> 0 | C21: =SUM(C22:C30) -> 703000 | D21: =SUM(D22:D30) -> 0 | E21: =SUM(B21:D21) -> 703000 | G21: =SUM(G22:G30) -> -200000 | I21: =SUM(I22:I30) -> 0
A22: AUGMENTATION CAPITAL | E22: =SUM(B22:D22) -> 0
A23: DEBLOCAGE CMT | E23: =SUM(B23:D23) -> 0
A24: BLOCAGE | E24: =SUM(B24:D24) -> 0
A25: BILLET DE TRESORERIE | E25: =SUM(B25:D25) -> 0
A26: PLACEMENT | E26: =SUM(B26:D26) -> 0
A27: RESTITUTION TVA | E27: =SUM(B27:D27) -> 0
A28: VENTE EQUIPEMENT | E28: =SUM(B28:D28) -> 0
A29: VENTE DOLLARS | E29: =SUM(B29:D29) -> 0
A30: VENTE EURO | C30: 703000 | E30: =SUM(B30:D30) -> 703000 | G30: -200000
A31: ENGAGEMENT BANCAIRE | B31: =SUM(B32:B54) -> 0 | C31: =SUM(C32:C54) -> -881045.91 | D31: =SUM(D32:D54) -> 0 | E31: =SUM(B31:D31) -> -881045.91 | G31: =SUM(G32:G54) -> 0 | I31: =SUM(I32:I54) -> 0
A32: CMT 1000 | E32: =SUM(B32:D32) -> 0
A33: CMT 1000 1 | E33: =SUM(B33:D33) -> 0
A34: CMT 1150 | E34: =SUM(B34:D34) -> 0
A35: CMT 1250 | E35: =SUM(B35:D35) -> 0
A36: CMT 2418 | C36: -172714.28 | E36: =SUM(B36:D36) -> -172714.28
A37: CMT 2500 | E37: =SUM(B37:D37) -> 0
A38: CMT 350 | E38: =SUM(B38:D38) -> 0
A39: CMT 500 | E39: =SUM(B39:D39) -> 0
A40: CMT BTK | E40: =SUM(B40:D40) -> 0
A41: CREDIT DE GESTION | E41: =SUM(B41:D41) -> 0
A42: INTERET CMT 1000 | E42: =SUM(B42:D42) -> 0
A43: INTERET CMT 1000 1 | E43: =SUM(B43:D43) -> 0
A44: INTERET CMT 1150 | E44: =SUM(B44:D44) -> 0
A45: INTERET CMT 1250 | C45: -30356.806 | E45: =SUM(B45:D45) -> -30356.806
A46: INTERET CMT 2418 | C46: -4855.19 | E46: =SUM(B46:D46) -> -4855.19
A47: INTERET CMT 2500 | C47: -60713.611 | E47: =SUM(B47:D47) -> -60713.611
A48: INTERET CMT 350 | E48: =SUM(B48:D48) -> 0
A49: INTERET CMT 500 | E49: =SUM(B49:D49) -> 0
A50: INTERET CMT BTK | E50: =SUM(B50:D50) -> 0
A51: INTERET CREDIT DE GESTION | E51: =SUM(B51:D51) -> 0
A52: M C N E | C52: -600000 | E52: =SUM(B52:D52) -> -600000
A53: RESERVATION DE FOND | E53: =SUM(B53:D53) -> 0
A54: LEASING | C54: -12406.026 | E54: =SUM(B54:D54) -> -12406.026
A55: FRAIS BANQUE | B55: =SUM(B56:B93) -> -29.75 | C55: =SUM(C56:C93) -> -114615.62 | D55: =SUM(D56:D93) -> 0 | E55: =SUM(B55:D55) -> -114645.37 | G55: =SUM(G56:G93) -> -1342.87 | I55: =SUM(I56:I93) -> -20.41
A56: AFFRANCHISSEMENT | C56: -7.5 | E56: =SUM(B56:D56) -> -7.5
A57: AGIOS DEBITEURS | B57: -29.75 | C57: -106804 | E57: =SUM(B57:D57) -> -106833.75 | G57: -17.87 | I57: -20.41
A58: COMMISSION SUR AVAL | E58: =SUM(B58:D58) -> 0
A59: COMMISSION SUR CHQ CERTIFIE | C59: -28.8 | E59: =SUM(B59:D59) -> -28.8
A60: COM / ESCOMPTE | C60: -8.925 | E60: =SUM(B60:D60) -> -8.925
A61: COM / VERS CHQ | C61: -5.355 | E61: =SUM(B61:D61) -> -5.355
A62: COM ADM TEMPORAIRE | C62: -389.836 | E62: =SUM(B62:D62) -> -389.836
A63: COM CAUTION DEFINITIVE | C63: -44.13 | E63: =SUM(B63:D63) -> -44.13
A64: COM / AVAL EFFET | C64: -2168.775 | E64: =SUM(B64:D64) -> -2168.775
A65: COM / CHQ IMPAYE | C65: -3.57 | E65: =SUM(B65:D65) -> -3.57
A66: COM / VERS CHQ | E66: =SUM(B66:D66) -> 0
A67: COMMISSION D'ADHESION | E67: =SUM(B67:D67) -> 0
A68: COMMISSION DE DOMICILIATION | C68: -50 | E68: =SUM(B68:D68) -> -50
A69: COMMISSION DE NOTIFICATION | E69: =SUM(B69:D69) -> 0
A70: COMMISSION DE TRANSMISSION | E70: =SUM(B70:D70) -> 0
A71: COMMISSION DEMANDE DE DEPASSEMENT | C71: -595 | E71: =SUM(B71:D71) -> -595
A72: COMMISSION D'ENVOI A L'ENCAISSEME | C72: -80 | E72: =SUM(B72:D72) -> -80
A73: COMMISSION D'ETUDE | C73: -20 | E73: =SUM(B73:D73) -> -20
A74: COMMISSION D'OUVERTURE L/C IMPORT | E74: =SUM(B74:D74) -> 0
A75: COMMISSION REGLEMENT EFFET | C75: -36.295 | E75: =SUM(B75:D75) -> -36.295
A76: COMMISSION REGLEMENT EFFET FINA | E76: =SUM(B76:D76) -> 0
A77: COMMISSION SUR PRELEVEMENT | C77: -4.284 | E77: =SUM(B77:D77) -> -4.284
A78: COMMISSION VIREMENT EMIS LOCAL | C78: -9.044 | E78: =SUM(B78:D78) -> -9.044
A79: COMMISSION VIREMENT EMIS ETRANGER | C79: -150 | E79: =SUM(B79:D79) -> -150 | G79: -125
A80: COMMISSION VIREMENT RECU EN DINARS | C80: -0.952 | E80: =SUM(B80:D80) -> -0.952
A81: COMMISSION VIREMENT RECU EN DEVISE | C81: -40 | E81: =SUM(B81:D81) -> -40
A82: FRAIS AVAL | E82: =SUM(B82:D82) -> 0
A83: FRAIS CAUTION DEFINITIVE | E83: =SUM(B83:D83) -> 0
A84: FRAIS TELECOMPENSATION | E84: =SUM(B84:D84) -> 0
A85: Frais/ML.CAUTIONS DOUANIERES | C85: -17.85 | E85: =SUM(B85:D85) -> -17.85
A86: COM REJET VICE DE FORME | E86: =SUM(B86:D86) -> 0
A87: Remb. int. de retard impaye ECHE | C87: -533.015 | E87: =SUM(B87:D87) -> -533.015
A88: Remb. pen. de retard impaye ECHE | C88: -69.73 | E88: =SUM(B88:D88) -> -69.73
A89: FRAIS SBE | C89: -3417.319 | E89: =SUM(B89:D89) -> -3417.319
A90: SWIFT | C90: -56 | E90: =SUM(B90:D90) -> -56
A91: COM /VERS ESPECE | E91: =SUM(B91:D91) -> 0 | G91: -1200
A92: COMMISSION DE MODIFICATION | E92: =SUM(B92:D92) -> 0
A93: TVA | C93: -75.24 | E93: =SUM(B93:D93) -> -75.24
A94: CHARGE PERSONNEL | B94: =SUM(B95:B101) -> 0 | C94: =SUM(C95:C101) -> -189932.06 | D94: =SUM(D95:D101) -> 0 | E94: =SUM(B94:D94) -> -189932.06 | G94: =SUM(G95:G101) -> 0 | I94: =SUM(I95:I101) -> 0
A95: AVANCE | C95: 6000 | E95: =SUM(B95:D95) -> 6000
A96: CNSS | C96: -123759.53 | E96: =SUM(B96:D96) -> -123759.53
A97: DRIRA ABDERAOUF LABORATOIRE | E97: =SUM(B97:D97) -> 0
A98: GROUPEMENT DE MEDECINE DE TRA | E98: =SUM(B98:D98) -> 0
A99: PRÊT | E99: =SUM(B99:D99) -> 0
A100: RS SALAIRE | E100: =SUM(B100:D100) -> 0
...

Sheet SNA 02-2019
B1: STB THAMEUR | C1: STB MEGRINE | D1: BTK | G1: MEG EURO | I1: MEG $
A2: SOLDE 31/01/2019 | B2: ='SNA 01-2019'!B398 -> 182.441 | C2: ='SNA 01-2019'!C398 -> -2135331.9 | D2: ='SNA 01-2019'!D398 -> 833.198 | E2: =SUM(B2:D2) -> -2134316.3 | G2: ='SNA 01-2019'!G398 -> 371487.14 | I2: ='SNA 01-2019'!I398 -> 126.45
A3: RECETTE | B3: =SUM(B4:B20) -> 20000 | C3: =SUM(C4:C20) -> 1537000 | D3: =SUM(D4:D20) -> 0 | E3: =SUM(B3:D3) -> 1557000 | G3: =SUM(G4:G20) -> 57103.2 | I3: =SUM(I4:I20) -> 383886.92
A4: SND CHEQUE | B4: 20000 | C4: 1537000 | E4: =SUM(B4:D4) -> 1557000
A5: SND TRAITE | E5: =SUM(B5:D5) -> 0
A6: INTERET ESCOMPTE TRAITE | E6: =SUM(B6:D6) -> 0
A7: STA NOUR | E7: =SUM(B7:D7) -> 0
A8: NBI | E8: =SUM(B8:D8) -> 0
A9: TIP | E9: =SUM(B9:D9) -> 0
A10: FONDERIE HNAYA | E10: =SUM(B10:D10) -> 0
A11: BATTERIEDENIEST | E11: =SUM(B11:D11) -> 0
A12: ERRAFIK EL DAYEM | E12: =SUM(B12:D12) -> 0 | I12: 383886.92
A13: FADI COTE D'IVOIR | E13: =SUM(B13:D13) -> 0 | G13: 17103.2
A14: MED ENERGY | E14: =SUM(B14:D14) -> 0
A15: NOUR Allemagne | E15: =SUM(B15:D15) -> 0 | G15: 40000
A16: MARIBAT | E16: =SUM(B16:D16) -> 0
A17: SIMTEC MAURITANIE | E17: =SUM(B17:D17) -> 0
A18: SIA ITALY | E18: =SUM(B18:D18) -> 0
A19: VERSEMENT ESPECE | E19: =SUM(B19:D19) -> 0
A20: VIREMENT RECU | E20: =SUM(B20:D20) -> 0
A21: AUTRES RECETTE | B21: =SUM(B22:B30) -> 0 | C21: =SUM(C22:C30) -> 99000 | D21: =SUM(D22:D30) -> 0 | E21: =SUM(B21:D21) -> 99000 | G21: =SUM(G22:G30) -> -300000 | I21: =SUM(I22:I30) -> -380000
A22: AUGMENTATION CAPITAL | E22: =SUM(B22:D22) -> 0
A23: DEBLOCAGE CMT | E23: =SUM(B23:D23) -> 0
A24: BLOCAGE | E24: =SUM(B24:D24) -> 0
A25: BILLET DE TRESORERIE | E25: =SUM(B25:D25) -> 0
A26: PLACEMENT | E26: =SUM(B26:D26) -> 0 | G26: -300000 | I26: -380000
A27: RESTITUTION TVA | E27: =SUM(B27:D27) -> 0
A28: VENTE EQUIPEMENT | C28: 99000 | E28: =SUM(B28:D28) -> 99000
A29: VENTE DOLLARS | E29: =SUM(B29:D29) -> 0
A30: VENTE EURO | E30: =SUM(B30:D30) -> 0
A31: ENGAGEMENT BANCAIRE | B31: =SUM(B32:B54) -> -890.345 | C31: =SUM(C32:C54) -> -7940.233 | D31: =SUM(D32:D54) -> 0 | E31: =SUM(B31:D31) -> -8830.578 | G31: =SUM(G32:G54) -> 0 | I31: =SUM(I32:I54) -> 0
A32: CMT 1000 | E32: =SUM(B32:D32) -> 0
A33: CMT 1000 1 | E33: =SUM(B33:D33) -> 0
A34: CMT 1150 | E34: =SUM(B34:D34) -> 0
A35: CMT 1250 | E35: =SUM(B35:D35) -> 0
A36: CMT 2418 | E36: =SUM(B36:D36) -> 0
A37: CMT 2500 | E37: =SUM(B37:D37) -> 0
A38: CMT 350 | E38: =SUM(B38:D38) -> 0
A39: CMT 500 | E39: =SUM(B39:D39) -> 0
A40: CMT BTK | E40: =SUM(B40:D40) -> 0
A41: CREDIT DE GESTION | E41: =SUM(B41:D41) -> 0
A42: INTERET CMT 1000 | E42: =SUM(B42:D42) -> 0
A43: INTERET CMT 1000 1 | E43: =SUM(B43:D43) -> 0
... A53: RESERVATION DE FOND | E53: =SUM(B53:D53) -> 0
A54: LEASING | B54: -890.345 | C54: -7940.233 | E54: =SUM(B54:D54) -> -8830.578
A55: FRAIS BANQUE | B55: =SUM(B56:B93) -> -1.071 | C55: =SUM(C56:C93) -> -7161.401 | D55: =SUM(D56:D93) -> 0 | E55: =SUM(B55:D55) -> -7162.472 | G55: =SUM(G56:G93) -> -65 | I55: =SUM(I56:I93) -> 0
A56: AFFRANCHISSEMENT | C56: -0.5 | E56: =SUM(B56:D56) -> -0.5
A57: AGIOS DEBITEURS | E57: =SUM(B57:D57) -> 0
A58: COMMISSION SUR AVAL | E58: =SUM(B58:D58) -> 0
A59: COMMISSION SUR CHQ CERTIFIE | C59: -17.85 | E59: =SUM(B59:D59) -> -17.85
A60: COM / ESCOMPTE | E60: =SUM(B60:D60) -> 0
A61: COM / VERS CHQ | B61: -0.357 | C61: -6.236 | E61: =SUM(B61:D61) -> -6.593
A62: COM ADM TEMPORAIRE | C62: -370.023 | E62: =SUM(B62:D62) -> -370.023
A63: COM CAUTION DEFINITIVE | C63: -44.13 | E63: =SUM(B63:D63) -> -44.13
A64: COM / AVAL EFFET | C64: -3047.89 | E64: =SUM(B64:D64) -> -3047.89
A65: COM / CHQ IMPAYE | E65: =SUM(B65:D65) -> 0
A66: COM / VERS CHQ | E66: =SUM(B66:D66) -> 0
A67: COMMISSION D'ADHESION | C67: -119 | E67: =SUM(B67:D67) -> -119
A68: COMMISSION DE DOMICILIATION | C68: -70 | E68: =SUM(B68:D68) -> -70
A69: COMMISSION DE NOTIFICATION | E69: =SUM(B69:D69) -> 0
A70: COMMISSION DE TRANSMISSION | E70: =SUM(B70:D70) -> 0
A71: COMMISSION DEMANDE DE DEPASSEMENT | E71: =SUM(B71:D71) -> 0
A72: COMMISSION D'ENVOI A L'ENCAISSEME | E72: =SUM(B72:D72) -> 0
A73: COMMISSION D'ETUDE | E73: =SUM(B73:D73) -> 0
A74: COMMISSION D'OUVERTURE L/C IMPORT | E74: =SUM(B74:D74) -> 0
A75: COMMISSION REGLEMENT EFFET | C75: -39.27 | E75: =SUM(B75:D75) -> -39.27
A76: COMMISSION REGLEMENT EFFET FINA | E76: =SUM(B76:D76) -> 0
A77: COMMISSION SUR PRELEVEMENT | B77: -0.714 | C77: -2.142 | E77: =SUM(B77:D77) -> -2.856
A78: COMMISSION VIREMENT EMIS LOCAL | C78: -14.28 | E78: =SUM(B78:D78) -> -14.28
A79: COMMISSION VIREMENT EMIS ETRANGER | C79: -30 | E79: =SUM(B79:D79) -> -30 | G79: -65
A80: COMMISSION VIREMENT RECU EN DINARS | E80: =SUM(B80:D80) -> 0
A81: COMMISSION VIREMENT RECU EN DEVISE | C81: -40 | E81: =SUM(B81:D81) -> -40
A82: FRAIS AVAL | C82: -208.25 | E82: =SUM(B82:D82) -> -208.25
A83: FRAIS CAUTION DEFINITIVE | E83: =SUM(B83:D83) -> 0
A84: FRAIS TELECOMPENSATION | C84: -0.19 | E84: =SUM(B84:D84) -> -0.19
A85: Frais/ML.CAUTIONS DOUANIERES | E85: =SUM(B85:D85) -> 0
A86: COM REJET VICE DE FORME | E86: =SUM(B86:D86) -> 0
A87: Remb. int. de retard impaye ECHE | E87: =SUM(B87:D87) -> 0
A88: Remb. pen. de retard impaye ECHE | E88: =SUM(B88:D88) -> 0
A89: FRAIS SBE | C89: -3115.52 | E89: =SUM(B89:D89) -> -3115.52
A90: SWIFT | C90: -8 | E90: =SUM(B90:D90) -> -8
A91: COM /VERS ESPECE | E91: =SUM(B91:D91) -> 0
A92: COMMISSION DE MODIFICATION | E92: =SUM(B92:D92) -> 0
A93: TVA | C93: -28.12 | E93: =SUM(B93:D93) -> -28.12
A94: CHARGE PERSONNEL | B94: =SUM(B95:B101) -> 0 | C94: =SUM(C95:C101) -> -254813.12 | D94: =SUM(D95:D101) -> 0 | E94: =SUM(B94:D94) -> -254813.12 | G94: =SUM(G95:G101) -> 0 | I94: =SUM(I95:I101) -> 0
A95: AVANCE | E95: =SUM(B95:D95) -> 0
A96: CNSS | C96: -365.416 | E96: =SUM(B96:D96) -> -365.416
A97: DRIRA ABDERAOUF LABORATOIRE | E97: =SUM(B97:D97) -> 0
A98: GROUPEMENT DE MEDECINE DE TRA | E98: =SUM(B98:D98) -> 0
A99: PRÊT | E99: =SUM(B99:D99) -> 0
A100: RS SALAIRE | E100: =SUM(B100:D100) -> 0
A101: SALAIRES | C101: -254447.7 | E101: =SUM(B101:D101) -> -254447.7
A102: SOCIETE DU GROUPE | B102: =SUM(B103:B110) -> 0 | C102: =SUM(C103:C110) -> -50000 | D102: =SUM(D103:D110) -> 0 | E102: =SUM(B102:D102) -> -50000 | G102: =SUM(G103:G110) -> 0 | I102: =SUM(I103:I110) -> 0
A103: DIVIDENDES | E103: =SUM(B103:D103) -> 0
A104: FONDERIE HNAYA | C104: -50000 | E104: =SUM(B104:D104) -> -50000
A105: I T N | E105: =SUM(B105:D105) -> 0
A106: N B I | E106: =SUM(B106:D106) -> 0
A107: PHENICIA | E107: =SUM(B107:D107) -> 0
A108: STA NOUR | E108: =SUM(B108:D108) -> 0
A109: ACHAT ACTION TIP | E109: =SUM(B109:D109) -> 0
...

Sheet SNA 03-2019
B1: STB THAMEUR | C1: STB MEGRINE | D1: BTK | G1: MEG EURO | I1: MEG $
A2: SOLDE 28/02/2019 | B2: ='SNA 02-2019'!B398 -> 19291.025 | C2: ='SNA 02-2019'!C398 -> -2379601.7 | D2: ='SNA 02-2019'!D398 -> 833.198 | E2: =SUM(B2:D2) -> -2359477.4 | G2: ='SNA 02-2019'!G398 -> 93277.66 | I2: ='SNA 02-2019'!I398 -> 4013.37
A3: RECETTE | B3: =SUM(B4:B20) -> 13809.564 | C3: =SUM(C4:C20) -> 2137000 | D3: =SUM(D4:D20) -> 0 | E3: =SUM(B3:D3) -> 2150809.6 | G3: =SUM(G4:G20) -> 43116 | I3: =SUM(I4:I20) -> 0
A4: SND CHEQUE | C4: 2137000 | E4: =SUM(B4:D4) -> 2137000
A5: SND TRAITE | E5: =SUM(B5:D5) -> 0
A6: INTERET ESCOMPTE TRAITE | E6: =SUM(B6:D6) -> 0
A7: STA NOUR | E7: =SUM(B7:D7) -> 0
A8: NBI | E8: =SUM(B8:D8) -> 0
A9: TIP | E9: =SUM(B9:D9) -> 0
A10: FONDERIE HNAYA | E10: =SUM(B10:D10) -> 0
A11: BATTERIEDENIEST | E11: =SUM(B11:D11) -> 0
A12: ERRAFIK EL DAYEM | E12: =SUM(B12:D12) -> 0
A13: FADI COTE D'IVOIR | E13: =SUM(B13:D13) -> 0
A14: MED ENERGY | E14: =SUM(B14:D14) -> 0 | G14: 18116
A15: NOUR Allemagne | E15: =SUM(B15:D15) -> 0 | G15: 10000
A16: MARIBAT | E16: =SUM(B16:D16) -> 0
A17: SIMTEC MAURITANIE | E17: =SUM(B17:D17) -> 0 | G17: 15000
A18: SIA ITALY | E18: =SUM(B18:D18) -> 0
A19: VERSEMENT ESPECE | E19: =SUM(B19:D19) -> 0
A20: VIREMENT RECU | B20: 13809.564 | E20: =SUM(B20:D20) -> 13809.564
A21: AUTRES RECETTE | B21: =SUM(B22:B30) -> 0 | C21: =SUM(C22:C30) -> 0 | D21: =SUM(D22:D30) -> 0 | E21: =SUM(B21:D21) -> 0 | G21: =SUM(G22:G30) -> 0 | I21: =SUM(I22:I30) -> 380510.04
A22: AUGMENTATION CAPITAL | E22: =SUM(B22:D22) -> 0
A23: DEBLOCAGE CMT | E23: =SUM(B23:D23) -> 0
A24: BLOCAGE | E24: =SUM(B24:D24) -> 0
A25: BILLET DE TRESORERIE | E25: =SUM(B25:D25) -> 0
A26: PLACEMENT | E26: =SUM(B26:D26) -> 0 | I26: 380510.04
A27: RESTITUTION TVA | E27: =SUM(B27:D27) -> 0
A28: VENTE EQUIPEMENT | E28: =SUM(B28:D28) -> 0
A29: VENTE DOLLARS | E29: =SUM(B29:D29) -> 0
A30: VENTE EURO | E30: =SUM(B30:D30) -> 0
A31: ENGAGEMENT BANCAIRE | B31: =SUM(B32:B54) -> -890.345 | C31: =SUM(C32:C54) -> -145650.23 | D31: =SUM(D32:D54) -> 0 | E31: =SUM(B31:D31) -> -146540.58 | G31: =SUM(G32:G54) -> 0 | I31: =SUM(I32:I54) -> 0
A32: CMT 1000 | E32: =SUM(B32:D32) -> 0
A33: CMT 1000 1 | E33: =SUM(B33:D33) -> 0
A34: CMT 1150 | E34: =SUM(B34:D34) -> 0
A35: CMT 1250 | E35: =SUM(B35:D35) -> 0
A36: CMT 2418 | E36: =SUM(B36:D36) -> 0
A37: CMT 2500 | E37: =SUM(B37:D37) -> 0
A38: CMT 350 | E38: =SUM(B38:D38) -> 0
A39: CMT 500 | E39: =SUM(B39:D39) -> 0
A40: CMT BTK | E40: =SUM(B40:D40) -> 0
A41: CREDIT DE GESTION | E41: =SUM(B41:D41) -> 0
A42: INTERET CMT 1000 | E42: =SUM(B42:D42) -> 0
A43: INTERET CMT 1000 1 | E43: =SUM(B43:D43) -> 0
... A50: INTERET CMT BTK | E50: =SUM(B50:D50) -> 0
A51: INTERET CREDIT DE GESTION | C51: -123710 | E51: =SUM(B51:D51) -> -123710
A52: M C N E | E52: =SUM(B52:D52) -> 0
A53: RESERVATION DE FOND | C53: -14000 | E53: =SUM(B53:D53) -> -14000
A54: LEASING | B54: -890.345 | C54: -7940.233 | E54: =SUM(B54:D54) -> -8830.578
A55: FRAIS BANQUE | B55: =SUM(B56:B93) -> -14.518 | C55: =SUM(C56:C93) -> -467.361 | D55: =SUM(D56:D93) -> 0 | E55: =SUM(B55:D55) -> -481.879 | G55: =SUM(G56:G93) -> -160 | I55: =SUM(I56:I93) -> 0
A56: AFFRANCHISSEMENT | C56: -1 | E56: =SUM(B56:D56) -> -1
A57: AGIOS DEBITEURS | E57: =SUM(B57:D57) -> 0
A58: COMMISSION SUR AVAL | E58: =SUM(B58:D58) -> 0
A59: COMMISSION SUR CHQ CERTIFIE | C59: -47.6 | E59: =SUM(B59:D59) -> -47.6
A60: COM / ESCOMPTE | E60: =SUM(B60:D60) -> 0
A61: COM / VERS CHQ | C61: -8.925 | E61: =SUM(B61:D61) -> -8.925
A62: COM ADM TEMPORAIRE | E62: =SUM(B62:D62) -> 0
A63: COM CAUTION DEFINITIVE | E63: =SUM(B63:D63) -> 0
A64: COM / AVAL EFFET | E64: =SUM(B64:D64) -> 0
A65: COM / CHQ IMPAYE | E65: =SUM(B65:D65) -> 0
A66: COM / VERS CHQ | E66: =SUM(B66:D66) -> 0
A67: COMMISSION D'ADHESION | E67: =SUM(B67:D67) -> 0
A68: COMMISSION DE DOMICILIATION | C68: -120 | E68: =SUM(B68:D68) -> -120
A69: COMMISSION DE NOTIFICATION | C69: -15 | E69: =SUM(B69:D69) -> -15
A70: COMMISSION DE TRANSMISSION | C70: -30 | E70: =SUM(B70:D70) -> -30
A71: COMMISSION DEMANDE DE DEPASSEMENT | E71: =SUM(B71:D71) -> 0
A72: COMMISSION D'ENVOI A L'ENCAISSEME | E72: =SUM(B72:D72) -> 0
A73: COMMISSION D'ETUDE | C73: -10 | E73: =SUM(B73:D73) -> -10
A74: COMMISSION D'OUVERTURE L/C IMPORT | E74: =SUM(B74:D74) -> 0
A75: COMMISSION REGLEMENT EFFET | C75: -57.12 | E75: =SUM(B75:D75) -> -57.12
A76: COMMISSION REGLEMENT EFFET FINA | C76: -3.57 | E76: =SUM(B76:D76) -> -3.57
A77: COMMISSION SUR PRELEVEMENT | B77: -0.714 | C77: -4.284 | E77: =SUM(B77:D77) -> -4.998
A78: COMMISSION VIREMENT EMIS LOCAL | C78: -60.952 | E78: =SUM(B78:D78) -> -60.952
A79: COMMISSION VIREMENT EMIS ETRANGER | E79: =SUM(B79:D79) -> 0 | G79: -100
A80: COMMISSION VIREMENT RECU EN DINARS | B80: -11.904 | C80: -20 | E80: =SUM(B80:D80) -> -31.904
A81: COMMISSION VIREMENT RECU EN DEVISE | E81: =SUM(B81:D81) -> 0
A82: FRAIS AVAL | E82: =SUM(B82:D82) -> 0
A83: FRAIS CAUTION DEFINITIVE | C83: -11.9 | E83: =SUM(B83:D83) -> -11.9
A84: FRAIS TELECOMPENSATION | E84: =SUM(B84:D84) -> 0
A85: Frais/ML.CAUTIONS DOUANIERES | E85: =SUM(B85:D85) -> 0
A86: COM REJET VICE DE FORME | E86: =SUM(B86:D86) -> 0
A87: Remb. int. de retard impaye ECHE | E87: =SUM(B87:D87) -> 0
A88: Remb. pen. de retard impaye ECHE | E88: =SUM(B88:D88) -> 0
A89: FRAIS SBE | E89: =SUM(B89:D89) -> 0
A90: SWIFT | C90: -24 | E90: =SUM(B90:D90) -> -24
A91: COM /VERS ESPECE | E91: =SUM(B91:D91) -> 0 | G91: -60
A92: COMMISSION DE MODIFICATION | E92: =SUM(B92:D92) -> 0
A93: TVA | B93: -1.9 | C93: -53.01 | E93: =SUM(B93:D93) -> -54.91
A94: CHARGE PERSONNEL | B94: =SUM(B95:B101) -> 0 | C94: =SUM(C95:C101) -> -6459.968 | D94: =SUM(D95:D101) -> 0 | E94: =SUM(B94:D94) -> -6459.968 | G94: =SUM(G95:G101) -> 0 | I94: =SUM(I95:I101) -> 0
A95: AVANCE | E95: =SUM(B95:D95) -> 0
A96: CNSS | C96: -2006.212 | E96: =SUM(B96:D96) -> -2006.212
A97: DRIRA ABDERAOUF LABORATOIRE | E97: =SUM(B97:D97) -> 0
A98: GROUPEMENT DE MEDECINE DE TRA | C98: -2025.04 | E98: =SUM(B98:D98) -> -2025.04
A99: PRÊT | C99: 200 | E99: =SUM(B99:D99) -> 200
A100: RS SALAIRE | E100: =SUM(B100:D100) -> 0
A101: SALAIRES | C101: -2628.716 | E101: =SUM(B101:D101) -> -2628.716
A102: SOCIETE DU GROUPE | B102: =SUM(B103:B110) -> 0 | C102: =SUM(C103:C110) -> -209735.73 | D102: =SUM(D103:D110) -> 0 | E102: =SUM(B102:D102) -> -209735.73 | G102: =SUM(G103:G110) -> 0 | I102: =SUM(I103:I110) -> 0
A103: DIVIDENDES | E103: =SUM(B103:D103) -> 0
A104: FONDERIE HNAYA | E104: =SUM(B104:D104) -> 0
A105: I T N | E105: =SUM(B105:D105) -> 0
A106: N B I | E106: =SUM(B106:D106) -> 0
...

Sheet SNA 04-2019
B1: STB THAMEUR | C1: STB MEGRINE | D1: BTK | G1: MEG EURO | I1: MEG $
A2: SOLDE 31/03/2019 | B2: ='SNA 03-2019'!B398 -> 17195.726 | C2: ='SNA 03-2019'!C398 -> -2498650.8 | D2: ='SNA 03-2019'!D398 -> 833.198 | E2: =SUM(B2:D2) -> -2480621.8 | G2: ='SNA 03-2019'!G398 -> 54769.04 | I2: ='SNA 03-2019'!I398 -> 384523.41
A3: RECETTE | B3: =SUM(B4:B20) -> 149170 | C3: =SUM(C4:C20) -> 1354000 | D3: =SUM(D4:D20) -> 0 | E3: =SUM(B3:D3) -> 1503170 | G3: =SUM(G4:G20) -> 185211.85 | I3: =SUM(I4:I20) -> 0
A4: SND CHEQUE | B4: 140000 | C4: 1354000 | E4: =SUM(B4:D4) -> 1494000
A5: SND TRAITE | E5: =SUM(B5:D5) -> 0
A6: INTERET ESCOMPTE TRAITE | E6: =SUM(B6:D6) -> 0
A7: STA NOUR | E7: =SUM(B7:D7) -> 0
A8: NBI | E8: =SUM(B8:D8) -> 0
A9: TIP | E9: =SUM(B9:D9) -> 0
A10: FONDERIE HNAYA | E10: =SUM(B10:D10) -> 0
A11: BATTERIEDENIEST | E11: =SUM(B11:D11) -> 0
A12: ERRAFIK EL DAYEM | E12: =SUM(B12:D12) -> 0 | G12: 100000
A13: FADI COTE D'IVOIR | E13: =SUM(B13:D13) -> 0 | G13: 25211.85
A14: MED ENERGY | E14: =SUM(B14:D14) -> 0
A15: NOUR Allemagne | E15: =SUM(B15:D15) -> 0 | G15: 60000
A16: MARIBAT | E16: =SUM(B16:D16) -> 0
A17: SIMTEC MAURITANIE | E17: =SUM(B17:D17) -> 0
A18: SIA ITALY | E18: =SUM(B18:D18) -> 0
A19: VERSEMENT ESPECE | E19: =SUM(B19:D19) -> 0
A20: VIREMENT RECU | B20: =18880-9710 -> 9170 | E20: =SUM(B20:D20) -> 9170
A21: AUTRES RECETTE | B21: =SUM(B22:B30) -> 0 | C21: =SUM(C22:C30) -> 2671180 | D21: =SUM(D22:D30) -> 0 | E21: =SUM(B21:D21) -> 2671180 | G21: =SUM(G22:G30) -> -149925 | I21: =SUM(I22:I30) -> -375000
A22: AUGMENTATION CAPITAL | E22: =SUM(B22:D22) -> 0
A23: DEBLOCAGE CMT | E23: =SUM(B23:D23) -> 0
A24: BLOCAGE | E24: =SUM(B24:D24) -> 0
A25: BILLET DE TRESORERIE | E25: =SUM(B25:D25) -> 0
A26: PLACEMENT | E26: =SUM(B26:D26) -> 0 | G26: 300075
A27: RESTITUTION TVA | E27: =SUM(B27:D27) -> 0
A28: VENTE EQUIPEMENT | E28: =SUM(B28:D28) -> 0
A29: VENTE DOLLARS | C29: 1140000 | E29: =SUM(B29:D29) -> 1140000 | I29: -375000
A30: VENTE EURO | C30: 1531180 | E30: =SUM(B30:D30) -> 1531180 | G30: -450000
A31: ENGAGEMENT BANCAIRE | B31: =SUM(B32:B54) -> -1780.69 | C31: =SUM(C32:C54) -> -452145.03 | D31: =SUM(D32:D54) -> 0 | E31: =SUM(B31:D31) -> -453925.72 | G31: =SUM(G32:G54) -> 0 | I31: =SUM(I32:I54) -> 0
A32: CMT 1000 | C32: -83333.333 | E32: =SUM(B32:D32) -> -83333.333
A33: CMT 1000 1 | E33: =SUM(B33:D33) -> 0
A34: CMT 1150 | C34: -95833.333 | E34: =SUM(B34:D34) -> -95833.333
A35: CMT 1250 | E35: =SUM(B35:D35) -> 0
A36: CMT 2418 | E36: =SUM(B36:D36) -> 0
A37: CMT 2500 | E37: =SUM(B37:D37) -> 0
A38: CMT 350 | C38: -29166.667 | E38: =SUM(B38:D38) -> -29166.667
A39: CMT 500 | C39: -83333.334 | E39: =SUM(B39:D39) -> -83333.334
A40: CMT BTK | E40: =SUM(B40:D40) -> 0
A41: CREDIT DE GESTION | E41: =SUM(B41:D41) -> 0
A42: INTERET CMT 1000 | C42: -17820 | E42: =SUM(B42:D42) -> -17820
A43: INTERET CMT 1000 1 | E43: =SUM(B43:D43) -> 0
A44: INTERET CMT 1150 | C44: -20493 | E44: =SUM(B44:D44) -> -20493
A45: INTERET CMT 1250 | C45: -30056.042 | E45: =SUM(B45:D45) -> -30056.042
A46: INTERET CMT 2418 | E46: =SUM(B46:D46) -> 0
A47: INTERET CMT 2500 | C47: -60112.083 | E47: =SUM(B47:D47) -> -60112.083
A48: INTERET CMT 350 | C48: -6237 | E48: =SUM(B48:D48) -> -6237
A49: INTERET CMT 500 | C49: -17820 | E49: =SUM(B49:D49) -> -17820
A50: INTERET CMT BTK | E50: =SUM(B50:D50) -> 0
A51: INTERET CREDIT DE GESTION | E51: =SUM(B51:D51) -> 0
A52: M C N E | E52: =SUM(B52:D52) -> 0
A53: RESERVATION DE FOND | E53: =SUM(B53:D53) -> 0
A54: LEASING | B54: -1780.69 | C54: -7940.233 | E54: =SUM(B54:D54) -> -9720.923
A55: FRAIS BANQUE | B55: =SUM(B56:B93) -> -34.391 | C55: =SUM(C56:C93) -> -99547.636 | D55: =SUM(D56:D93) -> 0 | E55: =SUM(B55:D55) -> -99582.027 | G55: =SUM(G56:G93) -> -525 | I55: =SUM(I56:I93) -> -15
A56: AFFRANCHISSEMENT | C56: -6 | E56: =SUM(B56:D56) -> -6
A57: AGIOS DEBITEURS | B57: -29.75 | C57: -90435.873 | E57: =SUM(B57:D57) -> -90465.623
A58: COMMISSION SUR AVAL | E58: =SUM(B58:D58) -> 0
A59: COMMISSION SUR CHQ CERTIFIE | C59: -23.8 | E59: =SUM(B59:D59) -> -23.8
A60: COM / ESCOMPTE | E60: =SUM(B60:D60) -> 0
A61: COM / VERS CHQ | B61: -0.357 | C61: -7.854 | E61: =SUM(B61:D61) -> -8.211
A62: COM ADM TEMPORAIRE | C62: -740.046 | E62: =SUM(B62:D62) -> -740.046
A63: COM CAUTION DEFINITIVE | C63: -88.26 | E63: =SUM(B63:D63) -> -88.26
A64: COM / AVAL EFFET | C64: -5708.97 | E64: =SUM(B64:D64) -> -5708.97
A65: COM / CHQ IMPAYE | E65: =SUM(B65:D65) -> 0
A66: COM / VERS CHQ | E66: =SUM(B66:D66) -> 0
A67: COMMISSION D'ADHESION | E67: =SUM(B67:D67) -> 0
A68: COMMISSION DE DOMICILIATION | C68: -124.5 | E68: =SUM(B68:D68) -> -124.5
A69: COMMISSION DE NOTIFICATION | E69: =SUM(B69:D69) -> 0
A70: COMMISSION DE TRANSMISSION | E70: =SUM(B70:D70) -> 0
A71: COMMISSION DEMANDE DE DEPASSEMENT | C71: -119 | E71: =SUM(B71:D71) -> -119
A72: COMMISSION D'ENVOI A L'ENCAISSEME | C72: -40 | E72: =SUM(B72:D72) -> -40
A73: COMMISSION D'ETUDE | C73: -20 | E73: =SUM(B73:D73) -> -20
A74: COMMISSION D'OUVERTURE L/C IMPORT | E74: =SUM(B74:D74) -> 0
A75: COMMISSION REGLEMENT EFFET | C75: -48.195 | E75: =SUM(B75:D75) -> -48.195
A76: COMMISSION REGLEMENT EFFET FINA | C76: -20.23 | E76: =SUM(B76:D76) -> -20.23
A77: COMMISSION SUR PRELEVEMENT | B77: -1.428 | C77: -2.856 | E77: =SUM(B77:D77) -> -4.284
A78: COMMISSION VIREMENT EMIS LOCAL | B78: -0.952 | C78: -23.8 | E78: =SUM(B78:D78) -> -24.752
A79: COMMISSION VIREMENT EMIS ETRANGER | C79: -60 | E79: =SUM(B79:D79) -> -60 | G79: -125 | I79: -15
A80: COMMISSION VIREMENT RECU EN DINARS | B80: -1.904 | E80: =SUM(B80:D80) -> -1.904
A81: COMMISSION VIREMENT RECU EN DEVISE | C81: -100 | E81: =SUM(B81:D81) -> -100
A82: FRAIS AVAL | E82: =SUM(B82:D82) -> 0
A83: FRAIS CAUTION DEFINITIVE | E83: =SUM(B83:D83) -> 0
A84: FRAIS TELECOMPENSATION | E84: =SUM(B84:D84) -> 0
A85: Frais/ML.CAUTIONS DOUANIERES | E85: =SUM(B85:D85) -> 0
A86: COM REJET VICE DE FORME | E86: =SUM(B86:D86) -> 0
A87: Remb. int. de retard impaye ECHE | C87: -1715.664 | E87: =SUM(B87:D87) -> -1715.664
A88: Remb. pen. de retard impaye ECHE | C88: -117.103 | E88: =SUM(B88:D88) -> -117.103
A89: FRAIS SBE | C89: -41.95 | E89: =SUM(B89:D89) -> -41.95
A90: SWIFT | C90: -32 | E90: =SUM(B90:D90) -> -32
A91: COM /VERS ESPECE | E91: =SUM(B91:D91) -> 0 | G91: -400
A92: COMMISSION DE MODIFICATION | E92: =SUM(B92:D92) -> 0
A93: TVA | C93: -71.535 | E93: =SUM(B93:D93) -> -71.535
A94: CHARGE PERSONNEL | B94: =SUM(B95:B101) -> -124108.62 | C94: =SUM(C95:C101) -> -313361.77 | D94: =SUM(D95:D101) -> 0 | E94: =SUM(B94:D94) -> -437470.39 | G94: =SUM(G95:G101) -> 0 | I94: =SUM(I95:I101) -> 0
A95: AVANCE | E95: =SUM(B95:D95) -> 0
A96: CNSS | B96: -124108.62 | C96: -1525.159 | E96: =SUM(B96:D96) -> -125633.78
A97: DRIRA ABDERAOUF LABORATOIRE | E97: =SUM(B97:D97) -> 0
A98: GROUPEMENT DE MEDECINE DE TRA | E98: =SUM(B98:D98) -> 0
A99: PRÊT | E99: =SUM(B99:D99) -> 0
A100: RS SALAIRE | C100: -24744.91 | E100: =SUM(B100:D100) -> -24744.91
...

Sheet SNA 05-2019
B1: STB THAMEUR | C1: STB MEGRINE | D1: BTK | G1: MEG EURO | I1: MEG $
A2: SOLDE 30/04/2019 | B2: ='SNA 04-2019'!B398 -> 10442.025 | C2: ='SNA 04-2019'!C398 -> -2979951.1 | D2: ='SNA 04-2019'!D398 -> 833.198 | E2: =SUM(B2:D2) -> -2968675.9 | G2: ='SNA 04-2019'!G398 -> 25552.89 | I2: ='SNA 04-2019'!I398 -> 8901.41
A3: RECETTE | B3: =SUM(B4:B20) -> 60000 | C3: =SUM(C4:C20) -> 2738270.2 | D3: =SUM(D4:D20) -> 0 | E3: =SUM(B3:D3) -> 2798270.2 | G3: =SUM(G4:G20) -> 332779.22 | I3: =SUM(I4:I20) -> 0
A4: SND CHEQUE | B4: 60000 | C4: 2237000 | E4: =SUM(B4:D4) -> 2297000
A5: SND TRAITE | E5: =SUM(B5:D5) -> 0
A6: INTERET ESCOMPTE TRAITE | E6: =SUM(B6:D6) -> 0
A7: STA NOUR | E7: =SUM(B7:D7) -> 0
A8: NBI | E8: =SUM(B8:D8) -> 0
A9: TIP | E9: =SUM(B9:D9) -> 0
A10: FONDERIE HNAYA | E10: =SUM(B10:D10) -> 0
A11: BATTERIEDENIEST | E11: =SUM(B11:D11) -> 0
A12: ERRAFIK EL DAYEM | C12: 499185.25 | E12: =SUM(B12:D12) -> 499185.25 | G12: 306537.84
A13: FADI COTE D'IVOIR | E13: =SUM(B13:D13) -> 0
A14: MED ENERGY | E14: =SUM(B14:D14) -> 0 | G14: 11241.38
A15: NOUR Allemagne | E15: =SUM(B15:D15) -> 0 | G15: 15000
A16: MARIBAT | E16: =SUM(B16:D16) -> 0
A17: SIMTEC MAURITANIE | E17: =SUM(B17:D17) -> 0
A18: SIA ITALY | E18: =SUM(B18:D18) -> 0
A19: VERSEMENT ESPECE | C19: 2085 | E19: =SUM(B19:D19) -> 2085
A20: VIREMENT RECU | E20: =SUM(B20:D20) -> 0
A21: AUTRES RECETTE | B21: =SUM(B22:B30) -> 0 | C21: =SUM(C22:C30) -> 0 | D21: =SUM(D22:D30) -> 0 | E21: =SUM(B21:D21) -> 0 | G21: =SUM(G22:G30) -> -200000 | I21: =SUM(I22:I30) -> 0
A22: AUGMENTATION CAPITAL | E22: =SUM(B22:D22) -> 0
A23: DEBLOCAGE CMT | E23: =SUM(B23:D23) -> 0
A24: BLOCAGE | E24: =SUM(B24:D24) -> 0
A25: BILLET DE TRESORERIE | E25: =SUM(B25:D25) -> 0
A26: PLACEMENT | E26: =SUM(B26:D26) -> 0
A27: RESTITUTION TVA | E27: =SUM(B27:D27) -> 0
A28: VENTE EQUIPEMENT | E28: =SUM(B28:D28) -> 0
A29: VENTE DOLLARS | E29: =SUM(B29:D29) -> 0
A30: VENTE EURO | E30: =SUM(B30:D30) -> 0 | G30: -200000
A31: ENGAGEMENT BANCAIRE | B31: =SUM(B32:B54) -> -890.345 | C31: =SUM(C32:C54) -> -7940.233 | D31: =SUM(D32:D54) -> 0 | E31: =SUM(B31:D31) -> -8830.578 | G31: =SUM(G32:G54) -> 0 | I31: =SUM(I32:I54) -> 0
A32: CMT 1000 | E32: =SUM(B32:D32) -> 0
A33: CMT 1000 1 | E33: =SUM(B33:D33) -> 0
A34: CMT 1150 | E34: =SUM(B34:D34) -> 0
A35: CMT 1250 | E35: =SUM(B35:D35) -> 0
A36: CMT 2418 | E36: =SUM(B36:D36) -> 0
A37: CMT 2500 | E37: =SUM(B37:D37) -> 0
A38: CMT 350 | E38: =SUM(B38:D38) -> 0
A39: CMT 500 | E39: =SUM(B39:D39) -> 0
A40: CMT BTK | E40: =SUM(B40:D40) -> 0
A41: CREDIT DE GESTION | E41: =SUM(B41:D41) -> 0
A42: INTERET CMT 1000 | E42: =SUM(B42:D42) -> 0
A43: INTERET CMT 1000 1 | E43: =SUM(B43:D43) -> 0
... A53: RESERVATION DE FOND | E53: =SUM(B53:D53) -> 0
A54: LEASING | B54: -890.345 | C54: -7940.233 | E54: =SUM(B54:D54) -> -8830.578
A55: FRAIS BANQUE | B55: =SUM(B56:B93) -> -2.499 | C55: =SUM(C56:C93) -> -4880.6 | D55: =SUM(D56:D93) -> 0 | E55: =SUM(B55:D55) -> -4883.099 | G55: =SUM(G56:G93) -> -656.24 | I55: =SUM(I56:I93) -> 0
A56: AFFRANCHISSEMENT | C56: -8 | E56: =SUM(B56:D56) -> -8
A57: AGIOS DEBITEURS | E57: =SUM(B57:D57) -> 0
A58: COMMISSION SUR AVAL | E58: =SUM(B58:D58) -> 0
A59: COMMISSION SUR CHQ CERTIFIE | C59: -59.5 | E59: =SUM(B59:D59) -> -59.5
A60: COM / ESCOMPTE | E60: =SUM(B60:D60) -> 0
A61: COM / VERS CHQ | B61: -1.785 | C61: -10.353 | E61: =SUM(B61:D61) -> -12.138
A62: COM ADM TEMPORAIRE | C62: -370.023 | E62: =SUM(B62:D62) -> -370.023
A63: COM CAUTION DEFINITIVE | C63: -44.13 | E63: =SUM(B63:D63) -> -44.13
A64: COM / AVAL EFFET | C64: -2918.655 | E64: =SUM(B64:D64) -> -2918.655
A65: COM / CHQ IMPAYE | C65: -7.14 | E65: =SUM(B65:D65) -> -7.14
A66: COM / VERS CHQ | E66: =SUM(B66:D66) -> 0
A67: COMMISSION D'ADHESION | C67: -238 | E67: =SUM(B67:D67) -> -238
A68: COMMISSION DE DOMICILIATION | C68: -110 | E68: =SUM(B68:D68) -> -110
A69: COMMISSION DE NOTIFICATION | C69: -15 | E69: =SUM(B69:D69) -> -15
A70: COMMISSION DE TRANSMISSION | C70: -30 | E70: =SUM(B70:D70) -> -30
A71: COMMISSION DEMANDE DE DEPASSEMENT | E71: =SUM(B71:D71) -> 0
A72: COMMISSION D'ENVOI A L'ENCAISSEME | C72: -160 | E72: =SUM(B72:D72) -> -160
A73: COMMISSION D'ETUDE | C73: -40 | E73: =SUM(B73:D73) -> -40
A74: COMMISSION D'OUVERTURE L/C IMPORT | E74: =SUM(B74:D74) -> 0
A75: COMMISSION REGLEMENT EFFET | C75: -66.045 | E75: =SUM(B75:D75) -> -66.045
A76: COMMISSION REGLEMENT EFFET FINA | E76: =SUM(B76:D76) -> 0
A77: COMMISSION SUR PRELEVEMENT | B77: -0.714 | C77: -2.856 | E77: =SUM(B77:D77) -> -3.57
A78: COMMISSION VIREMENT EMIS LOCAL | C78: -21.42 | E78: =SUM(B78:D78) -> -21.42
A79: COMMISSION VIREMENT EMIS ETRANGER | C79: -30 | E79: =SUM(B79:D79) -> -30 | G79: -50
A80: COMMISSION VIREMENT RECU EN DINARS | E80: =SUM(B80:D80) -> 0
A81: COMMISSION VIREMENT RECU EN DEVISE | C81: -40 | E81: =SUM(B81:D81) -> -40
A82: FRAIS AVAL | C82: -59.5 | E82: =SUM(B82:D82) -> -59.5
A83: FRAIS CAUTION DEFINITIVE | E83: =SUM(B83:D83) -> 0
A84: FRAIS TELECOMPENSATION | E84: =SUM(B84:D84) -> 0
A85: Frais/ML.CAUTIONS DOUANIERES | E85: =SUM(B85:D85) -> 0
A86: COM REJET VICE DE FORME | E86: =SUM(B86:D86) -> 0
A87: Remb. int. de retard impaye ECHE | C87: -332.054 | E87: =SUM(B87:D87) -> -332.054
A88: Remb. pen. de retard impaye ECHE | C88: -21.888 | E88: =SUM(B88:D88) -> -21.888
A89: FRAIS SBE | C89: -167.686 | E89: =SUM(B89:D89) -> -167.686
A90: SWIFT | C90: -40 | E90: =SUM(B90:D90) -> -40
A91: COM /VERS ESPECE | E91: =SUM(B91:D91) -> 0 | G91: -606.24
A92: COMMISSION DE MODIFICATION | E92: =SUM(B92:D92) -> 0
A93: TVA | C93: -88.35 | E93: =SUM(B93:D93) -> -88.35
A94: CHARGE PERSONNEL | B94: =SUM(B95:B101) -> 0 | C94: =SUM(C95:C101) -> -173619.34 | D94: =SUM(D95:D101) -> 0 | E94: =SUM(B94:D94) -> -173619.34 | G94: =SUM(G95:G101) -> 0 | I94: =SUM(I95:I101) -> 0
A95: AVANCE | E95: =SUM(B95:D95) -> 0
A96: CNSS | C96: -868.702 | E96: =SUM(B96:D96) -> -868.702
A97: DRIRA ABDERAOUF LABORATOIRE | E97: =SUM(B97:D97) -> 0
A98: GROUPEMENT DE MEDECINE DE TRA | E98: =SUM(B98:D98) -> 0
A99: PRÊT | E99: =SUM(B99:D99) -> 0
A100: RS SALAIRE | C100: -240.314 | E100: =SUM(B100:D100) -> -240.314
A101: SALAIRES | C101: -172510.33 | E101: =SUM(B101:D101) -> -172510.33
A102: SOCIETE DU GROUPE | B102: =SUM(B103:B110) -> 0 | C102: =SUM(C103:C110) -> 0 | D102: =SUM(D103:D110) -> 0 | E102: =SUM(B102:D102) -> 0 | G102: =SUM(G103:G110) -> 0 | I102: =SUM(I103:I110) -> 0
A103: DIVIDENDES | E103: =SUM(B103:D103) -> 0
A104: FONDERIE HNAYA | E104: =SUM(B104:D104) -> 0
A105: I T N | E105: =SUM(B105:D105) -> 0
A106: N B I | E106: =SUM(B106:D106) -> 0
A107: PHENICIA | E107: =SUM(B107:D107) -> 0
A108: STA NOUR | E108: =SUM(B108:D108) -> 0
A109: ACHAT ACTION TIP | E109: =SUM(B109:D109) -> 0
...

Sheet SNA 06-2019
B1: STB THAMEUR | C1: STB MEGRINE | D1: BTK | G1: MEG EURO | I1: MEG $
A2: SOLDE 31/05/2019 | B2: ='SNA 05-2019'!B398 -> 54549.181 | C2: ='SNA 05-2019'!C398 -> -2961184.3 | D2: ='SNA 05-2019'!D398 -> 833.198 | E2: =SUM(B2:D2) -> -2905801.9 | G2: ='SNA 05-2019'!G398 -> 130964.4 | I2: ='SNA 05-2019'!I398 -> 3588.64
A3: RECETTE | B3: =SUM(B4:B20) -> 27049.142 | C3: =SUM(C4:C20) -> 5908205.4 | D3: =SUM(D4:D20) -> 0 | E3: =SUM(B3:D3) -> 5935254.5 | G3: =SUM(G4:G20) -> 218822.42 | I3: =SUM(I4:I20) -> 0
A4: SND CHEQUE | C4: 1716000 | E4: =SUM(B4:D4) -> 1716000
A5: SND TRAITE | E5: =SUM(B5:D5) -> 0
A6: INTERET ESCOMPTE TRAITE | E6: =SUM(B6:D6) -> 0
A7: STA NOUR | C7: 3675308.5 | E7: =SUM(B7:D7) -> 3675308.5
A8: NBI | C8: 458347.2 | E8: =SUM(B8:D8) -> 458347.2
A9: TIP | C9: 34273.2 | E9: =SUM(B9:D9) -> 34273.2
A10: FONDERIE HNAYA | C10: 24276.51 | E10: =SUM(B10:D10) -> 24276.51
A11: BATTERIEDENIEST | E11: =SUM(B11:D11) -> 0
A12: ERRAFIK EL DAYEM | E12: =SUM(B12:D12) -> 0 | G12: 80000
A13: FADI COTE D'IVOIR | E13: =SUM(B13:D13) -> 0
A14: MED ENERGY | E14: =SUM(B14:D14) -> 0 | G14: 5000
A15: NOUR Allemagne | E15: =SUM(B15:D15) -> 0 | G15: 25000
A16: MARIBAT | E16: =SUM(B16:D16) -> 0 | G16: 93883.42
A17: SIMTEC MAURITANIE | E17: =SUM(B17:D17) -> 0
A18: SIA ITALY | E18: =SUM(B18:D18) -> 0 | G18: 14939
A19: VERSEMENT ESPECE | B19: 17445.142 | E19: =SUM(B19:D19) -> 17445.142
A20: VIREMENT RECU | B20: 9604 | E20: =SUM(B20:D20) -> 9604
A21: AUTRES RECETTE | B21: =SUM(B22:B30) -> 0 | C21: =SUM(C22:C30) -> 667000 | D21: =SUM(D22:D30) -> 0 | E21: =SUM(B21:D21) -> 667000 | G21: =SUM(G22:G30) -> -100000 | I21: =SUM(I22:I30) -> 0
A22: AUGMENTATION CAPITAL | E22: =SUM(B22:D22) -> 0
A23: DEBLOCAGE CMT | E23: =SUM(B23:D23) -> 0
A24: BLOCAGE | E24: =SUM(B24:D24) -> 0
A25: BILLET DE TRESORERIE | E25: =SUM(B25:D25) -> 0
A26: PLACEMENT | E26: =SUM(B26:D26) -> 0
A27: RESTITUTION TVA | E27: =SUM(B27:D27) -> 0
A28: VENTE EQUIPEMENT | E28: =SUM(B28:D28) -> 0
A29: VENTE DOLLARS | E29: =SUM(B29:D29) -> 0
A30: VENTE EURO | C30: 667000 | E30: =SUM(B30:D30) -> 667000 | G30: -100000
A31: ENGAGEMENT BANCAIRE | B31: =SUM(B32:B54) -> -890.345 | C31: =SUM(C32:C54) -> -140602.73 | D31: =SUM(D32:D54) -> 0 | E31: =SUM(B31:D31) -> -141493.08 | G31: =SUM(G32:G54) -> 0 | I31: =SUM(I32:I54) -> 0
A32: CMT 1000 | E32: =SUM(B32:D32) -> 0
A33: CMT 1000 1 | E33: =SUM(B33:D33) -> 0
A34: CMT 1150 | E34: =SUM(B34:D34) -> 0
A35: CMT 1250 | E35: =SUM(B35:D35) -> 0
A36: CMT 2418 | E36: =SUM(B36:D36) -> 0
A37: CMT 2500 | E37: =SUM(B37:D37) -> 0
A38: CMT 350 | E38: =SUM(B38:D38) -> 0
A39: CMT 500 | E39: =SUM(B39:D39) -> 0
A40: CMT BTK | E40: =SUM(B40:D40) -> 0
A41: CREDIT DE GESTION | E41: =SUM(B41:D41) -> 0
A42: INTERET CMT 1000 | E42: =SUM(B42:D42) -> 0
A43: INTERET CMT 1000 1 | E43: =SUM(B43:D43) -> 0
... A50: INTERET CMT BTK | E50: =SUM(B50:D50) -> 0
A51: INTERET CREDIT DE GESTION | C51: -132662.5 | E51: =SUM(B51:D51) -> -132662.5
A52: M C N E | E52: =SUM(B52:D52) -> 0
A53: RESERVATION DE FOND | E53: =SUM(B53:D53) -> 0
A54: LEASING | B54: -890.345 | C54: -7940.233 | E54: =SUM(B54:D54) -> -8830.578
A55: FRAIS BANQUE | B55: =SUM(B56:B93) -> -144.466 | C55: =SUM(C56:C93) -> -15246.422 | D55: =SUM(D56:D93) -> 0 | E55: =SUM(B55:D55) -> -15390.888 | G55: =SUM(G56:G93) -> -495 | I55: =SUM(I56:I93) -> 0
A56: AFFRANCHISSEMENT | C56: -7 | E56: =SUM(B56:D56) -> -7
A57: AGIOS DEBITEURS | E57: =SUM(B57:D57) -> 0
A58: COMMISSION SUR AVAL | E58: =SUM(B58:D58) -> 0
A59: COMMISSION SUR CHQ CERTIFIE | C59: -17.85 | E59: =SUM(B59:D59) -> -17.85
A60: COM / ESCOMPTE | E60: =SUM(B60:D60) -> 0
A61: COM / VERS CHQ | C61: -7.854 | E61: =SUM(B61:D61) -> -7.854
A62: COM ADM TEMPORAIRE | E62: =SUM(B62:D62) -> 0
A63: COM CAUTION DEFINITIVE | E63: =SUM(B63:D63) -> 0
A64: COM / AVAL EFFET | E64: =SUM(B64:D64) -> 0
A65: COM / CHQ IMPAYE | E65: =SUM(B65:D65) -> 0
A66: COM / VERS CHQ | E66: =SUM(B66:D66) -> 0
A67: COMMISSION D'ADHESION | B67: -142.8 | E67: =SUM(B67:D67) -> -142.8
A68: COMMISSION DE DOMICILIATION | C68: -90 | E68: =SUM(B68:D68) -> -90
A69: COMMISSION DE NOTIFICATION | E69: =SUM(B69:D69) -> 0
A70: COMMISSION DE TRANSMISSION | E70: =SUM(B70:D70) -> 0
A71: COMMISSION DEMANDE DE DEPASSEMENT | E71: =SUM(B71:D71) -> 0
A72: COMMISSION D'ENVOI A L'ENCAISSEME | C72: -80 | E72: =SUM(B72:D72) -> -80
A73: COMMISSION D'ETUDE | C73: -30 | E73: =SUM(B73:D73) -> -30
A74: COMMISSION D'OUVERTURE L/C IMPORT | C74: -4676.02 | E74: =SUM(B74:D74) -> -4676.02
A75: COMMISSION REGLEMENT EFFET | C75: -58.905 | E75: =SUM(B75:D75) -> -58.905
A76: COMMISSION REGLEMENT EFFET FINA | C76: -3.57 | E76: =SUM(B76:D76) -> -3.57
A77: COMMISSION SUR PRELEVEMENT | B77: -0.714 | C77: -2.142 | E77: =SUM(B77:D77) -> -2.856
A78: COMMISSION VIREMENT EMIS LOCAL | C78: -1.904 | E78: =SUM(B78:D78) -> -1.904
A79: COMMISSION VIREMENT EMIS ETRANGER | C79: -120 | E79: =SUM(B79:D79) -> -120 | G79: -175
A80: COMMISSION VIREMENT RECU EN DINARS | B80: -0.952 | E80: =SUM(B80:D80) -> -0.952
A81: COMMISSION VIREMENT RECU EN DEVISE | C81: -80 | E81: =SUM(B81:D81) -> -80
A82: FRAIS AVAL | E82: =SUM(B82:D82) -> 0
A83: FRAIS CAUTION DEFINITIVE | E83: =SUM(B83:D83) -> 0
A84: FRAIS TELECOMPENSATION | E84: =SUM(B84:D84) -> 0
A85: Frais/ML.CAUTIONS DOUANIERES | E85: =SUM(B85:D85) -> 0
A86: COM REJET VICE DE FORME | E86: =SUM(B86:D86) -> 0
A87: Remb. int. de retard impaye ECHE | C87: -7662.496 | E87: =SUM(B87:D87) -> -7662.496
A88: Remb. pen. de retard impaye ECHE | C88: -940.972 | E88: =SUM(B88:D88) -> -940.972
A89: FRAIS SBE | C89: -429.485 | E89: =SUM(B89:D89) -> -429.485
A90: SWIFT | C90: -62 | E90: =SUM(B90:D90) -> -62
A91: COM /VERS ESPECE | E91: =SUM(B91:D91) -> 0 | G91: -320
A92: COMMISSION DE MODIFICATION | E92: =SUM(B92:D92) -> 0
A93: TVA | C93: -976.224 | E93: =SUM(B93:D93) -> -976.224
A94: CHARGE PERSONNEL | B94: =SUM(B95:B101) -> 0 | C94: =SUM(C95:C101) -> -5273.128 | D94: =SUM(D95:D101) -> 0 | E94: =SUM(B94:D94) -> -5273.128 | G94: =SUM(G95:G101) -> 0 | I94: =SUM(I95:I101) -> 0
A95: AVANCE | E95: =SUM(B95:D95) -> 0
A96: CNSS | C96: -155.302 | E96: =SUM(B96:D96) -> -155.302
A97: DRIRA ABDERAOUF LABORATOIRE | C97: -4104.548 | E97: =SUM(B97:D97) -> -4104.548
A98: GROUPEMENT DE MEDECINE DE TRA | E98: =SUM(B98:D98) -> 0
A99: PRÊT | E99: =SUM(B99:D99) -> 0
A100: RS SALAIRE | E100: =SUM(B100:D100) -> 0
A101: SALAIRES | C101: -1013.278 | E101: =SUM(B101:D101) -> -1013.278
A102: SOCIETE DU GROUPE | B102: =SUM(B103:B110) -> -20000 | C102: =SUM(C103:C110) -> -4309501.1 | D102: =SUM(D103:D110) -> 0 | E102: =SUM(B102:D102) -> -4329501.1 | G102: =SUM(G103:G110) -> 0 | I102: =SUM(I103:I110) -> 0
A103: DIVIDENDES | C103: -2617525.5 | E103: =SUM(B103:D103) -> -2617525.5
A104: FONDERIE HNAYA | C104: -340000 | E104: =SUM(B104:D104) -> -340000
A105: I T N | C105: -277125.6 | E105: =SUM(B105:D105) -> -277125.6
A106: N B I | B106: -20000 | C106: -482650 | E106: =SUM(B106:D106) -> -502650
...

Sheet SNA 07-2019
B1: STB THAMEUR | C1: STB MEGRINE | D1: BTK | G1: MEG EURO | I1: MEG $
A2: SOLDE 30/06/2019 | B2: ='SNA 06-2019'!B398 -> 1150.701 | C2: ='SNA 06-2019'!C398 -> -2622929.3 | D2: ='SNA 06-2019'!D398 -> 833.198 | E2: =SUM(B2:D2) -> -2620945.4 | G2: ='SNA 06-2019'!G398 -> 23365.44 | I2: ='SNA 06-2019'!I398 -> 1325.77
A3: RECETTE | B3: =SUM(B4:B20) -> 0 | C3: =SUM(C4:C20) -> 1640920.2 | D3: =SUM(D4:D20) -> 0 | E3: =SUM(B3:D3) -> 1640920.2 | G3: =SUM(G4:G20) -> 207591.25 | I3: =SUM(I4:I20) -> 0
A4: SND CHEQUE | C4: 1640000 | E4: =SUM(B4:D4) -> 1640000
A5: SND TRAITE | E5: =SUM(B5:D5) -> 0
A6: INTERET ESCOMPTE TRAITE | E6: =SUM(B6:D6) -> 0
A7: STA NOUR | E7: =SUM(B7:D7) -> 0
A8: NBI | E8: =SUM(B8:D8) -> 0
A9: TIP | E9: =SUM(B9:D9) -> 0
A10: FONDERIE HNAYA | E10: =SUM(B10:D10) -> 0
A11: BATTERIEDENIEST | E11: =SUM(B11:D11) -> 0
A12: ERRAFIK EL DAYEM | E12: =SUM(B12:D12) -> 0 | G12: 122091.25
A13: FADI COTE D'IVOIR | E13: =SUM(B13:D13) -> 0
A14: MED ENERGY | E14: =SUM(B14:D14) -> 0 | G14: 6500
A15: NOUR Allemagne | E15: =SUM(B15:D15) -> 0 | G15: 34000
A16: MARIBAT | E16: =SUM(B16:D16) -> 0
A17: SIMTEC MAURITANIE | E17: =SUM(B17:D17) -> 0
A18: SIA ITALY | E18: =SUM(B18:D18) -> 0 | G18: 45000
A19: VERSEMENT ESPECE | C19: 920.171 | E19: =SUM(B19:D19) -> 920.171
A20: VIREMENT RECU | E20: =SUM(B20:D20) -> 0
A21: AUTRES RECETTE | B21: =SUM(B22:B30) -> 0 | C21: =SUM(C22:C30) -> 323000 | D21: =SUM(D22:D30) -> 0 | E21: =SUM(B21:D21) -> 323000 | G21: =SUM(G22:G30) -> 0 | I21: =SUM(I22:I30) -> 0
A22: AUGMENTATION CAPITAL | E22: =SUM(B22:D22) -> 0
A23: DEBLOCAGE CMT | E23: =SUM(B23:D23) -> 0
A24: BLOCAGE | E24: =SUM(B24:D24) -> 0
A25: BILLET DE TRESORERIE | E25: =SUM(B25:D25) -> 0
A26: PLACEMENT | E26: =SUM(B26:D26) -> 0
A27: RESTITUTION TVA | E27: =SUM(B27:D27) -> 0
A28: VENTE EQUIPEMENT | E28: =SUM(B28:D28) -> 0
A29: VENTE DOLLARS | E29: =SUM(B29:D29) -> 0
A30: VENTE EURO | C30: 323000 | E30: =SUM(B30:D30) -> 323000
A31: ENGAGEMENT BANCAIRE | B31: =SUM(B32:B54) -> 0 | C31: =SUM(C32:C54) -> -164284.04 | D31: =SUM(D32:D54) -> 0 | E31: =SUM(B31:D31) -> -164284.04 | G31: =SUM(G32:G54) -> 0 | I31: =SUM(I32:I54) -> 0
A32: CMT 1000 | E32: =SUM(B32:D32) -> 0
A33: CMT 1000 1 | E33: =SUM(B33:D33) -> 0
A34: CMT 1150 | E34: =SUM(B34:D34) -> 0
A35: CMT 1250 | E35: =SUM(B35:D35) -> 0
A36: CMT 2418 | E36: =SUM(B36:D36) -> 0
A37: CMT 2500 | E37: =SUM(B37:D37) -> 0
A38: CMT 350 | E38: =SUM(B38:D38) -> 0
A39: CMT 500 | E39: =SUM(B39:D39) -> 0
A40: CMT BTK | E40: =SUM(B40:D40) -> 0
A41: CREDIT DE GESTION | E41: =SUM(B41:D41) -> 0
A42: INTERET CMT 1000 | C42: -17042.278 | E42: =SUM(B42:D42) -> -17042.278
A43: INTERET CMT 1000 1 | E43: =SUM(B43:D43) -> 0
A44: INTERET CMT 1150 | C44: -19598.619 | E44: =SUM(B44:D44) -> -19598.619
A45: INTERET CMT 1250 | C45: -32231.944 | E45: =SUM(B45:D45) -> -32231.944
A46: INTERET CMT 2418 | E46: =SUM(B46:D46) -> 0
A47: INTERET CMT 2500 | C47: -64463.889 | E47: =SUM(B47:D47) -> -64463.889
A48: INTERET CMT 350 | C48: -5964.797 | E48: =SUM(B48:D48) -> -5964.797
A49: INTERET CMT 500 | C49: -17042.278 | E49: =SUM(B49:D49) -> -17042.278
A50: INTERET CMT BTK | E50: =SUM(B50:D50) -> 0
A51: INTERET CREDIT DE GESTION | E51: =SUM(B51:D51) -> 0
A52: M C N E | E52: =SUM(B52:D52) -> 0
A53: RESERVATION DE FOND | E53: =SUM(B53:D53) -> 0
A54: LEASING | C54: -7940.233 | E54: =SUM(B54:D54) -> -7940.233
A55: FRAIS BANQUE | B55: =SUM(B56:B93) -> -35.7 | C55: =SUM(C56:C93) -> -106603.36 | D55: =SUM(D56:D93) -> 0 | E55: =SUM(B55:D55) -> -106639.06 | G55: =SUM(G56:G93) -> -50 | I55: =SUM(I56:I93) -> 0
A56: AFFRANCHISSEMENT | C56: -2 | E56: =SUM(B56:D56) -> -2
A57: AGIOS DEBITEURS | B57: -29.75 | C57: -101496.15 | E57: =SUM(B57:D57) -> -101525.9
A58: COMMISSION SUR AVAL | E58: =SUM(B58:D58) -> 0
A59: COMMISSION SUR CHQ CERTIFIE | C59: -11.9 | E59: =SUM(B59:D59) -> -11.9
A60: COM / ESCOMPTE | E60: =SUM(B60:D60) -> 0
A61: COM / VERS CHQ | C61: -11.735 | E61: =SUM(B61:D61) -> -11.735
A62: COM ADM TEMPORAIRE | C62: -740.046 | E62: =SUM(B62:D62) -> -740.046
A63: COM CAUTION DEFINITIVE | C63: -88.26 | E63: =SUM(B63:D63) -> -88.26
A64: COM / AVAL EFFET | C64: -808.785 | E64: =SUM(B64:D64) -> -808.785
A65: COM / CHQ IMPAYE | C65: -3.57 | E65: =SUM(B65:D65) -> -3.57
A66: COM / VERS CHQ | E66: =SUM(B66:D66) -> 0
A67: COMMISSION D'ADHESION | E67: =SUM(B67:D67) -> 0
A68: COMMISSION DE DOMICILIATION | C68: -94.5 | E68: =SUM(B68:D68) -> -94.5
A69: COMMISSION DE NOTIFICATION | E69: =SUM(B69:D69) -> 0
A70: COMMISSION DE TRANSMISSION | E70: =SUM(B70:D70) -> 0
A71: COMMISSION DEMANDE DE DEPASSEMENT | C71: -476 | E71: =SUM(B71:D71) -> -476
A72: COMMISSION D'ENVOI A L'ENCAISSEME | E72: =SUM(B72:D72) -> 0
A73: COMMISSION D'ETUDE | E73: =SUM(B73:D73) -> 0
A74: COMMISSION D'OUVERTURE L/C IMPORT | E74: =SUM(B74:D74) -> 0
A75: COMMISSION REGLEMENT EFFET | C75: -53.55 | E75: =SUM(B75:D75) -> -53.55
A76: COMMISSION REGLEMENT EFFET FINA | C76: -11.305 | E76: =SUM(B76:D76) -> -11.305
A77: COMMISSION SUR PRELEVEMENT | C77: -3.57 | E77: =SUM(B77:D77) -> -3.57
A78: COMMISSION VIREMENT EMIS LOCAL | C78: =-14.28-1.904 -> -16.184 | E78: =SUM(B78:D78) -> -16.184
A79: COMMISSION VIREMENT EMIS ETRANGER | C79: -120 | E79: =SUM(B79:D79) -> -120 | G79: -50
A80: COMMISSION VIREMENT RECU EN DINARS | C80: -7.616 | E80: =SUM(B80:D80) -> -7.616
A81: COMMISSION VIREMENT RECU EN DEVISE | C81: -160 | E81: =SUM(B81:D81) -> -160
A82: FRAIS AVAL | E82: =SUM(B82:D82) -> 0
A83: FRAIS CAUTION DEFINITIVE | E83: =SUM(B83:D83) -> 0
A84: FRAIS TELECOMPENSATION | C84: -0.76 | E84: =SUM(B84:D84) -> -0.76
A85: Frais/ML.CAUTIONS DOUANIERES | E85: =SUM(B85:D85) -> 0
A86: COM REJET VICE DE FORME | B86: -5.95 | E86: =SUM(B86:D86) -> -5.95
A87: Remb. int. de retard impaye ECHE | C87: -196.82 | E87: =SUM(B87:D87) -> -196.82
A88: Remb. pen. de retard impaye ECHE | C88: -13.148 | E88: =SUM(B88:D88) -> -13.148
A89: FRAIS SBE | C89: -2178.23 | E89: =SUM(B89:D89) -> -2178.23
A90: SWIFT | C90: -32 | E90: =SUM(B90:D90) -> -32
A91: COM /VERS ESPECE | E91: =SUM(B91:D91) -> 0
A92: COMMISSION DE MODIFICATION | E92: =SUM(B92:D92) -> 0
A93: TVA | C93: -77.235 | E93: =SUM(B93:D93) -> -77.235
A94: CHARGE PERSONNEL | B94: =SUM(B95:B101) -> -313 | C94: =SUM(C95:C101) -> -421568.56 | D94: =SUM(D95:D101) -> 0 | E94: =SUM(B94:D94) -> -421881.56 | G94: =SUM(G95:G101) -> 0 | I94: =SUM(I95:I101) -> 0
A95: AVANCE | E95: =SUM(B95:D95) -> 0
A96: CNSS | C96: -129326.37 | E96: =SUM(B96:D96) -> -129326.37
A97: DRIRA ABDERAOUF LABORATOIRE | B97: -313 | C97: -470 | E97: =SUM(B97:D97) -> -783
A98: GROUPEMENT DE MEDECINE DE TRA | E98: =SUM(B98:D98) -> 0
A99: PRÊT | C99: 50 | E99: =SUM(B99:D99) -> 50
A100: RS SALAIRE | E100: =SUM(B100:D100) -> 0
...

Sheet SNA 08-2019
B1: STB THAMEUR | C1: STB MEGRINE | D1: BTK | G1: MEG EURO | I1: MEG $
A2: SOLDE 31/07/2019 | B2: ='SNA 07-2019'!B398 -> 802.001 | C2: ='SNA 07-2019'!C398 -> -3625139.8 | D2: ='SNA 07-2019'!D398 -> 833.198 | E2: =SUM(B2:D2) -> -3623504.6 | G2: ='SNA 07-2019'!G398 -> 162774.56 | I2: ='SNA 07-2019'!I398 -> 3699.41
A3: RECETTE | B3: =SUM(B4:B20) -> 0 | C3: =SUM(C4:C20) -> 1814000 | D3: =SUM(D4:D20) -> 0 | E3: =SUM(B3:D3) -> 1814000 | G3: =SUM(G4:G20) -> 83328.73 | I3: =SUM(I4:I20) -> 0
A4: SND CHEQUE | C4: 1814000 | E4: =SUM(B4:D4) -> 1814000
A5: SND TRAITE | E5: =SUM(B5:D5) -> 0
A6: INTERET ESCOMPTE TRAITE | E6: =SUM(B6:D6) -> 0
A7: STA NOUR | E7: =SUM(B7:D7) -> 0
A8: NBI | E8: =SUM(B8:D8) -> 0
A9: TIP | E9: =SUM(B9:D9) -> 0
A10: FONDERIE HNAYA | E10: =SUM(B10:D10) -> 0
A11: BATTERIEDENIEST | E11: =SUM(B11:D11) -> 0
A12: ERRAFIK EL DAYEM | E12: =SUM(B12:D12) -> 0
A13: FADI COTE D'IVOIR | E13: =SUM(B13:D13) -> 0 | G13: 12780.53
A14: MED ENERGY | E14: =SUM(B14:D14) -> 0
A15: NOUR Allemagne | E15: =SUM(B15:D15) -> 0 | G15: 16764.99
A16: MARIBAT | E16: =SUM(B16:D16) -> 0
A17: SIMTEC MAURITANIE | E17: =SUM(B17:D17) -> 0
A18: SIA ITALY | E18: =SUM(B18:D18) -> 0 | G18: 53783.21
A19: VERSEMENT ESPECE | E19: =SUM(B19:D19) -> 0
A20: VIREMENT RECU | E20: =SUM(B20:D20) -> 0
A21: AUTRES RECETTE | B21: =SUM(B22:B30) -> 0 | C21: =SUM(C22:C30) -> 318000 | D21: =SUM(D22:D30) -> 0 | E21: =SUM(B21:D21) -> 318000 | G21: =SUM(G22:G30) -> -100000 | I21: =SUM(I22:I30) -> 0
A22: AUGMENTATION CAPITAL | E22: =SUM(B22:D22) -> 0
A23: DEBLOCAGE CMT | E23: =SUM(B23:D23) -> 0
A24: BLOCAGE | E24: =SUM(B24:D24) -> 0
A25: BILLET DE TRESORERIE | E25: =SUM(B25:D25) -> 0
A26: PLACEMENT | E26: =SUM(B26:D26) -> 0
A27: RESTITUTION TVA | E27: =SUM(B27:D27) -> 0
A28: VENTE EQUIPEMENT | E28: =SUM(B28:D28) -> 0
A29: VENTE DOLLARS | E29: =SUM(B29:D29) -> 0
A30: VENTE EURO | C30: 318000 | E30: =SUM(B30:D30) -> 318000 | G30: -100000
A31: ENGAGEMENT BANCAIRE | B31: =SUM(B32:B54) -> 0 | C31: =SUM(C32:C54) -> -7940.233 | D31: =SUM(D32:D54) -> 0 | E31: =SUM(B31:D31) -> -7940.233 | G31: =SUM(G32:G54) -> 0 | I31: =SUM(I32:I54) -> 0
A32: CMT 1000 | E32: =SUM(B32:D32) -> 0
A33: CMT 1000 1 | E33: =SUM(B33:D33) -> 0
A34: CMT 1150 | E34: =SUM(B34:D34) -> 0
A35: CMT 1250 | E35: =SUM(B35:D35) -> 0
A36: CMT 2418 | E36: =SUM(B36:D36) -> 0
A37: CMT 2500 | E37: =SUM(B37:D37) -> 0
A38: CMT 350 | E38: =SUM(B38:D38) -> 0
A39: CMT 500 | E39: =SUM(B39:D39) -> 0
A40: CMT BTK | E40: =SUM(B40:D40) -> 0
A41: CREDIT DE GESTION | E41: =SUM(B41:D41) -> 0
A42: INTERET CMT 1000 | E42: =SUM(B42:D42) -> 0
A43: INTERET CMT 1000 1 | E43: =SUM(B43:D43) -> 0
... A53: RESERVATION DE FOND | E53: =SUM(B53:D53) -> 0
A54: LEASING | C54: -7940.233 | E54: =SUM(B54:D54) -> -7940.233
A55: FRAIS BANQUE | B55: =SUM(B56:B93) -> 0 | C55: =SUM(C56:C93) -> -4241.657 | D55: =SUM(D56:D93) -> 0 | E55: =SUM(B55:D55) -> -4241.657 | G55: =SUM(G56:G93) -> -100 | I55: =SUM(I56:I93) -> 0
A56: AFFRANCHISSEMENT | C56: -0.5 | E56: =SUM(B56:D56) -> -0.5
A57: AGIOS DEBITEURS | E57: =SUM(B57:D57) -> 0
A58: COMMISSION SUR AVAL | E58: =SUM(B58:D58) -> 0
A59: COMMISSION SUR CHQ CERTIFIE | C59: -35.7 | E59: =SUM(B59:D59) -> -35.7
A60: COM / ESCOMPTE | E60: =SUM(B60:D60) -> 0
A61: COM / VERS CHQ | C61: -10.664 | E61: =SUM(B61:D61) -> -10.664
A62: COM ADM TEMPORAIRE | E62: =SUM(B62:D62) -> 0
A63: COM CAUTION DEFINITIVE | E63: =SUM(B63:D63) -> 0
A64: COM / AVAL EFFET | E64: =SUM(B64:D64) -> 0
A65: COM / CHQ IMPAYE | E65: =SUM(B65:D65) -> 0
A66: COM / VERS CHQ | E66: =SUM(B66:D66) -> 0
A67: COMMISSION D'ADHESION | E67: =SUM(B67:D67) -> 0
A68: COMMISSION DE DOMICILIATION | C68: -110 | E68: =SUM(B68:D68) -> -110
A69: COMMISSION DE NOTIFICATION | C69: -15 | E69: =SUM(B69:D69) -> -15
A70: COMMISSION DE TRANSMISSION | C70: -30 | E70: =SUM(B70:D70) -> -30
A71: COMMISSION DEMANDE DE DEPASSEMENT | E71: =SUM(B71:D71) -> 0
A72: COMMISSION D'ENVOI A L'ENCAISSEME | E72: =SUM(B72:D72) -> 0
A73: COMMISSION D'ETUDE | C73: -10 | E73: =SUM(B73:D73) -> -10
A74: COMMISSION D'OUVERTURE L/C IMPORT | E74: =SUM(B74:D74) -> 0
A75: COMMISSION REGLEMENT EFFET | C75: -51.765 | E75: =SUM(B75:D75) -> -51.765
A76: COMMISSION REGLEMENT EFFET FINA | E76: =SUM(B76:D76) -> 0
A77: COMMISSION SUR PRELEVEMENT | C77: -2.856 | E77: =SUM(B77:D77) -> -2.856
A78: COMMISSION VIREMENT EMIS LOCAL | C78: -14.28 | E78: =SUM(B78:D78) -> -14.28
A79: COMMISSION VIREMENT EMIS ETRANGER | C79: -30 | E79: =SUM(B79:D79) -> -30 | G79: -100
A80: COMMISSION VIREMENT RECU EN DINARS | E80: =SUM(B80:D80) -> 0
A81: COMMISSION VIREMENT RECU EN DEVISE | C81: -120 | E81: =SUM(B81:D81) -> -120
A82: FRAIS AVAL | E82: =SUM(B82:D82) -> 0
A83: FRAIS CAUTION DEFINITIVE | E83: =SUM(B83:D83) -> 0
A84: FRAIS TELECOMPENSATION | C84: -0.76 | E84: =SUM(B84:D84) -> -0.76
A85: Frais/ML.CAUTIONS DOUANIERES | E85: =SUM(B85:D85) -> 0
A86: COM REJET VICE DE FORME | E86: =SUM(B86:D86) -> 0
A87: Remb. int. de retard impaye ECHE | C87: -7.962 | E87: =SUM(B87:D87) -> -7.962
A88: Remb. pen. de retard impaye ECHE | C88: -0.547 | E88: =SUM(B88:D88) -> -0.547
A89: FRAIS SBE | E89: =SUM(B89:D89) -> 0
A90: SWIFT | C90: -27 | E90: =SUM(B90:D90) -> -27
A91: COM /VERS ESPECE | E91: =SUM(B91:D91) -> 0
A92: COMMISSION DE MODIFICATION | C92: -3117.347 | E92: =SUM(B92:D92) -> -3117.347
A93: TVA | C93: -657.276 | E93: =SUM(B93:D93) -> -657.276
A94: CHARGE PERSONNEL | B94: =SUM(B95:B101) -> 0 | C94: =SUM(C95:C101) -> -194898.7 | D94: =SUM(D95:D101) -> 0 | E94: =SUM(B94:D94) -> -194898.7 | G94: =SUM(G95:G101) -> 0 | I94: =SUM(I95:I101) -> 0
A95: AVANCE | E95: =SUM(B95:D95) -> 0
A96: CNSS | C96: -155.302 | E96: =SUM(B96:D96) -> -155.302
A97: DRIRA ABDERAOUF LABORATOIRE | B97: 0 | E97: =SUM(B97:D97) -> 0
A98: GROUPEMENT DE MEDECINE DE TRA | E98: =SUM(B98:D98) -> 0
A99: PRÊT | C99: =-30450-600 -> -31050 | E99: =SUM(B99:D99) -> -31050
A100: RS SALAIRE | C100: -3746.992 | E100: =SUM(B100:D100) -> -3746.992
A101: SALAIRES | C101: -159946.4 | E101: =SUM(B101:D101) -> -159946.4
A102: SOCIETE DU GROUPE | B102: =SUM(B103:B110) -> 0 | C102: =SUM(C103:C110) -> -129425.65 | D102: =SUM(D103:D110) -> 0 | E102: =SUM(B102:D102) -> -129425.65 | G102: =SUM(G103:G110) -> 0 | I102: =SUM(I103:I110) -> 0
A103: DIVIDENDES | E103: =SUM(B103:D103) -> 0
A104: FONDERIE HNAYA | C104: -49250 | E104: =SUM(B104:D104) -> -49250
A105: I T N | E105: =SUM(B105:D105) -> 0
A106: N B I | E106: =SUM(B106:D106) -> 0
A107: PHENICIA | E107: =SUM(B107:D107) -> 0
A108: STA NOUR | E108: =SUM(B108:D108) -> 0
A109: ACHAT ACTION TIP | E109: =SUM(B109:D109) -> 0
...

Sheet SNA 09-2019
B1: STB THAMEUR | C1: STB MEGRINE | D1: BTK | G1: MEG EURO | I1: MEG $
A2: SOLDE 31/08/2019 | B2: ='SNA 08-2019'!B398 -> 802.001 | C2: ='SNA 08-2019'!C398 -> -3318955.4 | D2: ='SNA 08-2019'!D398 -> 833.198 | E2: =SUM(B2:D2) -> -3317320.2 | G2: ='SNA 08-2019'!G398 -> 26481.9 | I2: ='SNA 08-2019'!I398 -> 3699.41
A3: RECETTE | B3: =SUM(B4:B20) -> 0 | C3: =SUM(C4:C20) -> 2647000 | D3: =SUM(D4:D20) -> 0 | E3: =SUM(B3:D3) -> 2647000 | G3: =SUM(G4:G20) -> 237480.82 | I3: =SUM(I4:I20) -> 0
A4: SND CHEQUE | C4: 2647000 | E4: =SUM(B4:D4) -> 2647000
A5: SND TRAITE | E5: =SUM(B5:D5) -> 0
A6: INTERET ESCOMPTE TRAITE | E6: =SUM(B6:D6) -> 0
A7: STA NOUR | E7: =SUM(B7:D7) -> 0
A8: NBI | E8: =SUM(B8:D8) -> 0
A9: TIP | E9: =SUM(B9:D9) -> 0
A10: FONDERIE HNAYA | E10: =SUM(B10:D10) -> 0
A11: BATTERIEDENIEST | E11: =SUM(B11:D11) -> 0
A12: ERRAFIK EL DAYEM | E12: =SUM(B12:D12) -> 0 | G12: 88000
A13: FADI COTE D'IVOIR | E13: =SUM(B13:D13) -> 0
A14: MED ENERGY | E14: =SUM(B14:D14) -> 0
A15: NOUR Allemagne | E15: =SUM(B15:D15) -> 0 | G15: 39000
A16: MARIBAT | E16: =SUM(B16:D16) -> 0 | G16: 85480.82
A17: SIMTEC MAURITANIE | E17: =SUM(B17:D17) -> 0
A18: SIA ITALY | E18: =SUM(B18:D18) -> 0 | G18: 25000
A19: VERSEMENT ESPECE | E19: =SUM(B19:D19) -> 0
A20: VIREMENT RECU | E20: =SUM(B20:D20) -> 0
A21: AUTRES RECETTE | B21: =SUM(B22:B30) -> 0 | C21: =SUM(C22:C30) -> -5036.603 | D21: =SUM(D22:D30) -> 0 | E21: =SUM(B21:D21) -> -5036.603 | G21: =SUM(G22:G31) -> 0 | I21: =SUM(I22:I30) -> 0
A22: AUGMENTATION CAPITAL | E22: =SUM(B22:D22) -> 0
A23: DEBLOCAGE CMT | E23: =SUM(B23:D23) -> 0
A24: BLOCAGE | C24: -5036.603 | E24: =SUM(B24:D24) -> -5036.603
A25: BILLET DE TRESORERIE | E25: =SUM(B25:D25) -> 0
A26: PLACEMENT | E26: =SUM(B26:D26) -> 0
A27: RESTITUTION TVA | E27: =SUM(B27:D27) -> 0
A28: VENTE EQUIPEMENT | E28: =SUM(B28:D28) -> 0
A29: VENTE DOLLARS | E29: =SUM(B29:D29) -> 0
A30: VENTE EURO | E30: =SUM(B30:D30) -> 0
A31: ENGAGEMENT BANCAIRE | B31: =SUM(B32:B54) -> 0 | C31: =SUM(C32:C54) -> -496798.15 | D31: =SUM(D32:D54) -> 0 | E31: =SUM(B31:D31) -> -496798.15 | G31: =SUM(G32:G54) -> 0 | I31: =SUM(I32:I54) -> 0
A32: CMT 1000 | C32: -83333.333 | E32: =SUM(B32:D32) -> -83333.333
A33: CMT 1000 1 | E33: =SUM(B33:D33) -> 0
A34: CMT 1150 | C34: -95833.333 | E34: =SUM(B34:D34) -> -95833.333
A35: CMT 1250 | E35: =SUM(B35:D35) -> 0
A36: CMT 2418 | E36: =SUM(B36:D36) -> 0
A37: CMT 2500 | E37: =SUM(B37:D37) -> 0
A38: CMT 350 | C38: -29166.667 | E38: =SUM(B38:D38) -> -29166.667
A39: CMT 500 | C39: -83333.334 | E39: =SUM(B39:D39) -> -83333.334
A40: CMT BTK | E40: =SUM(B40:D40) -> 0
A41: CREDIT DE GESTION | E41: =SUM(B41:D41) -> 0
A42: INTERET CMT 1000 | C42: -17173.333 | E42: =SUM(B42:D42) -> -17173.333
A43: INTERET CMT 1000 1 | E43: =SUM(B43:D43) -> 0
A44: INTERET CMT 1150 | C44: -19749.333 | E44: =SUM(B44:D44) -> -19749.333
A45: INTERET CMT 1250 | E45: =SUM(B45:D45) -> 0
A46: INTERET CMT 2418 | E46: =SUM(B46:D46) -> 0
A47: INTERET CMT 2500 | E47: =SUM(B47:D47) -> 0
A48: INTERET CMT 350 | C48: -6010.667 | E48: =SUM(B48:D48) -> -6010.667
A49: INTERET CMT 500 | C49: -17173.334 | E49: =SUM(B49:D49) -> -17173.334
A50: INTERET CMT BTK | E50: =SUM(B50:D50) -> 0
A51: INTERET CREDIT DE GESTION | C51: -137084.58 | E51: =SUM(B51:D51) -> -137084.58
A52: M C N E | E52: =SUM(B52:D52) -> 0
A53: RESERVATION DE FOND | E53: =SUM(B53:D53) -> 0
A54: LEASING | C54: -7940.233 | E54: =SUM(B54:D54) -> -7940.233
A55: FRAIS BANQUE | B55: =SUM(B56:B93) -> 0 | C55: =SUM(C56:C93) -> -2892.927 | D55: =SUM(D56:D93) -> 0 | E55: =SUM(B55:D55) -> -2892.927 | G55: =SUM(G56:G93) -> -452 | I55: =SUM(I56:I93) -> 0
A56: AFFRANCHISSEMENT | C56: -9.5 | E56: =SUM(B56:D56) -> -9.5
A57: AGIOS DEBITEURS | E57: =SUM(B57:D57) -> 0
A58: COMMISSION SUR AVAL | E58: =SUM(B58:D58) -> 0
A59: COMMISSION SUR CHQ CERTIFIE | C59: -47.6 | E59: =SUM(B59:D59) -> -47.6
A60: COM / ESCOMPTE | E60: =SUM(B60:D60) -> 0
A61: COM / VERS CHQ | E61: =SUM(B61:D61) -> 0
A62: COM ADM TEMPORAIRE | C62: -740.046 | E62: =SUM(B62:D62) -> -740.046
A63: COM CAUTION DEFINITIVE | C63: -88.26 | E63: =SUM(B63:D63) -> -88.26
A64: COM / AVAL EFFET | E64: =SUM(B64:D64) -> 0
A65: COM / CHQ IMPAYE | E65: =SUM(B65:D65) -> 0
A66: COM / VERS CHQ | C66: -14.09 | E66: =SUM(B66:D66) -> -14.09
A67: COMMISSION D'ADHESION | E67: =SUM(B67:D67) -> 0
A68: COMMISSION DE DOMICILIATION | C68: -140 | E68: =SUM(B68:D68) -> -140
A69: COMMISSION DE NOTIFICATION | E69: =SUM(B69:D69) -> 0
A70: COMMISSION DE TRANSMISSION | E70: =SUM(B70:D70) -> 0
A71: COMMISSION DEMANDE DE DEPASSEMENT | C71: -595 | E71: =SUM(B71:D71) -> -595
A72: COMMISSION D'ENVOI A L'ENCAISSEME | C72: -120 | E72: =SUM(B72:D72) -> -120
A73: COMMISSION D'ETUDE | C73: -30 | E73: =SUM(B73:D73) -> -30
A74: COMMISSION D'OUVERTURE L/C IMPORT | E74: =SUM(B74:D74) -> 0
A75: COMMISSION REGLEMENT EFFET | C75: -83.895 | E75: =SUM(B75:D75) -> -83.895
A76: COMMISSION REGLEMENT EFFET FINA | E76: =SUM(B76:D76) -> 0
A77: COMMISSION SUR PRELEVEMENT | C77: -2.142 | E77: =SUM(B77:D77) -> -2.142
A78: COMMISSION VIREMENT EMIS LOCAL | C78: -8.092 | E78: =SUM(B78:D78) -> -8.092
A79: COMMISSION VIREMENT EMIS ETRANGER | C79: -120 | E79: =SUM(B79:D79) -> -120 | G79: -100
A80: COMMISSION VIREMENT RECU EN DINARS | E80: =SUM(B80:D80) -> 0
A81: COMMISSION VIREMENT RECU EN DEVISE | C81: -160 | E81: =SUM(B81:D81) -> -160
A82: FRAIS AVAL | E82: =SUM(B82:D82) -> 0
A83: FRAIS CAUTION DEFINITIVE | E83: =SUM(B83:D83) -> 0
A84: FRAIS TELECOMPENSATION | C84: -0.19 | E84: =SUM(B84:D84) -> -0.19
A85: Frais/ML.CAUTIONS DOUANIERES | E85: =SUM(B85:D85) -> 0
A86: COM REJET VICE DE FORME | E86: =SUM(B86:D86) -> 0
A87: Remb. int. de retard impaye ECHE | E87: =SUM(B87:D87) -> 0
A88: Remb. pen. de retard impaye ECHE | E88: =SUM(B88:D88) -> 0
A89: FRAIS SBE | C89: -559.172 | E89: =SUM(B89:D89) -> -559.172
A90: SWIFT | C90: -56 | E90: =SUM(B90:D90) -> -56
A91: COM /VERS ESPECE | E91: =SUM(B91:D91) -> 0 | G91: -352
A92: COMMISSION DE MODIFICATION | E92: =SUM(B92:D92) -> 0
A93: TVA | C93: -118.94 | E93: =SUM(B93:D93) -> -118.94
A94: CHARGE PERSONNEL | B94: =SUM(B95:B101) -> 0 | C94: =SUM(C95:C101) -> -140647.5 | D94: =SUM(D95:D101) -> 0 | E94: =SUM(B94:D94) -> -140647.5 | G94: =SUM(G95:G101) -> 0 | I94: =SUM(I95:I101) -> 0
A95: AVANCE | E95: =SUM(B95:D95) -> 0
A96: CNSS | E96: =SUM(B96:D96) -> 0
A97: DRIRA ABDERAOUF LABORATOIRE | E97: =SUM(B97:D97) -> 0
A98: GROUPEMENT DE MEDECINE DE TRA | E98: =SUM(B98:D98) -> 0
A99: PRÊT | E99: =SUM(B99:D99) -> 0
A100: RS SALAIRE | E100: =SUM(B100:D100) -> 0
...

Sheet SNA 10-2019
B1: STB THAMEUR | C1: STB MEGRINE | D1: BTK | G1: MEG EURO | I1: MEG $
A2: SOLDE 30/09/2019 | B2: ='SNA 09-2019'!B398 -> 802.001 | C2: ='SNA 09-2019'!C398 -> -3545977.7 | D2: ='SNA 09-2019'!D398 -> 833.198 | E2: =SUM(B2:D2) -> -3544342.5 | G2: ='SNA 09-2019'!G398 -> 101434.67 | I2: ='SNA 09-2019'!I398 -> 3699.41
A3: RECETTE | B3: =SUM(B4:B20) -> 12000 | C3: =SUM(C4:C20) -> 2575085 | D3: =SUM(D4:D20) -> 0 | E3: =SUM(B3:D3) -> 2587085 | G3: =SUM(G4:G20) -> 503225.19 | I3: =SUM(I4:I20) -> 0
A4: SND CHEQUE | B4: 12000 | C4: 2575085 | E4: =SUM(B4:D4) -> 2587085
A5: SND TRAITE | E5: =SUM(B5:D5) -> 0
A6: INTERET ESCOMPTE TRAITE | E6: =SUM(B6:D6) -> 0
A7: STA NOUR | E7: =SUM(B7:D7) -> 0
A8: NBI | E8: =SUM(B8:D8) -> 0
A9: TIP | E9: =SUM(B9:D9) -> 0
A10: FONDERIE HNAYA | E10: =SUM(B10:D10) -> 0
A11: BATTERIEDENIEST | E11: =SUM(B11:D11) -> 0
A12: ERRAFIK EL DAYEM | E12: =SUM(B12:D12) -> 0 | G12: 326364.58
A13: FADI COTE D'IVOIR | E13: =SUM(B13:D13) -> 0
A14: MED ENERGY | E14: =SUM(B14:D14) -> 0
A15: NOUR Allemagne | E15: =SUM(B15:D15) -> 0 | G15: 15000
A16: MARIBAT | E16: =SUM(B16:D16) -> 0 | G16: 96945.61
A17: SIMTEC MAURITANIE | E17: =SUM(B17:D17) -> 0
A18: SIA ITALY | E18: =SUM(B18:D18) -> 0 | G18: 64915
A19: VERSEMENT ESPECE | E19: =SUM(B19:D19) -> 0
A20: VIREMENT RECU | E20: =SUM(B20:D20) -> 0
A21: AUTRES RECETTE | B21: =SUM(B22:B30) -> 0 | C21: =SUM(C22:C30) -> 0 | D21: =SUM(D22:D30) -> 0 | E21: =SUM(B21:D21) -> 0 | G21: =SUM(G22:G30) -> 0 | I21: =SUM(I22:I30) -> 0
A22: AUGMENTATION CAPITAL | E22: =SUM(B22:D22) -> 0
A23: DEBLOCAGE CMT | E23: =SUM(B23:D23) -> 0
A24: BLOCAGE | E24: =SUM(B24:D24) -> 0
A25: BILLET DE TRESORERIE | E25: =SUM(B25:D25) -> 0
A26: PLACEMENT | E26: =SUM(B26:D26) -> 0
A27: RESTITUTION TVA | E27: =SUM(B27:D27) -> 0
A28: VENTE EQUIPEMENT | E28: =SUM(B28:D28) -> 0
A29: VENTE DOLLARS | E29: =SUM(B29:D29) -> 0
A30: VENTE EURO | E30: =SUM(B30:D30) -> 0
A31: ENGAGEMENT BANCAIRE | B31: =SUM(B32:B54) -> 0 | C31: =SUM(C32:C54) -> -312844.82 | D31: =SUM(D32:D54) -> 0 | E31: =SUM(B31:D31) -> -312844.82 | G31: =SUM(G32:G54) -> 0 | I31: =SUM(I32:I54) -> 0
A32: CMT 1000 | E32: =SUM(B32:D32) -> 0
A33: CMT 1000 1 | E33: =SUM(B33:D33) -> 0
A34: CMT 1150 | E34: =SUM(B34:D34) -> 0
A35: CMT 1250 | E35: =SUM(B35:D35) -> 0
A36: CMT 2418 | E36: =SUM(B36:D36) -> 0
A37: CMT 2500 | C37: -208333.33 | E37: =SUM(B37:D37) -> -208333.33
A38: CMT 350 | E38: =SUM(B38:D38) -> 0
A39: CMT 500 | E39: =SUM(B39:D39) -> 0
A40: CMT BTK | E40: =SUM(B40:D40) -> 0
A41: CREDIT DE GESTION | E41: =SUM(B41:D41) -> 0
A42: INTERET CMT 1000 | E42: =SUM(B42:D42) -> 0
A43: INTERET CMT 1000 1 | E43: =SUM(B43:D43) -> 0
A44: INTERET CMT 1150 | E44: =SUM(B44:D44) -> 0
A45: INTERET CMT 1250 | C45: -32190.417 | E45: =SUM(B45:D45) -> -32190.417
A46: INTERET CMT 2418 | E46: =SUM(B46:D46) -> 0
A47: INTERET CMT 2500 | C47: -64380.833 | E47: =SUM(B47:D47) -> -64380.833
A48: INTERET CMT 350 | E48: =SUM(B48:D48) -> 0
A49: INTERET CMT 500 | E49: =SUM(B49:D49) -> 0
A50: INTERET CMT BTK | E50: =SUM(B50:D50) -> 0
A51: INTERET CREDIT DE GESTION | E51: =SUM(B51:D51) -> 0
A52: M C N E | E52: =SUM(B52:D52) -> 0
A53: RESERVATION DE FOND | E53: =SUM(B53:D53) -> 0
A54: LEASING | C54: -7940.233 | E54: =SUM(B54:D54) -> -7940.233
A55: FRAIS BANQUE | B55: =SUM(B56:B93) -> -1.785 | C55: =SUM(C56:C93) -> -121489 | D55: =SUM(D56:D93) -> 0 | E55: =SUM(B55:D55) -> -121490.79 | G55: =SUM(G56:G93) -> -525 | I55: =SUM(I56:I93) -> 0
A56: AFFRANCHISSEMENT | C56: -2.5 | E56: =SUM(B56:D56) -> -2.5
A57: AGIOS DEBITEURS | C57: -115606.59 | E57: =SUM(B57:D57) -> -115606.59
A58: COMMISSION SUR AVAL | E58: =SUM(B58:D58) -> 0
A59: COMMISSION SUR CHQ CERTIFIE | C59: -77.35 | E59: =SUM(B59:D59) -> -77.35
A60: COM / ESCOMPTE | E60: =SUM(B60:D60) -> 0
A61: COM / VERS CHQ | B61: -1.785 | C61: -27.443 | E61: =SUM(B61:D61) -> -29.228
A62: COM ADM TEMPORAIRE | C62: -370.023 | E62: =SUM(B62:D62) -> -370.023
A63: COM CAUTION DEFINITIVE | C63: -44.13 | E63: =SUM(B63:D63) -> -44.13
A64: COM / AVAL EFFET | C64: -1993.25 | E64: =SUM(B64:D64) -> -1993.25
A65: COM / CHQ IMPAYE | E65: =SUM(B65:D65) -> 0
A66: COM / VERS CHQ | E66: =SUM(B66:D66) -> 0
A67: COMMISSION D'ADHESION | E67: =SUM(B67:D67) -> 0
A68: COMMISSION DE DOMICILIATION | C68: -90 | E68: =SUM(B68:D68) -> -90
A69: COMMISSION DE NOTIFICATION | E69: =SUM(B69:D69) -> 0
A70: COMMISSION DE TRANSMISSION | E70: =SUM(B70:D70) -> 0
A71: COMMISSION DEMANDE DE DEPASSEMENT | C71: -476 | E71: =SUM(B71:D71) -> -476
A72: COMMISSION D'ENVOI A L'ENCAISSEME | E72: =SUM(B72:D72) -> 0
A73: COMMISSION D'ETUDE | E73: =SUM(B73:D73) -> 0
A74: COMMISSION D'OUVERTURE L/C IMPORT | E74: =SUM(B74:D74) -> 0
A75: COMMISSION REGLEMENT EFFET | C75: -60.69 | E75: =SUM(B75:D75) -> -60.69
A76: COMMISSION REGLEMENT EFFET FINA | E76: =SUM(B76:D76) -> 0
A77: COMMISSION SUR PRELEVEMENT | C77: -7.14 | E77: =SUM(B77:D77) -> -7.14
A78: COMMISSION VIREMENT EMIS LOCAL | C78: -16.065 | E78: =SUM(B78:D78) -> -16.065
A79: COMMISSION VIREMENT EMIS ETRANGER | C79: -150 | E79: =SUM(B79:D79) -> -150 | G79: -125
A80: COMMISSION VIREMENT RECU EN DINARS | E80: =SUM(B80:D80) -> 0
A81: COMMISSION VIREMENT RECU EN DEVISE | C81: -140 | E81: =SUM(B81:D81) -> -140
A82: FRAIS AVAL | C82: -71.4 | E82: =SUM(B82:D82) -> -71.4
A83: FRAIS CAUTION DEFINITIVE | E83: =SUM(B83:D83) -> 0
A84: FRAIS TELECOMPENSATION | C84: -0.76 | E84: =SUM(B84:D84) -> -0.76
A85: Frais/ML.CAUTIONS DOUANIERES | C85: -35.7 | E85: =SUM(B85:D85) -> -35.7
A86: COM REJET VICE DE FORME | E86: =SUM(B86:D86) -> 0
A87: Remb. int. de retard impaye ECHE | C87: -139.022 | E87: =SUM(B87:D87) -> -139.022
A88: Remb. pen. de retard impaye ECHE | C88: -8.889 | E88: =SUM(B88:D88) -> -8.889
A89: FRAIS SBE | C89: -2052.247 | E89: =SUM(B89:D89) -> -2052.247
A90: SWIFT | C90: -40 | E90: =SUM(B90:D90) -> -40
A91: COM /VERS ESPECE | E91: =SUM(B91:D91) -> 0 | G91: -400
A92: COMMISSION DE MODIFICATION | E92: =SUM(B92:D92) -> 0
A93: TVA | C93: -79.8 | E93: =SUM(B93:D93) -> -79.8
A94: CHARGE PERSONNEL | B94: =SUM(B95:B101) -> 0 | C94: =SUM(C95:C101) -> -280966.8 | D94: =SUM(D95:D101) -> 0 | E94: =SUM(B94:D94) -> -280966.8 | G94: =SUM(G95:G101) -> 0 | I94: =SUM(I95:I101) -> 0
A95: AVANCE | E95: =SUM(B95:D95) -> 0
A96: CNSS | C96: -123941.8 | E96: =SUM(B96:D96) -> -123941.8
A97: DRIRA ABDERAOUF LABORATOIRE | C97: -313 | E97: =SUM(B97:D97) -> -313
A98: GROUPEMENT DE MEDECINE DE TRA | E98: =SUM(B98:D98) -> 0
A99: PRÊT | E99: =SUM(B99:D99) -> 0
A100: RS SALAIRE | C100: -294.177 | E100: =SUM(B100:D100) -> -294.177
...

Sheet SNA 11-2019
B1: STB THAMEUR | C1: STB MEGRINE | D1: BTK | G1: MEG EURO | I1: MEG $
A2: SOLDE 31/10/2019 | B2: ='SNA 10-2019'!B398 -> 7026.134 | C2: ='SNA 10-2019'!C398 -> -4071080.9 | D2: ='SNA 10-2019'!D398 -> 833.198 | E2: =SUM(B2:D2) -> -4063221.6 | G2: ='SNA 10-2019'!G398 -> 318697.18 | I2: ='SNA 10-2019'!I398 -> 3699.41
A3: RECETTE | B3: =SUM(B4:B20) -> 0 | C3: =SUM(C4:C20) -> 0 | D3: =SUM(D4:D20) -> 0 | E3: =SUM(B3:D3) -> 0 | G3: =SUM(G4:G20) -> 0 | I3: =SUM(I4:I20) -> 0
A4: SND CHEQUE | E4: =SUM(B4:D4) -> 0
A5: SND TRAITE | E5: =SUM(B5:D5) -> 0
A6: INTERET ESCOMPTE TRAITE | E6: =SUM(B6:D6) -> 0
A7: STA NOUR | E7: =SUM(B7:D7) -> 0
A8: NBI | E8: =SUM(B8:D8) -> 0
A9: TIP | E9: =SUM(B9:D9) -> 0
A10: FONDERIE HNAYA | E10: =SUM(B10:D10) -> 0
A11: BATTERIEDENIEST | E11: =SUM(B11:D11) -> 0
A12: ERRAFIK EL DAYEM | E12: =SUM(B12:D12) -> 0
A13: FADI COTE D'IVOIR | E13: =SUM(B13:D13) -> 0
A14: MED ENERGY | E14: =SUM(B14:D14) -> 0
A15: NOUR Allemagne | E15: =SUM(B15:D15) -> 0
... A20: VIREMENT RECU | E20: =SUM(B20:D20) -> 0
A21: AUTRES RECETTE | B21: =SUM(B22:B30) -> 0 | C21: =SUM(C22:C30) -> 0 | D21: =SUM(D22:D30) -> 0 | E21: =SUM(B21:D21) -> 0 | G21: =SUM(G22:G30) -> 0 | I21: =SUM(I22:I30) -> 0
A22: AUGMENTATION CAPITAL | E22: =SUM(B22:D22) -> 0
A23: DEBLOCAGE CMT | E23: =SUM(B23:D23) -> 0
A24: BLOCAGE | E24: =SUM(B24:D24) -> 0
A25: BILLET DE TRESORERIE | E25: =SUM(B25:D25) -> 0
A26: PLACEMENT | E26: =SUM(B26:D26) -> 0
A27: RESTITUTION TVA | E27: =SUM(B27:D27) -> 0
A28: VENTE EQUIPEMENT | E28: =SUM(B28:D28) -> 0
A29: VENTE DOLLARS | E29: =SUM(B29:D29) -> 0
A30: VENTE EURO | E30: =SUM(B30:D30) -> 0
A31: ENGAGEMENT BANCAIRE | B31: =SUM(B32:B54) -> 0 | C31: =SUM(C32:C54) -> 0 | D31: =SUM(D32:D54) -> 0 | E31: =SUM(B31:D31) -> 0 | G31: =SUM(G32:G54) -> 0 | I31: =SUM(I32:I54) -> 0
A32: CMT 1000 | E32: =SUM(B32:D32) -> 0
A33: CMT 1000 1 | E33: =SUM(B33:D33) -> 0
A34: CMT 1150 | E34: =SUM(B34:D34) -> 0
A35: CMT 1250 | E35: =SUM(B35:D35) -> 0
A36: CMT 2418 | E36: =SUM(B36:D36) -> 0
A37: CMT 2500 | E37: =SUM(B37:D37) -> 0
A38: CMT 350 | E38: =SUM(B38:D38) -> 0
A39: CMT 500 | E39: =SUM(B39:D39) -> 0
A40: CMT BTK | E40: =SUM(B40:D40) -> 0
A41: CREDIT DE GESTION | E41: =SUM(B41:D41) -> 0
A42: INTERET CMT 1000 | E42: =SUM(B42:D42) -> 0
A43: INTERET CMT 1000 1 | E43: =SUM(B43:D43) -> 0
... A54: LEASING | E54: =SUM(B54:D54) -> 0
A55: FRAIS BANQUE | B55: =SUM(B56:B93) -> 0 | C55: =SUM(C56:C93) -> 0 | D55: =SUM(D56:D93) -> 0 | E55: =SUM(B55:D55) -> 0 | G55: =SUM(G56:G93) -> 0 | I55: =SUM(I56:I93) -> 0
A56: AFFRANCHISSEMENT | E56: =SUM(B56:D56) -> 0
A57: AGIOS DEBITEURS | E57: =SUM(B57:D57) -> 0
A58: COMMISSION SUR AVAL | E58: =SUM(B58:D58) -> 0
A59: COMMISSION SUR CHQ CERTIFIE | E59: =SUM(B59:D59) -> 0
A60: COM / ESCOMPTE | E60: =SUM(B60:D60) -> 0
A61: COM / VERS CHQ | E61: =SUM(B61:D61) -> 0
A62: COM ADM TEMPORAIRE | E62: =SUM(B62:D62) -> 0
A63: COM CAUTION DEFINITIVE | E63: =SUM(B63:D63) -> 0
A64: COM / AVAL EFFET | E64: =SUM(B64:D64) -> 0
A65: COM / CHQ IMPAYE | E65: =SUM(B65:D65) -> 0
A66: COM / VERS CHQ | E66: =SUM(B66:D66) -> 0
A67: COMMISSION D'ADHESION | E67: =SUM(B67:D67) -> 0
... A93: TVA | E93: =SUM(B93:D93) -> 0
A94: CHARGE PERSONNEL | B94: =SUM(B95:B101) -> 0 | C94: =SUM(C95:C101) -> 0 | D94: =SUM(D95:D101) -> 0 | E94: =SUM(B94:D94) -> 0 | G94: =SUM(G95:G101) -> 0 | I94: =SUM(I95:I101) -> 0
A95: AVANCE | E95: =SUM(B95:D95) -> 0
A96: CNSS | E96: =SUM(B96:D96) -> 0
A97: DRIRA ABDERAOUF LABORATOIRE | E97: =SUM(B97:D97) -> 0
A98: GROUPEMENT DE MEDECINE DE TRA | E98: =SUM(B98:D98) -> 0
A99: PRÊT | E99: =SUM(B99:D99) -> 0
A100: RS SALAIRE | E100: =SUM(B100:D100) -> 0
A101: SALAIRES | E101: =SUM(B101:D101) -> 0
A102: SOCIETE DU GROUPE | B102: =SUM(B103:B110) -> 0 | C102: =SUM(C103:C110) -> 0 | D102: =SUM(D103:D110) -> 0 | E102: =SUM(B102:D102) -> 0 | G102: =SUM(G103:G110) -> 0 | I102: =SUM(I103:I110) -> 0
A103: DIVIDENDES | E103: =SUM(B103:D103) -> 0
A104: FONDERIE HNAYA | E104: =SUM(B104:D104) -> 0
A105: I T N | E105: =SUM(B105:D105) -> 0
A106: N B I | E106: =SUM(B106:D106) -> 0
A107: PHENICIA | E107: =SUM(B107:D107) -> 0
A108: STA NOUR | E108: =SUM(B108:D108) -> 0
A109: ACHAT ACTION TIP | E109: =SUM(B109:D109) -> 0
A110: TIP | E110: =SUM(B110:D110) -> 0
A111: FOURNISSEURS ETRANGER | B111: =SUM(B112:B130) -> 0 | C111: =SUM(C112:C130) -> 0 | D111: =SUM(D112:D130) -> 0 | E111: =SUM(B111:D111) -> 0 | G111: =SUM(G112:G130) -> 0 | I111: =SUM(I112:I130) -> 0
A112: ACCUMA | E112: =SUM(B112:D112) -> 0
A113: AKUMSAN | E113: =SUM(B113:D113) -> 0
A114: BIASIN | E114: =SUM(B114:D114) -> 0
A115: CHIMABAULT | E115: =SUM(B115:D115) -> 0
A116: DARAMIC | E116: =SUM(B116:D116) -> 0
A117: GLATFELTER | E117: =SUM(B117:D117) -> 0
A118: GOONVEAN | E118: =SUM(B118:D118) -> 0
A119: HB FULLER | E119: =SUM(B119:D119) -> 0
A120: JIANGHSU | E120: =SUM(B120:D120) -> 0
A121: DEMETAL | E121: =SUM(B121:D121) -> 0
A122: METACONCEPT | E122: =SUM(B122:D122) -> 0
A123: T P I | E123: =SUM(B123:D123) -> 0
... A130: WIRTZ | E130: =SUM(B130:D130) -> 0
A131: PLOMB LOCAL | B131: =SUM(B132:B137) -> 0 | C131: =SUM(C132:C137) -> 0 | D131: =SUM(D132:D137) -> 0 | E131: =SUM(B131:D131) -> 0 | G131: =SUM(G132:G137) -> 0 | I131: =SUM(I132:I137) -> 0
A132: KAIS TAYACHI | E132: =SUM(B132:D132) -> 0
A133: HAZEM CHTOUROU | E133: =SUM(B133:D133) -> 0
A134: SOTRAM | E134: =SUM(B134:D134) -> 0
A135: KAMMOUN | E135: =SUM(B135:D135) -> 0
A136: STA NOUR | E136: =SUM(B136:D136) -> 0
A137: TUDOR | E137: =SUM(B137:D137) -> 0
A138: ETAT ET ENERGIE | B138: =SUM(B139:B144) -> 0 | C138: =SUM(C139:C144) -> 0 | D138: =SUM(D139:D144) -> 0 | E138: =SUM(B138:D138) -> 0 | G138: =SUM(G139:G144) -> 0 | I138: =SUM(I139:I144) -> 0
A139: S O N E D E | E139: =SUM(B139:D139) -> 0
A140: SNDP | E140: =SUM(B140:D140) -> 0
A141: STEG | E141: =SUM(B141:D141) -> 0
A142: PRELEVEMENT MINISTERE DES FINANCE | E142: =SUM(B142:D142) -> 0
A143: RECETTE DES FINANCES | E143: =SUM(B143:D143) -> 0
A144: TOTAL TUNISIE | E144: =SUM(B144:D144) -> 0
A145: INVESTISSEMENT | B145: =SUM(B146:B155) -> 0 | C145: =SUM(C146:C155) -> 0 | D145: =SUM(D146:D155) -> 0 | E145: =SUM(B145:D145) -> 0 | G145: =SUM(G146:G155) -> 0 | I145: =SUM(I146:I155) -> 0
...

Sheet SNA 12-2019
B1: STB THAMEUR | C1: STB MEGRINE | D1: BTK | G1: MEG EURO | I1: MEG $
A2: SOLDE 30/11/2019 | B2: ='SNA 11-2019'!B398 -> 7026.134 | C2: ='SNA 11-2019'!C398 -> -4071080.9 | D2: ='SNA 11-2019'!D398 -> 833.198 | E2: =SUM(B2:D2) -> -4063221.6 | G2: ='SNA 11-2019'!G398 -> 318697.18 | I2: ='SNA 11-2019'!I398 -> 3699.41
A3: RECETTE | B3: =SUM(B4:B20) -> 0 | C3: =SUM(C4:C20) -> 0 | D3: =SUM(D4:D20) -> 0 | E3: =SUM(B3:D3) -> 0 | G3: =SUM(G4:G20) -> 0 | I3: =SUM(I4:I20) -> 0
A4: SND CHEQUE | E4: =SUM(B4:D4) -> 0
A5: SND TRAITE | E5: =SUM(B5:D5) -> 0
A6: INTERET ESCOMPTE TRAITE | E6: =SUM(B6:D6) -> 0
A7: STA NOUR | E7: =SUM(B7:D7) -> 0
A8: NBI | E8: =SUM(B8:D8) -> 0
A9: TIP | E9: =SUM(B9:D9) -> 0
A10: FONDERIE HNAYA | E10: =SUM(B10:D10) -> 0
A11: BATTERIEDENIEST | E11: =SUM(B11:D11) -> 0
A12: ERRAFIK EL DAYEM | E12: =SUM(B12:D12) -> 0
A13: FADI COTE D'IVOIR | E13: =SUM(B13:D13) -> 0
A14: MED ENERGY | E14: =SUM(B14:D14) -> 0
A15: NOUR Allemagne | E15: =SUM(B15:D15) -> 0
... A20: VIREMENT RECU | E20: =SUM(B20:D20) -> 0
A21: AUTRES RECETTE | B21: =SUM(B22:B30) -> 0 | C21: =SUM(C22:C30) -> 0 | D21: =SUM(D22:D30) -> 0 | E21: =SUM(B21:D21) -> 0 | G21: =SUM(G22:G30) -> 0 | I21: =SUM(I22:I30) -> 0
A22: AUGMENTATION CAPITAL | E22: =SUM(B22:D22) -> 0
A23: DEBLOCAGE CMT | E23: =SUM(B23:D23) -> 0
A24: BLOCAGE | E24: =SUM(B24:D24) -> 0
A25: BILLET DE TRESORERIE | E25: =SUM(B25:D25) -> 0
A26: PLACEMENT | E26: =SUM(B26:D26) -> 0
A27: RESTITUTION TVA | E27: =SUM(B27:D27) -> 0
A28: VENTE EQUIPEMENT | E28: =SUM(B28:D28) -> 0
A29: VENTE DOLLARS | E29: =SUM(B29:D29) -> 0
A30: VENTE EURO | E30: =SUM(B30:D30) -> 0
A31: ENGAGEMENT BANCAIRE | B31: =SUM(B32:B54) -> 0 | C31: =SUM(C32:C54) -> 0 | D31: =SUM(D32:D54) -> 0 | E31: =SUM(B31:D31) -> 0 | G31: =SUM(G32:G54) -> 0 | I31: =SUM(I32:I54) -> 0
A32: CMT 1000 | E32: =SUM(B32:D32) -> 0
A33: CMT 1000 1 | E33: =SUM(B33:D33) -> 0
A34: CMT 1150 | E34: =SUM(B34:D34) -> 0
A35: CMT 1250 | E35: =SUM(B35:D35) -> 0
A36: CMT 2418 | E36: =SUM(B36:D36) -> 0
A37: CMT 2500 | E37: =SUM(B37:D37) -> 0
A38: CMT 350 | E38: =SUM(B38:D38) -> 0
A39: CMT 500 | E39: =SUM(B39:D39) -> 0
A40: CMT BTK | E40: =SUM(B40:D40) -> 0
A41: CREDIT DE GESTION | E41: =SUM(B41:D41) -> 0
A42: INTERET CMT 1000 | E42: =SUM(B42:D42) -> 0
A43: INTERET CMT 1000 1 | E43: =SUM(B43:D43) -> 0
... A54: LEASING | E54: =SUM(B54:D54) -> 0
A55: FRAIS BANQUE | B55: =SUM(B56:B93) -> 0 | C55: =SUM(C56:C93) -> 0 | D55: =SUM(D56:D93) -> 0 | E55: =SUM(B55:D55) -> 0 | G55: =SUM(G56:G93) -> 0 | I55: =SUM(I56:I93) -> 0
A56: AFFRANCHISSEMENT | E56: =SUM(B56:D56) -> 0
A57: AGIOS DEBITEURS | E57: =SUM(B57:D57) -> 0
A58: COMMISSION SUR AVAL | E58: =SUM(B58:D58) -> 0
A59: COMMISSION SUR CHQ CERTIFIE | E59: =SUM(B59:D59) -> 0
A60: COM / ESCOMPTE | E60: =SUM(B60:D60) -> 0
A61: COM / VERS CHQ | E61: =SUM(B61:D61) -> 0
A62: COM ADM TEMPORAIRE | E62: =SUM(B62:D62) -> 0
A63: COM CAUTION DEFINITIVE | E63: =SUM(B63:D63) -> 0
A64: COM / AVAL EFFET | E64: =SUM(B64:D64) -> 0
A65: COM / CHQ IMPAYE | E65: =SUM(B65:D65) -> 0
A66: COM / VERS CHQ | E66: =SUM(B66:D66) -> 0
A67: COMMISSION D'ADHESION | E67: =SUM(B67:D67) -> 0
... A93: TVA | E93: =SUM(B93:D93) -> 0
A94: CHARGE PERSONNEL | B94: =SUM(B95:B101) -> 0 | C94: =SUM(C95:C101) -> 0 | D94: =SUM(D95:D101) -> 0 | E94: =SUM(B94:D94) -> 0 | G94: =SUM(G95:G101) -> 0 | I94: =SUM(I95:I101) -> 0
A95: AVANCE | E95: =SUM(B95:D95) -> 0
A96: CNSS | E96: =SUM(B96:D96) -> 0
A97: DRIRA ABDERAOUF LABORATOIRE | E97: =SUM(B97:D97) -> 0
A98: GROUPEMENT DE MEDECINE DE TRA | E98: =SUM(B98:D98) -> 0
A99: PRÊT | E99: =SUM(B99:D99) -> 0
A100: RS SALAIRE | E100: =SUM(B100:D100) -> 0
A101: SALAIRES | E101: =SUM(B101:D101) -> 0
A102: SOCIETE DU GROUPE | B102: =SUM(B103:B110) -> 0 | C102: =SUM(C103:C110) -> 0 | D102: =SUM(D103:D110) -> 0 | E102: =SUM(B102:D102) -> 0 | G102: =SUM(G103:G110) -> 0 | I102: =SUM(I103:I110) -> 0
A103: DIVIDENDES | E103: =SUM(B103:D103) -> 0
A104: FONDERIE HNAYA | E104: =SUM(B104:D104) -> 0
A105: I T N | E105: =SUM(B105:D105) -> 0
A106: N B I | E106: =SUM(B106:D106) -> 0
A107: PHENICIA | E107: =SUM(B107:D107) -> 0
A108: STA NOUR | E108: =SUM(B108:D108) -> 0
A109: ACHAT ACTION TIP | E109: =SUM(B109:D109) -> 0
A110: TIP | E110: =SUM(B110:D110) -> 0
A111: FOURNISSEURS ETRANGER | B111: =SUM(B112:B130) -> 0 | C111: =SUM(C112:C130) -> 0 | D111: =SUM(D112:D130) -> 0 | E111: =SUM(B111:D111) -> 0 | G111: =SUM(G112:G130) -> 0 | I111: =SUM(I112:I130) -> 0
A112: ACCUMA | E112: =SUM(B112:D112) -> 0
A113: AKUMSAN | E113: =SUM(B113:D113) -> 0
A114: BIASIN | E114: =SUM(B114:D114) -> 0
A115: CHIMABAULT | E115: =SUM(B115:D115) -> 0
A116: DARAMIC | E116: =SUM(B116:D116) -> 0
A117: GLATFELTER | E117: =SUM(B117:D117) -> 0
A118: GOONVEAN | E118: =SUM(B118:D118) -> 0
A119: HB FULLER | E119: =SUM(B119:D119) -> 0
A120: JIANGHSU | E120: =SUM(B120:D120) -> 0
A121: DEMETAL | E121: =SUM(B121:D121) -> 0
A122: METACONCEPT | E122: =SUM(B122:D122) -> 0
A123: T P I | E123: =SUM(B123:D123) -> 0
... A130: WIRTZ | E130: =SUM(B130:D130) -> 0
A131: PLOMB LOCAL | B131: =SUM(B132:B137) -> 0 | C131: =SUM(C132:C137) -> 0 | D131: =SUM(D132:D137) -> 0 | E131: =SUM(B131:D131) -> 0 | G131: =SUM(G132:G137) -> 0 | I131: =SUM(I132:I137) -> 0
A132: KAIS TAYACHI | E132: =SUM(B132:D132) -> 0
A133: HAZEM CHTOUROU | E133: =SUM(B133:D133) -> 0
A134: SOTRAM | E134: =SUM(B134:D134) -> 0
A135: KAMMOUN | E135: =SUM(B135:D135) -> 0
A136: STA NOUR | E136: =SUM(B136:D136) -> 0
A137: TUDOR | E137: =SUM(B137:D137) -> 0
A138: ETAT ET ENERGIE | B138: =SUM(B139:B144) -> 0 | C138: =SUM(C139:C144) -> 0 | D138: =SUM(D139:D144) -> 0 | E138: =SUM(B138:D138) -> 0 | G138: =SUM(G139:G144) -> 0 | I138: =SUM(I139:I144) -> 0
A139: S O N E D E | E139: =SUM(B139:D139) -> 0
A140: SNDP | E140: =SUM(B140:D140) -> 0
A141: STEG | E141: =SUM(B141:D141) -> 0
A142: PRELEVEMENT MINISTERE DES FINANCE | E142: =SUM(B142:D142) -> 0
A143: RECETTE DES FINANCES | E143: =SUM(B143:D143) -> 0
A144: TOTAL TUNISIE | E144: =SUM(B144:D144) -> 0
A145: INVESTISSEMENT | B145: =SUM(B146:B155) -> 0 | C145: =SUM(C146:C155) -> 0 | D145: =SUM(D146:D155) -> 0 | E145: =SUM(B145:D145) -> 0 | G145: =SUM(G146:G155) -> 0 | I145: =SUM(I146:I155) -> 0
...

Sheet SNA 2019
B1: STB THAMEUR | C1: STB MEGRINE | D1: BTK | G1: MEG EURO | I1: MEG $
A2: SOLDE 31/12/2018 | B2: ='SNA 01-2019'!B2 -> 212.191 | C2: ='SNA 01-2019'!C2 -> -2098732.7 | D2: ='SNA 01-2019'!D2 -> 833.198 | E2: =SUM(B2:D2) -> -2097687.3 | G2: ='SNA 01-2019'!G2 -> 41937.62 | I2: ='SNA 01-2019'!I2 -> 146.86
A3: RECETTE | B3: =SUM(B4:B20) -> 282028.71 | C3: =SUM(C4:C20) -> 24529485 | D3: =SUM(D4:D20) -> 0 | E3: =SUM(B3:D3) -> 24811514 | G3: =SUM(G4:G20) -> 2585808.9 | I3: =SUM(I4:I20) -> 383886.92
A4: SND CHEQUE | B4: ='SNA 01-2019'!B4+'SNA 02-2019'!B4+'SNA 03-2019'!B4+'SNA 04-2019'!B4+'SNA 05-2019'!B4+'SNA 06-2019'!B4+'SNA 07-2019'!B4+'SNA 08-2019'!B4+'SNA 09-2019'!B4+'SNA 10-2019'!B4+'SNA 11-2019'!B4+'SNA 12-2019'!B4 -> 232000 | C4: ='SNA 01-2019'!C4+'SNA 02-2019'!C4+'SNA 03-2019'!C4+'SNA 04-2019'!C4+'SNA 05-2019'!C4+'SNA 06-2019'!C4+'SNA 07-2019'!C4+'SNA 08-2019'!C4+'SNA 09-2019'!C4+'SNA 10-2019'!C4+'SNA 11-2019'!C4+'SNA 12-2019'!C4 -> 19292551 | D4: ='SNA 01-2019'!D4+'SNA 02-2019'!D4+'SNA 03-2019'!D4+'SNA 04-2019'!D4+'SNA 05-2019'!D4+'SNA 06-2019'!D4+'SNA 07-2019'!D4+'SNA 08-2019'!D4+'SNA 09-2019'!D4+'SNA 10-2019'!D4+'SNA 11-2019'!D4+'SNA 12-2019'!D4 -> 0 | E4: =SUM(B4:D4) -> 19524551 | G4: ='SNA 01-2019'!G4+'SNA 02-2019'!G4+'SNA 03-2019'!G4+'SNA 04-2019'!G4+'SNA 05-2019'!G4+'SNA 06-2019'!G4+'SNA 07-2019'!G4+'SNA 08-2019'!G4+'SNA 09-2019'!G4+'SNA 10-2019'!G4+'SNA 11-2019'!G4+'SNA 12-2019'!G4 -> 0 | I4: ='SNA 01-2019'!I4+'SNA 02-2019'!I4+'SNA 03-2019'!I4+'SNA 04-2019'!I4+'SNA 05-2019'!I4+'SNA 06-2019'!I4+'SNA 07-2019'!I4+'SNA 08-2019'!I4+'SNA 09-2019'!I4+'SNA 10-2019'!I4+'SNA 11-2019'!I4+'SNA 12-2019'!I4 -> 0
A5: SND TRAITE | B5: ='SNA 01-2019'!B5+'SNA 02-2019'!B5+'SNA 03-2019'!B5+'SNA 04-2019'!B5+'SNA 05-2019'!B5+'SNA 06-2019'!B5+'SNA 07-2019'!B5+'SNA 08-2019'!B5+'SNA 09-2019'!B5+'SNA 10-2019'!B5+'SNA 11-2019'!B5+'SNA 12-2019'!B5 -> 0 | C5: ='SNA 01-2019'!C5+'SNA 02-2019'!C5+'SNA 03-2019'!C5+'SNA 04-2019'!C5+'SNA 05-2019'!C5+'SNA 06-2019'!C5+'SNA 07-2019'!C5+'SNA 08-2019'!C5+'SNA 09-2019'!C5+'SNA 10-2019'!C5+'SNA 11-2019'!C5+'SNA 12-2019'!C5 -> 500000 | D5: ='SNA 01-2019'!D5+'SNA 02-2019'!D5+'SNA 03-2019'!D5+'SNA 04-2019'!D5+'SNA 05-2019'!D5+'SNA 06-2019'!D5+'SNA 07-2019'!D5+'SNA 08-2019'!D5+'SNA 09-2019'!D5+'SNA 10-2019'!D5+'SNA 11-2019'!D5+'SNA 12-2019'!D5 -> 0 | E5: =SUM(B5:D5) -> 500000 | G5: ='SNA 01-2019'!G5+'SNA 02-2019'!G5+'SNA 03-2019'!G5+'SNA 04-2019'!G5+'SNA 05-2019'!G5+'SNA 06-2019'!G5+'SNA 07-2019'!G5+'SNA 08-2019'!G5+'SNA 09-2019'!G5+'SNA 10-2019'!G5+'SNA 11-2019'!G5+'SNA 12-2019'!G5 -> 0 | I5: ='SNA 01-2019'!I5+'SNA 02-2019'!I5+'SNA 03-2019'!I5+'SNA 04-2019'!I5+'SNA 05-2019'!I5+'SNA 06-2019'!I5+'SNA 07-2019'!I5+'SNA 08-2019'!I5+'SNA 09-2019'!I5+'SNA 10-2019'!I5+'SNA 11-2019'!I5+'SNA 12-2019'!I5 -> 0
A6: INTERET ESCOMPTE TRAITE | B6: ='SNA 01-2019'!B6+'SNA 02-2019'!B6+'SNA 03-2019'!B6+'SNA 04-2019'!B6+'SNA 05-2019'!B6+'SNA 06-2019'!B6+'SNA 07-2019'!B6+'SNA 08-2019'!B6+'SNA 09-2019'!B6+'SNA 10-2019'!B6+'SNA 11-2019'!B6+'SNA 12-2019'!B6 -> 0 | C6: ='SNA 01-2019'!C6+'SNA 02-2019'!C6+'SNA 03-2019'!C6+'SNA 04-2019'!C6+'SNA 05-2019'!C6+'SNA 06-2019'!C6+'SNA 07-2019'!C6+'SNA 08-2019'!C6+'SNA 09-2019'!C6+'SNA 10-2019'!C6+'SNA 11-2019'!C6+'SNA 12-2019'!C6 -> -6697.667 | D6: ='SNA 01-2019'!D6+'SNA 02-2019'!D6+'SNA 03-2019'!D6+'SNA 04-2019'!D6+'SNA 05-2019'!D6+'SNA 06-2019'!D6+'SNA 07-2019'!D6+'SNA 08-2019'!D6+'SNA 09-2019'!D6+'SNA 10-2019'!D6+'SNA 11-2019'!D6+'SNA 12-2019'!D6 -> 0 | E6: =SUM(B6:D6) -> -6697.667 | G6: ='SNA 01-2019'!G6+'SNA 02-2019'!G6+'SNA 03-2019'!G6+'SNA 04-2019'!G6+'SNA 05-2019'!G6+'SNA 06-2019'!G6+'SNA 07-2019'!G6+'SNA 08-2019'!G6+'SNA 09-2019'!G6+'SNA 10-2019'!G6+'SNA 11-2019'!G6+'SNA 12-2019'!G6 -> 0 | I6: ='SNA 01-2019'!I6+'SNA 02-2019'!I6+'SNA 03-2019'!I6+'SNA 04-2019'!I6+'SNA 05-2019'!I6+'SNA 06-2019'!I6+'SNA 07-2019'!I6+'SNA 08-2019'!I6+'SNA 09-2019'!I6+'SNA 10-2019'!I6+'SNA 11-2019'!I6+'SNA 12-2019'!I6 -> 0
A7: STA NOUR | B7: ='SNA 01-2019'!B7+'SNA 02-2019'!B7+'SNA 03-2019'!B7+'SNA 04-2019'!B7+'SNA 05-2019'!B7+'SNA 06-2019'!B7+'SNA 07-2019'!B7+'SNA 08-2019'!B7+'SNA 09-2019'!B7+'SNA 10-2019'!B7+'SNA 11-2019'!B7+'SNA 12-2019'!B7 -> 0 | C7: ='SNA 01-2019'!C7+'SNA 02-2019'!C7+'SNA 03-2019'!C7+'SNA 04-2019'!C7+'SNA 05-2019'!C7+'SNA 06-2019'!C7+'SNA 07-2019'!C7+'SNA 08-2019'!C7+'SNA 09-2019'!C7+'SNA 10-2019'!C7+'SNA 11-2019'!C7+'SNA 12-2019'!C7 -> 3692308.5 | D7: ='SNA 01-2019'!D7+'SNA 02-2019'!D7+'SNA 03-2019'!D7+'SNA 04-2019'!D7+'SNA 05-2019'!D7+'SNA 06-2019'!D7+'SNA 07-2019'!D7+'SNA 08-2019'!D7+'SNA 09-2019'!D7+'SNA 10-2019'!D7+'SNA 11-2019'!D7+'SNA 12-2019'!D7 -> 0 | E7: =SUM(B7:D7) -> 3692308.5 | G7: ='SNA 01-2019'!G7+'SNA 02-2019'!G7+'SNA 03-2019'!G7+'SNA 04-2019'!G7+'SNA 05-2019'!G7+'SNA 06-2019'!G7+'SNA 07-2019'!G7+'SNA 08-2019'!G7+'SNA 09-2019'!G7+'SNA 10-2019'!G7+'SNA 11-2019'!G7+'SNA 12-2019'!G7 -> 0 | I7: ='SNA 01-2019'!I7+'SNA 02-2019'!I7+'SNA 03-2019'!I7+'SNA 04-2019'!I7+'SNA 05-2019'!I7+'SNA 06-2019'!I7+'SNA 07-2019'!I7+'SNA 08-2019'!I7+'SNA 09-2019'!I7+'SNA 10-2019'!I7+'SNA 11-2019'!I7+'SNA 12-2019'!I7 -> 0
A8: NBI | B8: ='SNA 01-2019'!B8+'SNA 02-2019'!B8+'SNA 03-2019'!B8+'SNA 04-2019'!B8+'SNA 05-2019'!B8+'SNA 06-2019'!B8+'SNA 07-2019'!B8+'SNA 08-2019'!B8+'SNA 09-2019'!B8+'SNA 10-2019'!B8+'SNA 11-2019'!B8+'SNA 12-2019'!B8 -> 0 | C8: ='SNA 01-2019'!C8+'SNA 02-2019'!C8+'SNA 03-2019'!C8+'SNA 04-2019'!C8+'SNA 05-2019'!C8+'SNA 06-2019'!C8+'SNA 07-2019'!C8+'SNA 08-2019'!C8+'SNA 09-2019'!C8+'SNA 10-2019'!C8+'SNA 11-2019'!C8+'SNA 12-2019'!C8 -> 458347.2 | D8: ='SNA 01-2019'!D8+'SNA 02-2019'!D8+'SNA 03-2019'!D8+'SNA 04-2019'!D8+'SNA 05-2019'!D8+'SNA 06-2019'!D8+'SNA 07-2019'!D8+'SNA 08-2019'!D8+'SNA 09-2019'!D8+'SNA 10-2019'!D8+'SNA 11-2019'!D8+'SNA 12-2019'!D8 -> 0 | E8: =SUM(B8:D8) -> 458347.2 | G8: ='SNA 01-2019'!G8+'SNA 02-2019'!G8+'SNA 03-2019'!G8+'SNA 04-2019'!G8+'SNA 05-2019'!G8+'SNA 06-2019'!G8+'SNA 07-2019'!G8+'SNA 08-2019'!G8+'SNA 09-2019'!G8+'SNA 10-2019'!G8+'SNA 11-2019'!G8+'SNA 12-2019'!G8 -> 0 | I8: ='SNA 01-2019'!I8+'SNA 02-2019'!I8+'SNA 03-2019'!I8+'SNA 04-2019'!I8+'SNA 05-2019'!I8+'SNA 06-2019'!I8+'SNA 07-2019'!I8+'SNA 08-2019'!I8+'SNA 09-2019'!I8+'SNA 10-2019'!I8+'SNA 11-2019'!I8+'SNA 12-2019'!I8 -> 0
A9: TIP | B9: ='SNA 01-2019'!B9+'SNA 02-2019'!B9+'SNA 03-2019'!B9+'SNA 04-2019'!B9+'SNA 05-2019'!B9+'SNA 06-2019'!B9+'SNA 07-2019'!B9+'SNA 08-2019'!B9+'SNA 09-2019'!B9+'SNA 10-2019'!B9+'SNA 11-2019'!B9+'SNA 12-2019'!B9 -> 0 | C9: ='SNA 01-2019'!C9+'SNA 02-2019'!C9+'SNA 03-2019'!C9+'SNA 04-2019'!C9+'SNA 05-2019'!C9+'SNA 06-2019'!C9+'SNA 07-2019'!C9+'SNA 08-2019'!C9+'SNA 09-2019'!C9+'SNA 10-2019'!C9+'SNA 11-2019'!C9+'SNA 12-2019'!C9 -> 35514.755 | D9: ='SNA 01-2019'!D9+'SNA 02-2019'!D9+'SNA 03-2019'!D9+'SNA 04-2019'!D9+'SNA 05-2019'!D9+'SNA 06-2019'!D9+'SNA 07-2019'!D9+'SNA 08-2019'!D9+'SNA 09-2019'!D9+'SNA 10-2019'!D9+'SNA 11-2019'!D9+'SNA 12-2019'!D9 -> 0 | E9: =SUM(B9:D9) -> 35514.755 | G9: ='SNA 01-2019'!G9+'SNA 02-2019'!G9+'SNA 03-2019'!G9+'SNA 04-2019'!G9+'SNA 05-2019'!G9+'SNA 06-2019'!G9+'SNA 07-2019'!G9+'SNA 08-2019'!G9+'SNA 09-2019'!G9+'SNA 10-2019'!G9+'SNA 11-2019'!G9+'SNA 12-2019'!G9 -> 0 | I9: ='SNA 01-2019'!I9+'SNA 02-2019'!I9+'SNA 03-2019'!I9+'SNA 04-2019'!I9+'SNA 05-2019'!I9+'SNA 06-2019'!I9+'SNA 07-2019'!I9+'SNA 08-2019'!I9+'SNA 09-2019'!I9+'SNA 10-2019'!I9+'SNA 11-2019'!I9+'SNA 12-2019'!I9 -> 0
A10: FONDERIE HNAYA | B10: ='SNA 01-2019'!B10+'SNA 02-2019'!B10+'SNA 03-2019'!B10+'SNA 04-2019'!B10+'SNA 05-2019'!B10+'SNA 06-2019'!B10+'SNA 07-2019'!B10+'SNA 08-2019'!B10+'SNA 09-2019'!B10+'SNA 10-2019'!B10+'SNA 11-2019'!B10+'SNA 12-2019'!B10 -> 0 | C10: ='SNA 01-2019'!C10+'SNA 02-2019'!C10+'SNA 03-2019'!C10+'SNA 04-2019'!C10+'SNA 05-2019'!C10+'SNA 06-2019'!C10+'SNA 07-2019'!C10+'SNA 08-2019'!C10+'SNA 09-2019'!C10+'SNA 10-2019'!C10+'SNA 11-2019'!C10+'SNA 12-2019'!C10 -> 24276.51 | D10: ='SNA 01-2019'!D10+'SNA 02-2019'!D10+'SNA 03-2019'!D10+'SNA 04-2019'!D10+'SNA 05-2019'!D10+'SNA 06-2019'!D10+'SNA 07-2019'!D10+'SNA 08-2019'!D10+'SNA 09-2019'!D10+'SNA 10-2019'!D10+'SNA 11-2019'!D10+'SNA 12-2019'!D10 -> 0 | E10: =SUM(B10:D10) -> 24276.51 | G10: ='SNA 01-2019'!G10+'SNA 02-2019'!G10+'SNA 03-2019'!G10+'SNA 04-2019'!G10+'SNA 05-2019'!G10+'SNA 06-2019'!G10+'SNA 07-2019'!G10+'SNA 08-2019'!G10+'SNA 09-2019'!G10+'SNA 10-2019'!G10+'SNA 11-2019'!G10+'SNA 12-2019'!G10 -> 0 | I10: ='SNA 01-2019'!I10+'SNA 02-2019'!I10+'SNA 03-2019'!I10+'SNA 04-2019'!I10+'SNA 05-2019'!I10+'SNA 06-2019'!I10+'SNA 07-2019'!I10+'SNA 08-2019'!I10+'SNA 09-2019'!I10+'SNA 10-2019'!I10+'SNA 11-2019'!I10+'SNA 12-2019'!I10 -> 0
A11: BATTERIEDENIEST | B11: ='SNA 01-2019'!B11+'SNA 02-2019'!B11+'SNA 03-2019'!B11+'SNA 04-2019'!B11+'SNA 05-2019'!B11+'SNA 06-2019'!B11+'SNA 07-2019'!B11+'SNA 08-2019'!B11+'SNA 09-2019'!B11+'SNA 10-2019'!B11+'SNA 11-2019'!B11+'SNA 12-2019'!B11 -> 0 | C11: ='SNA 01-2019'!C11+'SNA 02-2019'!C11+'SNA 03-2019'!C11+'SNA 04-2019'!C11+'SNA 05-2019'!C11+'SNA 06-2019'!C11+'SNA 07-2019'!C11+'SNA 08-2019'!C11+'SNA 09-2019'!C11+'SNA 10-2019'!C11+'SNA 11-2019'!C11+'SNA 12-2019'!C11 -> 0 | D11: ='SNA 01-2019'!D11+'SNA 02-2019'!D11+'SNA 03-2019'!D11+'SNA 04-2019'!D11+'SNA 05-2019'!D11+'SNA 06-2019'!D11+'SNA 07-2019'!D11+'SNA 08-2019'!D11+'SNA 09-2019'!D11+'SNA 10-2019'!D11+'SNA 11-2019'!D11+'SNA 12-2019'!D11 -> 0 | E11: =SUM(B11:D11) -> 0 | G11: ='SNA 01-2019'!G11+'SNA 02-2019'!G11+'SNA 03-2019'!G11+'SNA 04-2019'!G11+'SNA 05-2019'!G11+'SNA 06-2019'!G11+'SNA 07-2019'!G11+'SNA 08-2019'!G11+'SNA 09-2019'!G11+'SNA 10-2019'!G11+'SNA 11-2019'!G11+'SNA 12-2019'!G11 -> 0 | I11: ='SNA 01-2019'!I11+'SNA 02-2019'!I11+'SNA 03-2019'!I11+'SNA 04-2019'!I11+'SNA 05-2019'!I11+'SNA 06-2019'!I11+'SNA 07-2019'!I11+'SNA 08-2019'!I11+'SNA 09-2019'!I11+'SNA 10-2019'!I11+'SNA 11-2019'!I11+'SNA 12-2019'!I11 -> 0
A12: ERRAFIK EL DAYEM | B12: ='SNA 01-2019'!B12+'SNA 02-2019'!B12+'SNA 03-2019'!B12+'SNA 04-2019'!B12+'SNA 05-2019'!B12+'SNA 06-2019'!B12+'SNA 07-2019'!B12+'SNA 08-2019'!B12+'SNA 09-2019'!B12+'SNA 10-2019'!B12+'SNA 11-2019'!B12+'SNA 12-2019'!B12 -> 0 | C12: ='SNA 01-2019'!C12+'SNA 02-2019'!C12+'SNA 03-2019'!C12+'SNA 04-2019'!C12+'SNA 05-2019'!C12+'SNA 06-2019'!C12+'SNA 07-2019'!C12+'SNA 08-2019'!C12+'SNA 09-2019'!C12+'SNA 10-2019'!C12+'SNA 11-2019'!C12+'SNA 12-2019'!C12 -> 499185.25 | D12: ='SNA 01-2019'!D12+'SNA 02-2019'!D12+'SNA 03-2019'!D12+'SNA 04-2019'!D12+'SNA 05-2019'!D12+'SNA 06-2019'!D12+'SNA 07-2019'!D12+'SNA 08-2019'!D12+'SNA 09-2019'!D12+'SNA 10-2019'!D12+'SNA 11-2019'!D12+'SNA 12-2019'!D12 -> 0 | E12: =SUM(B12:D12) -> 499185.25 | G12: ='SNA 01-2019'!G12+'SNA 02-2019'!G12+'SNA 03-2019'!G12+'SNA 04-2019'!G12+'SNA 05-2019'!G12+'SNA 06-2019'!G12+'SNA 07-2019'!G12+'SNA 08-2019'!G12+'SNA 09-2019'!G12+'SNA 10-2019'!G12+'SNA 11-2019'!G12+'SNA 12-2019'!G12 -> 1712197.8 | I12: ='SNA 01-2019'!I12+'SNA 02-2019'!I12+'SNA 03-2019'!I12+'SNA 04-2019'!I12+'SNA 05-2019'!I12+'SNA 06-2019'!I12+'SNA 07-2019'!I12+'SNA 08-2019'!I12+'SNA 09-2019'!I12+'SNA 10-2019'!I12+'SNA 11-2019'!I12+'SNA 12-2019'!I12 -> 383886.92
A13: FADI COTE D'IVOIR | B13: ='SNA 01-2019'!B13+'SNA 02-2019'!B13+'SNA 03-2019'!B13+'SNA 04-2019'!B13+'SNA 05-2019'!B13+'SNA 06-2019'!B13+'SNA 07-2019'!B13+'SNA 08-2019'!B13+'SNA 09-2019'!B13+'SNA 10-2019'!B13+'SNA 11-2019'!B13+'SNA 12-2019'!B13 -> 0 | C13: ='SNA 01-2019'!C13+'SNA 02-2019'!C13+'SNA 03-2019'!C13+'SNA 04-2019'!C13+'SNA 05-2019'!C13+'SNA 06-2019'!C13+'SNA 07-2019'!C13+'SNA 08-2019'!C13+'SNA 09-2019'!C13+'SNA 10-2019'!C13+'SNA 11-2019'!C13+'SNA 12-2019'!C13 -> 0 | D13: ='SNA 01-2019'!D13+'SNA 02-2019'!D13+'SNA 03-2019'!D13+'SNA 04-2019'!D13+'SNA 05-2019'!D13+'SNA 06-2019'!D13+'SNA 07-2019'!D13+'SNA 08-2019'!D13+'SNA 09-2019'!D13+'SNA 10-2019'!D13+'SNA 11-2019'!D13+'SNA 12-2019'!D13 -> 0 | E13: =SUM(B13:D13) -> 0 | G13: ='SNA 01-2019'!G13+'SNA 02-2019'!G13+'SNA 03-2019'!G13+'SNA 04-2019'!G13+'SNA 05-2019'!G13+'SNA 06-2019'!G13+'SNA 07-2019'!G13+'SNA 08-2019'!G13+'SNA 09-2019'!G13+'SNA 10-2019'!G13+'SNA 11-2019'!G13+'SNA 12-2019'!G13 -> 55095.58 | I13: ='SNA 01-2019'!I13+'SNA 02-2019'!I13+'SNA 03-2019'!I13+'SNA 04-2019'!I13+'SNA 05-2019'!I13+'SNA 06-2019'!I13+'SNA 07-2019'!I13+'SNA 08-2019'!I13+'SNA 09-2019'!I13+'SNA 10-2019'!I13+'SNA 11-2019'!I13+'SNA 12-2019'!I13 -> 0
A14: MED ENERGY | B14: ='SNA 01-2019'!B14+'SNA 02-2019'!B14+'SNA 03-2019'!B14+'SNA 04-2019'!B14+'SNA 05-2019'!B14+'SNA 06-2019'!B14+'SNA 07-2019'!B14+'SNA 08-2019'!B14+'SNA 09-2019'!B14+'SNA 10-2019'!B14+'SNA 11-2019'!B14+'SNA 12-2019'!B14 -> 0 | C14: ='SNA 01-2019'!C14+'SNA 02-2019'!C14+'SNA 03-2019'!C14+'SNA 04-2019'!C14+'SNA 05-2019'!C14+'SNA 06-2019'!C14+'SNA 07-2019'!C14+'SNA 08-2019'!C14+'SNA 09-2019'!C14+'SNA 10-2019'!C14+'SNA 11-2019'!C14+'SNA 12-2019'!C14 -> 0 | D14: ='SNA 01-2019'!D14+'SNA 02-2019'!D14+'SNA 03-2019'!D14+'SNA 04-2019'!D14+'SNA 05-2019'!D14+'SNA 06-2019'!D14+'SNA 07-2019'!D14+'SNA 08-2019'!D14+'SNA 09-2019'!D14+'SNA 10-2019'!D14+'SNA 11-2019'!D14+'SNA 12-2019'!D14 -> 0 | E14: =SUM(B14:D14) -> 0 | G14: ='SNA 01-2019'!G14+'SNA 02-2019'!G14+'SNA 03-2019'!G14+'SNA 04-2019'!G14+'SNA 05-2019'!G14+'SNA 06-2019'!G14+'SNA 07-2019'!G14+'SNA 08-2019'!G14+'SNA 09-2019'!G14+'SNA 10-2019'!G14+'SNA 11-2019'!G14+'SNA 12-2019'!G14 -> 40857.38 | I14: ='SNA 01-2019'!I14+'SNA 02-2019'!I14+'SNA 03-2019'!I14+'SNA 04-2019'!I14+'SNA 05-2019'!I14+'SNA 06-2019'!I14+'SNA 07-2019'!I14+'SNA 08-2019'!I14+'SNA 09-2019'!I14+'SNA 10-2019'!I14+'SNA 11-2019'!I14+'SNA 12-2019'!I14 -> 0
A15: NOUR Allemagne | B15: ='SNA 01-2019'!B15+'SNA 02-2019'!B15+'SNA 03-2019'!B15+'SNA 04-2019'!B15+'SNA 05-2019'!B15+'SNA 06-2019'!B15+'SNA 07-2019'!B15+'SNA 08-2019'!B15+'SNA 09-2019'!B15+'SNA 10-2019'!B15+'SNA 11-2019'!B15+'SNA 12-2019'!B15 -> 0 | C15: ='SNA 01-2019'!C15+'SNA 02-2019'!C15+'SNA 03-2019'!C15+'SNA 04-2019'!C15+'SNA 05-2019'!C15+'SNA 06-2019'!C15+'SNA 07-2019'!C15+'SNA 08-2019'!C15+'SNA 09-2019'!C15+'SNA 10-2019'!C15+'SNA 11-2019'!C15+'SNA 12-2019'!C15 -> 0 | D15: ='SNA 01-2019'!D15+'SNA 02-2019'!D15+'SNA 03-2019'!D15+'SNA 04-2019'!D15+'SNA 05-2019'!D15+'SNA 06-2019'!D15+'SNA 07-2019'!D15+'SNA 08-2019'!D15+'SNA 09-2019'!D15+'SNA 10-2019'!D15+'SNA 11-2019'!D15+'SNA 12-2019'!D15 -> 0 | E15: =SUM(B15:D15) -> 0 | G15: ='SNA 01-2019'!G15+'SNA 02-2019'!G15+'SNA 03-2019'!G15+'SNA 04-2019'!G15+'SNA 05-2019'!G15+'SNA 06-2019'!G15+'SNA 07-2019'!G15+'SNA 08-2019'!G15+'SNA 09-2019'!G15+'SNA 10-2019'!G15+'SNA 11-2019'!G15+'SNA 12-2019'!G15 -> 282711.1 | I15: ='SNA 01-2019'!I15+'SNA 02-2019'!I15+'SNA 03-2019'!I15+'SNA 04-2019'!I15+'SNA 05-2019'!I15+'SNA 06-2019'!I15+'SNA 07-2019'!I15+'SNA 08-2019'!I15+'SNA 09-2019'!I15+'SNA 10-2019'!I15+'SNA 11-2019'!I15+'SNA 12-2019'!I15 -> 0
... A20: VIREMENT RECU | B20: ='SNA 01-2019'!B20+'SNA 02-2019'!B20+'SNA 03-2019'!B20+'SNA 04-2019'!B20+'SNA 05-2019'!B20+'SNA 06-2019'!B20+'SNA 07-2019'!B20+'SNA 08-2019'!B20+'SNA 09-2019'!B20+'SNA 10-2019'!B20+'SNA 11-2019'!B20+'SNA 12-2019'!B20 -> 32583.564 | C20: ='SNA 01-2019'!C20+'SNA 02-2019'!C20+'SNA 03-2019'!C20+'SNA 04-2019'!C20+'SNA 05-2019'!C20+'SNA 06-2019'!C20+'SNA 07-2019'!C20+'SNA 08-2019'!C20+'SNA 09-2019'!C20+'SNA 10-2019'!C20+'SNA 11-2019'!C20+'SNA 12-2019'!C20 -> 7494.711 | D20: ='SNA 01-2019'!D20+'SNA 02-2019'!D20+'SNA 03-2019'!D20+'SNA 04-2019'!D20+'SNA 05-2019'!D20+'SNA 06-2019'!D20+'SNA 07-2019'!D20+'SNA 08-2019'!D20+'SNA 09-2019'!D20+'SNA 10-2019'!D20+'SNA 11-2019'!D20+'SNA 12-2019'!D20 -> 0 | E20: =SUM(B20:D20) -> 40078.275 | G20: ='SNA 01-2019'!G20+'SNA 02-2019'!G20+'SNA 03-2019'!G20+'SNA 04-2019'!G20+'SNA 05-2019'!G20+'SNA 06-2019'!G20+'SNA 07-2019'!G20+'SNA 08-2019'!G20+'SNA 09-2019'!G20+'SNA 10-2019'!G20+'SNA 11-2019'!G20+'SNA 12-2019'!G20 -> 0 | I20: ='SNA 01-2019'!I20+'SNA 02-2019'!I20+'SNA 03-2019'!I20+'SNA 04-2019'!I20+'SNA 05-2019'!I20+'SNA 06-2019'!I20+'SNA 07-2019'!I20+'SNA 08-2019'!I20+'SNA 09-2019'!I20+'SNA 10-2019'!I20+'SNA 11-2019'!I20+'SNA 12-2019'!I20 -> 0
A21: AUTRES RECETTE | B21: =SUM(B22:B30) -> 0 | C21: =SUM(C22:C30) -> 4776143.4 | D21: =SUM(D22:D30) -> 0 | E21: =SUM(B21:D21) -> 4776143.4 | G21: =SUM(G22:G30) -> -1049925 | I21: =SUM(I22:I30) -> -374489.96
A22: AUGMENTATION CAPITAL | B22: ='SNA 01-2019'!B22+'SNA 02-2019'!B22+'SNA 03-2019'!B22+'SNA 04-2019'!B22+'SNA 05-2019'!B22+'SNA 06-2019'!B22+'SNA 07-2019'!B22+'SNA 08-2019'!B22+'SNA 09-2019'!B22+'SNA 10-2019'!B22+'SNA 11-2019'!B22+'SNA 12-2019'!B22 -> 0 | C22: ='SNA 01-2019'!C22+'SNA 02-2019'!C22+'SNA 03-2019'!C22+'SNA 04-2019'!C22+'SNA 05-2019'!C22+'SNA 06-2019'!C22+'SNA 07-2019'!C22+'SNA 08-2019'!C22+'SNA 09-2019'!C22+'SNA 10-2019'!C22+'SNA 11-2019'!C22+'SNA 12-2019'!C22 -> 0 | D22: ='SNA 01-2019'!D22+'SNA 02-2019'!D22+'SNA 03-2019'!D22+'SNA 04-2019'!D22+'SNA 05-2019'!D22+'SNA 06-2019'!D22+'SNA 07-2019'!D22+'SNA 08-2019'!D22+'SNA 09-2019'!D22+'SNA 10-2019'!D22+'SNA 11-2019'!D22+'SNA 12-2019'!D22 -> 0 | E22: =SUM(B22:D22) -> 0 | G22: ='SNA 01-2019'!G22+'SNA 02-2019'!G22+'SNA 03-2019'!G22+'SNA 04-2019'!G22+'SNA 05-2019'!G22+'SNA 06-2019'!G22+'SNA 07-2019'!G22+'SNA 08-2019'!G22+'SNA 09-2019'!G22+'SNA 10-2019'!G22+'SNA 11-2019'!G22+'SNA 12-2019'!G22 -> 0 | I22: ='SNA 01-2019'!I22+'SNA 02-2019'!I22+'SNA 03-2019'!I22+'SNA 04-2019'!I22+'SNA 05-2019'!I22+'SNA 06-2019'!I22+'SNA 07-2019'!I22+'SNA 08-2019'!I22+'SNA 09-2019'!I22+'SNA 10-2019'!I22+'SNA 11-2019'!I22+'SNA 12-2019'!I22 -> 0
A23: DEBLOCAGE CMT | B23: ='SNA 01-2019'!B23+'SNA 02-2019'!B23+'SNA 03-2019'!B23+'SNA 04-2019'!B23+'SNA 05-2019'!B23+'SNA 06-2019'!B23+'SNA 07-2019'!B23+'SNA 08-2019'!B23+'SNA 09-2019'!B23+'SNA 10-2019'!B23+'SNA 11-2019'!B23+'SNA 12-2019'!B23 -> 0 | C23: ='SNA 01-2019'!C23+'SNA 02-2019'!C23+'SNA 03-2019'!C23+'SNA 04-2019'!C23+'SNA 05-2019'!C23+'SNA 06-2019'!C23+'SNA 07-2019'!C23+'SNA 08-2019'!C23+'SNA 09-2019'!C23+'SNA 10-2019'!C23+'SNA 11-2019'!C23+'SNA 12-2019'!C23 -> 0 | D23: ='SNA 01-2019'!D23+'SNA 02-2019'!D23+'SNA 03-2019'!D23+'SNA 04-2019'!D23+'SNA 05-2019'!D23+'SNA 06-2019'!D23+'SNA 07-2019'!D23+'SNA 08-2019'!D23+'SNA 09-2019'!D23+'SNA 10-2019'!D23+'SNA 11-2019'!D23+'SNA 12-2019'!D23 -> 0 | E23: =SUM(B23:D23) -> 0 | G23: ='SNA 01-2019'!G23+'SNA 02-2019'!G23+'SNA 03-2019'!G23+'SNA 04-2019'!G23+'SNA 05-2019'!G23+'SNA 06-2019'!G23+'SNA 07-2019'!G23+'SNA 08-2019'!G23+'SNA 09-2019'!G23+'SNA 10-2019'!G23+'SNA 11-2019'!G23+'SNA 12-2019'!G23 -> 0 | I23: ='SNA 01-2019'!I23+'SNA 02-2019'!I23+'SNA 03-2019'!I23+'SNA 04-2019'!I23+'SNA 05-2019'!I23+'SNA 06-2019'!I23+'SNA 07-2019'!I23+'SNA 08-2019'!I23+'SNA 09-2019'!I23+'SNA 10-2019'!I23+'SNA 11-2019'!I23+'SNA 12-2019'!I23 -> 0
A24: BLOCAGE | B24: ='SNA 01-2019'!B24+'SNA 02-2019'!B24+'SNA 03-2019'!B24+'SNA 04-2019'!B24+'SNA 05-2019'!B24+'SNA 06-2019'!B24+'SNA 07-2019'!B24+'SNA 08-2019'!B24+'SNA 09-2019'!B24+'SNA 10-2019'!B24+'SNA 11-2019'!B24+'SNA 12-2019'!B24 -> 0 | C24: ='SNA 01-2019'!C24+'SNA 02-2019'!C24+'SNA 03-2019'!C24+'SNA 04-2019'!C24+'SNA 05-2019'!C24+'SNA 06-2019'!C24+'SNA 07-2019'!C24+'SNA 08-2019'!C24+'SNA 09-2019'!C24+'SNA 10-2019'!C24+'SNA 11-2019'!C24+'SNA 12-2019'!C24 -> -5036.603 | D24: ='SNA 01-2019'!D24+'SNA 02-2019'!D24+'SNA 03-2019'!D24+'SNA 04-2019'!D24+'SNA 05-2019'!D24+'SNA 06-2019'!D24+'SNA 07-2019'!D24+'SNA 08-2019'!D24+'SNA 09-2019'!D24+'SNA 10-2019'!D24+'SNA 11-2019'!D24+'SNA 12-2019'!D24 -> 0 | E24: =SUM(B24:D24) -> -5036.603 | G24: ='SNA 01-2019'!G24+'SNA 02-2019'!G24+'SNA 03-2019'!G24+'SNA 04-2019'!G24+'SNA 05-2019'!G24+'SNA 06-2019'!G24+'SNA 07-2019'!G24+'SNA 08-2019'!G24+'SNA 09-2019'!G24+'SNA 10-2019'!G24+'SNA 11-2019'!G24+'SNA 12-2019'!G24 -> 0 | I24: ='SNA 01-2019'!I24+'SNA 02-2019'!I24+'SNA 03-2019'!I24+'SNA 04-2019'!I24+'SNA 05-2019'!I24+'SNA 06-2019'!I24+'SNA 07-2019'!I24+'SNA 08-2019'!I24+'SNA 09-2019'!I24+'SNA 10-2019'!I24+'SNA 11-2019'!I24+'SNA 12-2019'!I24 -> 0
A25: BILLET DE TRESORERIE | B25: ='SNA 01-2019'!B25+'SNA 02-2019'!B25+'SNA 03-2019'!B25+'SNA 04-2019'!B25+'SNA 05-2019'!B25+'SNA 06-2019'!B25+'SNA 07-2019'!B25+'SNA 08-2019'!B25+'SNA 09-2019'!B25+'SNA 10-2019'!B25+'SNA 11-2019'!B25+'SNA 12-2019'!B25 -> 0 | C25: ='SNA 01-2019'!C25+'SNA 02-2019'!C25+'SNA 03-2019'!C25+'SNA 04-2019'!C25+'SNA 05-2019'!C25+'SNA 06-2019'!C25+'SNA 07-2019'!C25+'SNA 08-2019'!C25+'SNA 09-2019'!C25+'SNA 10-2019'!C25+'SNA 11-2019'!C25+'SNA 12-2019'!C25 -> 0 | D25: ='SNA 01-2019'!D25+'SNA 02-2019'!D25+'SNA 03-2019'!D25+'SNA 04-2019'!D25+'SNA 05-2019'!D25+'SNA 06-2019'!D25+'SNA 07-2019'!D25+'SNA 08-2019'!D25+'SNA 09-2019'!D25+'SNA 10-2019'!D25+'SNA 11-2019'!D25+'SNA 12-2019'!D25 -> 0 | E25: =SUM(B25:D25) -> 0 | G25: ='SNA 01-2019'!G25+'SNA 02-2019'!G25+'SNA 03-2019'!G25+'SNA 04-2019'!G25+'SNA 05-2019'!G25+'SNA 06-2019'!G25+'SNA 07-2019'!G25+'SNA 08-2019'!G25+'SNA 09-2019'!G25+'SNA 10-2019'!G25+'SNA 11-2019'!G25+'SNA 12-2019'!G25 -> 0 | I25: ='SNA 01-2019'!I25+'SNA 02-2019'!I25+'SNA 03-2019'!I25+'SNA 04-2019'!I25+'SNA 05-2019'!I25+'SNA 06-2019'!I25+'SNA 07-2019'!I25+'SNA 08-2019'!I25+'SNA 09-2019'!I25+'SNA 10-2019'!I25+'SNA 11-2019'!I25+'SNA 12-2019'!I25 -> 0
A26: PLACEMENT | B26: ='SNA 01-2019'!B26+'SNA 02-2019'!B26+'SNA 03-2019'!B26+'SNA 04-2019'!B26+'SNA 05-2019'!B26+'SNA 06-2019'!B26+'SNA 07-2019'!B26+'SNA 08-2019'!B26+'SNA 09-2019'!B26+'SNA 10-2019'!B26+'SNA 11-2019'!B26+'SNA 12-2019'!B26 -> 0 | C26: ='SNA 01-2019'!C26+'SNA 02-2019'!C26+'SNA 03-2019'!C26+'SNA 04-2019'!C26+'SNA 05-2019'!C26+'SNA 06-2019'!C26+'SNA 07-2019'!C26+'SNA 08-2019'!C26+'SNA 09-2019'!C26+'SNA 10-2019'!C26+'SNA 11-2019'!C26+'SNA 12-2019'!C26 -> 0 | D26: ='SNA 01-2019'!D26+'SNA 02-2019'!D26+'SNA 03-2019'!D26+'SNA 04-2019'!D26+'SNA 05-2019'!D26+'SNA 06-2019'!D26+'SNA 07-2019'!D26+'SNA 08-2019'!D26+'SNA 09-2019'!D26+'SNA 10-2019'!D26+'SNA 11-2019'!D26+'SNA 12-2019'!D26 -> 0 | E26: =SUM(B26:D26) -> 0 | G26: ='SNA 01-2019'!G26+'SNA 02-2019'!G26+'SNA 03-2019'!G26+'SNA 04-2019'!G26+'SNA 05-2019'!G26+'SNA 06-2019'!G26+'SNA 07-2019'!G26+'SNA 08-2019'!G26+'SNA 09-2019'!G26+'SNA 10-2019'!G26+'SNA 11-2019'!G26+'SNA 12-2019'!G26 -> 75 | I26: ='SNA 01-2019'!I26+'SNA 02-2019'!I26+'SNA 03-2019'!I26+'SNA 04-2019'!I26+'SNA 05-2019'!I26+'SNA 06-2019'!I26+'SNA 07-2019'!I26+'SNA 08-2019'!I26+'SNA 09-2019'!I26+'SNA 10-2019'!I26+'SNA 11-2019'!I26+'SNA 12-2019'!I26 -> 510.04
A27: RESTITUTION TVA | B27: ='SNA 01-2019'!B27+'SNA 02-2019'!B27+'SNA 03-2019'!B27+'SNA 04-2019'!B27+'SNA 05-2019'!B27+'SNA 06-2019'!B27+'SNA 07-2019'!B27+'SNA 08-2019'!B27+'SNA 09-2019'!B27+'SNA 10-2019'!B27+'SNA 11-2019'!B27+'SNA 12-2019'!B27 -> 0 | C27: ='SNA 01-2019'!C27+'SNA 02-2019'!C27+'SNA 03-2019'!C27+'SNA 04-2019'!C27+'SNA 05-2019'!C27+'SNA 06-2019'!C27+'SNA 07-2019'!C27+'SNA 08-2019'!C27+'SNA 09-2019'!C27+'SNA 10-2019'!C27+'SNA 11-2019'!C27+'SNA 12-2019'!C27 -> 0 | D27: ='SNA 01-2019'!D27+'SNA 02-2019'!D27+'SNA 03-2019'!D27+'SNA 04-2019'!D27+'SNA 05-2019'!D27+'SNA 06-2019'!D27+'SNA 07-2019'!D27+'SNA 08-2019'!D27+'SNA 09-2019'!D27+'SNA 10-2019'!D27+'SNA 11-2019'!D27+'SNA 12-2019'!D27 -> 0 | E27: =SUM(B27:D27) -> 0 | G27: ='SNA 01-2019'!G27+'SNA 02-2019'!G27+'SNA 03-2019'!G27+'SNA 04-2019'!G27+'SNA 05-2019'!G27+'SNA 06-2019'!G27+'SNA 07-2019'!G27+'SNA 08-2019'!G27+'SNA 09-2019'!G27+'SNA 10-2019'!G27+'SNA 11-2019'!G27+'SNA 12-2019'!G27 -> 0 | I27: ='SNA 01-2019'!I27+'SNA 02-2019'!I27+'SNA 03-2019'!I27+'SNA 04-2019'!I27+'SNA 05-2019'!I27+'SNA 06-2019'!I27+'SNA 07-2019'!I27+'SNA 08-2019'!I27+'SNA 09-2019'!I27+'SNA 10-2019'!I27+'SNA 11-2019'!I27+'SNA 12-2019'!I27 -> 0
A28: VENTE EQUIPEMENT | B28: ='SNA 01-2019'!B28+'SNA 02-2019'!B28+'SNA 03-2019'!B28+'SNA 04-2019'!B28+'SNA 05-2019'!B28+'SNA 06-2019'!B28+'SNA 07-2019'!B28+'SNA 08-2019'!B28+'SNA 09-2019'!B28+'SNA 10-2019'!B28+'SNA 11-2019'!B28+'SNA 12-2019'!B28 -> 0 | C28: ='SNA 01-2019'!C28+'SNA 02-2019'!C28+'SNA 03-2019'!C28+'SNA 04-2019'!C28+'SNA 05-2019'!C28+'SNA 06-2019'!C28+'SNA 07-2019'!C28+'SNA 08-2019'!C28+'SNA 09-2019'!C28+'SNA 10-2019'!C28+'SNA 11-2019'!C28+'SNA 12-2019'!C28 -> 99000 | D28: ='SNA 01-2019'!D28+'SNA 02-2019'!D28+'SNA 03-2019'!D28+'SNA 04-2019'!D28+'SNA 05-2019'!D28+'SNA 06-2019'!D28+'SNA 07-2019'!D28+'SNA 08-2019'!D28+'SNA 09-2019'!D28+'SNA 10-2019'!D28+'SNA 11-2019'!D28+'SNA 12-2019'!D28 -> 0 | E28: =SUM(B28:D28) -> 99000 | G28: ='SNA 01-2019'!G28+'SNA 02-2019'!G28+'SNA 03-2019'!G28+'SNA 04-2019'!G28+'SNA 05-2019'!G28+'SNA 06-2019'!G28+'SNA 07-2019'!G28+'SNA 08-2019'!G28+'SNA 09-2019'!G28+'SNA 10-2019'!G28+'SNA 11-2019'!G28+'SNA 12-2019'!G28 -> 0 | I28: ='SNA 01-2019'!I28+'SNA 02-2019'!I28+'SNA 03-2019'!I28+'SNA 04-2019'!I28+'SNA 05-2019'!I28+'SNA 06-2019'!I28+'SNA 07-2019'!I28+'SNA 08-2019'!I28+'SNA 09-2019'!I28+'SNA 10-2019'!I28+'SNA 11-2019'!I28+'SNA 12-2019'!I28 -> 0
A29: VENTE DOLLARS | B29: ='SNA 01-2019'!B29+'SNA 02-2019'!B29+'SNA 03-2019'!B29+'SNA 04-2019'!B29+'SNA 05-2019'!B29+'SNA 06-2019'!B29+'SNA 07-2019'!B29+'SNA 08-2019'!B29+'SNA 09-2019'!B29+'SNA 10-2019'!B29+'SNA 11-2019'!B29+'SNA 12-2019'!B29 -> 0 | C29: ='SNA 01-2019'!C29+'SNA 02-2019'!C29+'SNA 03-2019'!C29+'SNA 04-2019'!C29+'SNA 05-2019'!C29+'SNA 06-2019'!C29+'SNA 07-2019'!C29+'SNA 08-2019'!C29+'SNA 09-2019'!C29+'SNA 10-2019'!C29+'SNA 11-2019'!C29+'SNA 12-2019'!C29 -> 1140000 | D29: ='SNA 01-2019'!D29+'SNA 02-2019'!D29+'SNA 03-2019'!D29+'SNA 04-2019'!D29+'SNA 05-2019'!D29+'SNA 06-2019'!D29+'SNA 07-2019'!D29+'SNA 08-2019'!D29+'SNA 09-2019'!D29+'SNA 10-2019'!D29+'SNA 11-2019'!D29+'SNA 12-2019'!D29 -> 0 | E29: =SUM(B29:D29) -> 1140000 | G29: ='SNA 01-2019'!G29+'SNA 02-2019'!G29+'SNA 03-2019'!G29+'SNA 04-2019'!G29+'SNA 05-2019'!G29+'SNA 06-2019'!G29+'SNA 07-2019'!G29+'SNA 08-2019'!G29+'SNA 09-2019'!G29+'SNA 10-2019'!G29+'SNA 11-2019'!G29+'SNA 12-2019'!G29 -> 0 | I29: ='SNA 01-2019'!I29+'SNA 02-2019'!I29+'SNA 03-2019'!I29+'SNA 04-2019'!I29+'SNA 05-2019'!I29+'SNA 06-2019'!I29+'SNA 07-2019'!I29+'SNA 08-2019'!I29+'SNA 09-2019'!I29+'SNA 10-2019'!I29+'SNA 11-2019'!I29+'SNA 12-2019'!I29 -> -375000
A30: VENTE EURO | B30: ='SNA 01-2019'!B30+'SNA 02-2019'!B30+'SNA 03-2019'!B30+'SNA 04-2019'!B30+'SNA 05-2019'!B30+'SNA 06-2019'!B30+'SNA 07-2019'!B30+'SNA 08-2019'!B30+'SNA 09-2019'!B30+'SNA 10-2019'!B30+'SNA 11-2019'!B30+'SNA 12-2019'!B30 -> 0 | C30: ='SNA 01-2019'!C30+'SNA 02-2019'!C30+'SNA 03-2019'!C30+'SNA 04-2019'!C30+'SNA 05-2019'!C30+'SNA 06-2019'!C30+'SNA 07-2019'!C30+'SNA 08-2019'!C30+'SNA 09-2019'!C30+'SNA 10-2019'!C30+'SNA 11-2019'!C30+'SNA 12-2019'!C30 -> 3542180 | D30: ='SNA 01-2019'!D30+'SNA 02-2019'!D30+'SNA 03-2019'!D30+'SNA 04-2019'!D30+'SNA 05-2019'!D30+'SNA 06-2019'!D30+'SNA 07-2019'!D30+'SNA 08-2019'!D30+'SNA 09-2019'!D30+'SNA 10-2019'!D30+'SNA 11-2019'!D30+'SNA 12-2019'!D30 -> 0 | E30: =SUM(B30:D30) -> 3542180 | G30: ='SNA 01-2019'!G30+'SNA 02-2019'!G30+'SNA 03-2019'!G30+'SNA 04-2019'!G30+'SNA 05-2019'!G30+'SNA 06-2019'!G30+'SNA 07-2019'!G30+'SNA 08-2019'!G30+'SNA 09-2019'!G30+'SNA 10-2019'!G30+'SNA 11-2019'!G30+'SNA 12-2019'!G30 -> -1050000 | I30: ='SNA 01-2019'!I30+'SNA 02-2019'!I30+'SNA 03-2019'!I30+'SNA 04-2019'!I30+'SNA 05-2019'!I30+'SNA 06-2019'!I30+'SNA 07-2019'!I30+'SNA 08-2019'!I30+'SNA 09-2019'!I30+'SNA 10-2019'!I30+'SNA 11-2019'!I30+'SNA 12-2019'!I30 -> 0
A31: ENGAGEMENT BANCAIRE | B31: =SUM(B32:B54) -> -5342.07 | C31: =SUM(C32:C54) -> -2617191.6 | D31: =SUM(D32:D54) -> 0 | E31: =SUM(B31:D31) -> -2622533.7 | G31: =SUM(G32:G54) -> 0 | I31: =SUM(I32:I54) -> 0
A32: CMT 1000 | B32: ='SNA 01-2019'!B32+'SNA 02-2019'!B32+'SNA 03-2019'!B32+'SNA 04-2019'!B32+'SNA 05-2019'!B32+'SNA 06-2019'!B32+'SNA 07-2019'!B32+'SNA 08-2019'!B32+'SNA 09-2019'!B32+'SNA 10-2019'!B32+'SNA 11-2019'!B32+'SNA 12-2019'!B32 -> 0 | C32: ='SNA 01-2019'!C32+'SNA 02-2019'!C32+'SNA 03-2019'!C32+'SNA 04-2019'!C32+'SNA 05-2019'!C32+'SNA 06-2019'!C32+'SNA 07-2019'!C32+'SNA 08-2019'!C32+'SNA 09-2019'!C32+'SNA 10-2019'!C32+'SNA 11-2019'!C32+'SNA 12-2019'!C32 -> -166666.67 | D32: ='SNA 01-2019'!D32+'SNA 02-2019'!D32+'SNA 03-2019'!D32+'SNA 04-2019'!D32+'SNA 05-2019'!D32+'SNA 06-2019'!D32+'SNA 07-2019'!D32+'SNA 08-2019'!D32+'SNA 09-2019'!D32+'SNA 10-2019'!D32+'SNA 11-2019'!D32+'SNA 12-2019'!D32 -> 0 | E32: =SUM(B32:D32) -> -166666.67 | G32: ='SNA 01-2019'!G32+'SNA 02-2019'!G32+'SNA 03-2019'!G32+'SNA 04-2019'!G32+'SNA 05-2019'!G32+'SNA 06-2019'!G32+'SNA 07-2019'!G32+'SNA 08-2019'!G32+'SNA 09-2019'!G32+'SNA 10-2019'!G32+'SNA 11-2019'!G32+'SNA 12-2019'!G32 -> 0 | I32: ='SNA 01-2019'!I32+'SNA 02-2019'!I32+'SNA 03-2019'!I32+'SNA 04-2019'!I32+'SNA 05-2019'!I32+'SNA 06-2019'!I32+'SNA 07-2019'!I32+'SNA 08-2019'!I32+'SNA 09-2019'!I32+'SNA 10-2019'!I32+'SNA 11-2019'!I32+'SNA 12-2019'!I32 -> 0
A33: CMT 1000 1 | B33: ='SNA 01-2019'!B33+'SNA 02-2019'!B33+'SNA 03-2019'!B33+'SNA 04-2019'!B33+'SNA 05-2019'!B33+'SNA 06-2019'!B33+'SNA 07-2019'!B33+'SNA 08-2019'!B33+'SNA 09-2019'!B33+'SNA 10-2019'!B33+'SNA 11-2019'!B33+'SNA 12-2019'!B33 -> 0 | C33: ='SNA 01-2019'!C33+'SNA 02-2019'!C33+'SNA 03-2019'!C33+'SNA 04-2019'!C33+'SNA 05-2019'!C33+'SNA 06-2019'!C33+'SNA 07-2019'!C33+'SNA 08-2019'!C33+'SNA 09-2019'!C33+'SNA 10-2019'!C33+'SNA 11-2019'!C33+'SNA 12-2019'!C33 -> 0 | D33: ='SNA 01-2019'!D33+'SNA 02-2019'!D33+'SNA 03-2019'!D33+'SNA 04-2019'!D33+'SNA 05-2019'!D33+'SNA 06-2019'!D33+'SNA 07-2019'!D33+'SNA 08-2019'!D33+'SNA 09-2019'!D33+'SNA 10-2019'!D33+'SNA 11-2019'!D33+'SNA 12-2019'!D33 -> 0 | E33: =SUM(B33:D33) -> 0 | G33: ='SNA 01-2019'!G33+'SNA 02-2019'!G33+'SNA 03-2019'!G33+'SNA 04-2019'!G33+'SNA 05-2019'!G33+'SNA 06-2019'!G33+'SNA 07-2019'!G33+'SNA 08-2019'!G33+'SNA 09-2019'!G33+'SNA 10-2019'!G33+'SNA 11-2019'!G33+'SNA 12-2019'!G33 -> 0 | I33: ='SNA 01-2019'!I33+'SNA 02-2019'!I33+'SNA 03-2019'!I33+'SNA 04-2019'!I33+'SNA 05-2019'!I33+'SNA 06-2019'!I33+'SNA 07-2019'!I33+'SNA 08-2019'!I33+'SNA 09-2019'!I33+'SNA 10-2019'!I33+'SNA 11-2019'!I33+'SNA 12-2019'!I33 -> 0
A34: CMT 1150 | B34: ='SNA 01-2019'!B34+'SNA 02-2019'!B34+'SNA 03-2019'!B34+'SNA 04-2019'!B34+'SNA 05-2019'!B34+'SNA 06-2019'!B34+'SNA 07-2019'!B34+'SNA 08-2019'!B34+'SNA 09-2019'!B34+'SNA 10-2019'!B34+'SNA 11-2019'!B34+'SNA 12-2019'!B34 -> 0 | C34: ='SNA 01-2019'!C34+'SNA 02-2019'!C34+'SNA 03-2019'!C34+'SNA 04-2019'!C34+'SNA 05-2019'!C34+'SNA 06-2019'!C34+'SNA 07-2019'!C34+'SNA 08-2019'!C34+'SNA 09-2019'!C34+'SNA 10-2019'!C34+'SNA 11-2019'!C34+'SNA 12-2019'!C34 -> -191666.67 | D34: ='SNA 01-2019'!D34+'SNA 02-2019'!D34+'SNA 03-2019'!D34+'SNA 04-2019'!D34+'SNA 05-2019'!D34+'SNA 06-2019'!D34+'SNA 07-2019'!D34+'SNA 08-2019'!D34+'SNA 09-2019'!D34+'SNA 10-2019'!D34+'SNA 11-2019'!D34+'SNA 12-2019'!D34 -> 0 | E34: =SUM(B34:D34) -> -191666.67 | G34: ='SNA 01-2019'!G34+'SNA 02-2019'!G34+'SNA 03-2019'!G34+'SNA 04-2019'!G34+'SNA 05-2019'!G34+'SNA 06-2019'!G34+'SNA 07-2019'!G34+'SNA 08-2019'!G34+'SNA 09-2019'!G34+'SNA 10-2019'!G34+'SNA 11-2019'!G34+'SNA 12-2019'!G34 -> 0 | I34: ='SNA 01-2019'!I34+'SNA 02-2019'!I34+'SNA 03-2019'!I34+'SNA 04-2019'!I34+'SNA 05-2019'!I34+'SNA 06-2019'!I34+'SNA 07-2019'!I34+'SNA 08-2019'!I34+'SNA 09-2019'!I34+'SNA 10-2019'!I34+'SNA 11-2019'!I34+'SNA 12-2019'!I34 -> 0
A35: CMT 1250 | B35: ='SNA 01-2019'!B35+'SNA 02-2019'!B35+'SNA 03-2019'!B35+'SNA 04-2019'!B35+'SNA 05-2019'!B35+'SNA 06-2019'!B35+'SNA 07-2019'!B35+'SNA 08-2019'!B35+'SNA 09-2019'!B35+'SNA 10-2019'!B35+'SNA 11-2019'!B35+'SNA 12-2019'!B35 -> 0 | C35: ='SNA 01-2019'!C35+'SNA 02-2019'!C35+'SNA 03-2019'!C35+'SNA 04-2019'!C35+'SNA 05-2019'!C35+'SNA 06-2019'!C35+'SNA 07-2019'!C35+'SNA 08-2019'!C35+'SNA 09-2019'!C35+'SNA 10-2019'!C35+'SNA 11-2019'!C35+'SNA 12-2019'!C35 -> 0 | D35: ='SNA 01-2019'!D35+'SNA 02-2019'!D35+'SNA 03-2019'!D35+'SNA 04-2019'!D35+'SNA 05-2019'!D35+'SNA 06-2019'!D35+'SNA 07-2019'!D35+'SNA 08-2019'!D35+'SNA 09-2019'!D35+'SNA 10-2019'!D35+'SNA 11-2019'!D35+'SNA 12-2019'!D35 -> 0 | E35: =SUM(B35:D35) -> 0 | G35: ='SNA 01-2019'!G35+'SNA 02-2019'!G35+'SNA 03-2019'!G35+'SNA 04-2019'!G35+'SNA 05-2019'!G35+'SNA 06-2019'!G35+'SNA 07-2019'!G35+'SNA 08-2019'!G35+'SNA 09-2019'!G35+'SNA 10-2019'!G35+'SNA 11-2019'!G35+'SNA 12-2019'!G35 -> 0 | I35: ='SNA 01-2019'!I35+'SNA 02-2019'!I35+'SNA 03-2019'!I35+'SNA 04-2019'!I35+'SNA 05-2019'!I35+'SNA 06-2019'!I35+'SNA 07-2019'!I35+'SNA 08-2019'!I35+'SNA 09-2019'!I35+'SNA 10-2019'!I35+'SNA 11-2019'!I35+'SNA 12-2019'!I35 -> 0
A36: CMT 2418 | B36: ='SNA 01-2019'!B36+'SNA 02-2019'!B36+'SNA 03-2019'!B36+'SNA 04-2019'!B36+'SNA 05-2019'!B36+'SNA 06-2019'!B36+'SNA 07-2019'!B36+'SNA 08-2019'!B36+'SNA 09-2019'!B36+'SNA 10-2019'!B36+'SNA 11-2019'!B36+'SNA 12-2019'!B36 -> 0 | C36: ='SNA 01-2019'!C36+'SNA 02-2019'!C36+'SNA 03-2019'!C36+'SNA 04-2019'!C36+'SNA 05-2019'!C36+'SNA 06-2019'!C36+'SNA 07-2019'!C36+'SNA 08-2019'!C36+'SNA 09-2019'!C36+'SNA 10-2019'!C36+'SNA 11-2019'!C36+'SNA 12-2019'!C36 -> -172714.28 | D36: ='SNA 01-2019'!D36+'SNA 02-2019'!D36+'SNA 03-2019'!D36+'SNA 04-2019'!D36+'SNA 05-2019'!D36+'SNA 06-2019'!D36+'SNA 07-2019'!D36+'SNA 08-2019'!D36+'SNA 09-2019'!D36+'SNA 10-2019'!D36+'SNA 11-2019'!D36+'SNA 12-2019'!D36 -> 0 | E36: =SUM(B36:D36) -> -172714.28 | G36: ='SNA 01-2019'!G36+'SNA 02-2019'!G36+'SNA 03-2019'!G36+'SNA 04-2019'!G36+'SNA 05-2019'!G36+'SNA 06-2019'!G36+'SNA 07-2019'!G36+'SNA 08-2019'!G36+'SNA 09-2019'!G36+'SNA 10-2019'!G36+'SNA 11-2019'!G36+'SNA 12-2019'!G36 -> 0 | I36: ='SNA 01-2019'!I36+'SNA 02-2019'!I36+'SNA 03-2019'!I36+'SNA 04-2019'!I36+'SNA 05-2019'!I36+'SNA 06-2019'!I36+'SNA 07-2019'!I36+'SNA 08-2019'!I36+'SNA 09-2019'!I36+'SNA 10-2019'!I36+'SNA 11-2019'!I36+'SNA 12-2019'!I36 -> 0
A37: CMT 2500 | B37: ='SNA 01-2019'!B37+'SNA 02-2019'!B37+'SNA 03-2019'!B37+'SNA 04-2019'!B37+'SNA 05-2019'!B37+'SNA 06-2019'!B37+'SNA 07-2019'!B37+'SNA 08-2019'!B37+'SNA 09-2019'!B37+'SNA 10-2019'!B37+'SNA 11-2019'!B37+'SNA 12-2019'!B37 -> 0 | C37: ='SNA 01-2019'!C37+'SNA 02-2019'!C37+'SNA 03-2019'!C37+'SNA 04-2019'!C37+'SNA 05-2019'!C37+'SNA 06-2019'!C37+'SNA 07-2019'!C37+'SNA 08-2019'!C37+'SNA 09-2019'!C37+'SNA 10-2019'!C37+'SNA 11-2019'!C37+'SNA 12-2019'!C37 -> -208333.33 | D37: ='SNA 01-2019'!D37+'SNA 02-2019'!D37+'SNA 03-2019'!D37+'SNA 04-2019'!D37+'SNA 05-2019'!D37+'SNA 06-2019'!D37+'SNA 07-2019'!D37+'SNA 08-2019'!D37+'SNA 09-2019'!D37+'SNA 10-2019'!D37+'SNA 11-2019'!D37+'SNA 12-2019'!D37 -> 0 | E37: =SUM(B37:D37) -> -208333.33 | G37: ='SNA 01-2019'!G37+'SNA 02-2019'!G37+'SNA 03-2019'!G37+'SNA 04-2019'!G37+'SNA 05-2019'!G37+'SNA 06-2019'!G37+'SNA 07-2019'!G37+'SNA 08-2019'!G37+'SNA 09-2019'!G37+'SNA 10-2019'!G37+'SNA 11-2019'!G37+'SNA 12-2019'!G37 -> 0 | I37: ='SNA 01-2019'!I37+'SNA 02-2019'!I37+'SNA 03-2019'!I37+'SNA 04-2019'!I37+'SNA 05-2019'!I37+'SNA 06-2019'!I37+'SNA 07-2019'!I37+'SNA 08-2019'!I37+'SNA 09-2019'!I37+'SNA 10-2019'!I37+'SNA 11-2019'!I37+'SNA 12-2019'!I37 -> 0
A38: CMT 350 | B38: ='SNA 01-2019'!B38+'SNA 02-2019'!B38+'SNA 03-2019'!B38+'SNA 04-2019'!B38+'SNA 05-2019'!B38+'SNA 06-2019'!B38+'SNA 07-2019'!B38+'SNA 08-2019'!B38+'SNA 09-2019'!B38+'SNA 10-2019'!B38+'SNA 11-2019'!B38+'SNA 12-2019'!B38 -> 0 | C38: ='SNA 01-2019'!C38+'SNA 02-2019'!C38+'SNA 03-2019'!C38+'SNA 04-2019'!C38+'SNA 05-2019'!C38+'SNA 06-2019'!C38+'SNA 07-2019'!C38+'SNA 08-2019'!C38+'SNA 09-2019'!C38+'SNA 10-2019'!C38+'SNA 11-2019'!C38+'SNA 12-2019'!C38 -> -58333.334 | D38: ='SNA 01-2019'!D38+'SNA 02-2019'!D38+'SNA 03-2019'!D38+'SNA 04-2019'!D38+'SNA 05-2019'!D38+'SNA 06-2019'!D38+'SNA 07-2019'!D38+'SNA 08-2019'!D38+'SNA 09-2019'!D38+'SNA 10-2019'!D38+'SNA 11-2019'!D38+'SNA 12-2019'!D38 -> 0 | E38: =SUM(B38:D38) -> -58333.334 | G38: ='SNA 01-2019'!G38+'SNA 02-2019'!G38+'SNA 03-2019'!G38+'SNA 04-2019'!G38+'SNA 05-2019'!G38+'SNA 06-2019'!G38+'SNA 07-2019'!G38+'SNA 08-2019'!G38+'SNA 09-2019'!G38+'SNA 10-2019'!G38+'SNA 11-2019'!G38+'SNA 12-2019'!G38 -> 0 | I38: ='SNA 01-2019'!I38+'SNA 02-2019'!I38+'SNA 03-2019'!I38+'SNA 04-2019'!I38+'SNA 05-2019'!I38+'SNA 06-2019'!I38+'SNA 07-2019'!I38+'SNA 08-2019'!I38+'SNA 09-2019'!I38+'SNA 10-2019'!I38+'SNA 11-2019'!I38+'SNA 12-2019'!I38 -> 0
A39: CMT 500 | B39: ='SNA 01-2019'!B39+'SNA 02-2019'!B39+'SNA 03-2019'!B39+'SNA 04-2019'!B39+'SNA 05-2019'!B39+'SNA 06-2019'!B39+'SNA 07-2019'!B39+'SNA 08-2019'!B39+'SNA 09-2019'!B39+'SNA 10-2019'!B39+'SNA 11-2019'!B39+'SNA 12-2019'!B39 -> 0 | C39: ='SNA 01-2019'!C39+'SNA 02-2019'!C39+'SNA 03-2019'!C39+'SNA 04-2019'!C39+'SNA 05-2019'!C39+'SNA 06-2019'!C39+'SNA 07-2019'!C39+'SNA 08-2019'!C39+'SNA 09-2019'!C39+'SNA 10-2019'!C39+'SNA 11-2019'!C39+'SNA 12-2019'!C39 -> -166666.67 | D39: ='SNA 01-2019'!D39+'SNA 02-2019'!D39+'SNA 03-2019'!D39+'SNA 04-2019'!D39+'SNA 05-2019'!D39+'SNA 06-2019'!D39+'SNA 07-2019'!D39+'SNA 08-2019'!D39+'SNA 09-2019'!D39+'SNA 10-2019'!D39+'SNA 11-2019'!D39+'SNA 12-2019'!D39 -> 0 | E39: =SUM(B39:D39) -> -166666.67 | G39: ='SNA 01-2019'!G39+'SNA 02-2019'!G39+'SNA 03-2019'!G39+'SNA 04-2019'!G39+'SNA 05-2019'!G39+'SNA 06-2019'!G39+'SNA 07-2019'!G39+'SNA 08-2019'!G39+'SNA 09-2019'!G39+'SNA 10-2019'!G39+'SNA 11-2019'!G39+'SNA 12-2019'!G39 -> 0 | I39: ='SNA 01-2019'!I39+'SNA 02-2019'!I39+'SNA 03-2019'!I39+'SNA 04-2019'!I39+'SNA 05-2019'!I39+'SNA 06-2019'!I39+'SNA 07-2019'!I39+'SNA 08-2019'!I39+'SNA 09-2019'!I39+'SNA 10-2019'!I39+'SNA 11-2019'!I39+'SNA 12-2019'!I39 -> 0
A40: CMT BTK | B40: ='SNA 01-2019'!B40+'SNA 02-2019'!B40+'SNA 03-2019'!B40+'SNA 04-2019'!B40+'SNA 05-2019'!B40+'SNA 06-2019'!B40+'SNA 07-2019'!B40+'SNA 08-2019'!B40+'SNA 09-2019'!B40+'SNA 10-2019'!B40+'SNA 11-2019'!B40+'SNA 12-2019'!B40 -> 0 | C40: ='SNA 01-2019'!C40+'SNA 02-2019'!C40+'SNA 03-2019'!C40+'SNA 04-2019'!C40+'SNA 05-2019'!C40+'SNA 06-2019'!C40+'SNA 07-2019'!C40+'SNA 08-2019'!C40+'SNA 09-2019'!C40+'SNA 10-2019'!C40+'SNA 11-2019'!C40+'SNA 12-2019'!C40 -> 0 | D40: ='SNA 01-2019'!D40+'SNA 02-2019'!D40+'SNA 03-2019'!D40+'SNA 04-2019'!D40+'SNA 05-2019'!D40+'SNA 06-2019'!D40+'SNA 07-2019'!D40+'SNA 08-2019'!D40+'SNA 09-2019'!D40+'SNA 10-2019'!D40+'SNA 11-2019'!D40+'SNA 12-2019'!D40 -> 0 | E40: =SUM(B40:D40) -> 0 | G40: ='SNA 01-2019'!G40+'SNA 02-2019'!G40+'SNA 03-2019'!G40+'SNA 04-2019'!G40+'SNA 05-2019'!G40+'SNA 06-2019'!G40+'SNA 07-2019'!G40+'SNA 08-2019'!G40+'SNA 09-2019'!G40+'SNA 10-2019'!G40+'SNA 11-2019'!G40+'SNA 12-2019'!G40 -> 0 | I40: ='SNA 01-2019'!I40+'SNA 02-2019'!I40+'SNA 03-2019'!I40+'SNA 04-2019'!I40+'SNA 05-2019'!I40+'SNA 06-2019'!I40+'SNA 07-2019'!I40+'SNA 08-2019'!I40+'SNA 09-2019'!I40+'SNA 10-2019'!I40+'SNA 11-2019'!I40+'SNA 12-2019'!I40 -> 0
A41: CREDIT DE GESTION | B41: ='SNA 01-2019'!B41+'SNA 02-2019'!B41+'SNA 03-2019'!B41+'SNA 04-2019'!B41+'SNA 05-2019'!B41+'SNA 06-2019'!B41+'SNA 07-2019'!B41+'SNA 08-2019'!B41+'SNA 09-2019'!B41+'SNA 10-2019'!B41+'SNA 11-2019'!B41+'SNA 12-2019'!B41 -> 0 | C41: ='SNA 01-2019'!C41+'SNA 02-2019'!C41+'SNA 03-2019'!C41+'SNA 04-2019'!C41+'SNA 05-2019'!C41+'SNA 06-2019'!C41+'SNA 07-2019'!C41+'SNA 08-2019'!C41+'SNA 09-2019'!C41+'SNA 10-2019'!C41+'SNA 11-2019'!C41+'SNA 12-2019'!C41 -> 0 | D41: ='SNA 01-2019'!D41+'SNA 02-2019'!D41+'SNA 03-2019'!D41+'SNA 04-2019'!D41+'SNA 05-2019'!D41+'SNA 06-2019'!D41+'SNA 07-2019'!D41+'SNA 08-2019'!D41+'SNA 09-2019'!D41+'SNA 10-2019'!D41+'SNA 11-2019'!D41+'SNA 12-2019'!D41 -> 0 | E41: =SUM(B41:D41) -> 0 | G41: ='SNA 01-2019'!G41+'SNA 02-2019'!G41+'SNA 03-2019'!G41+'SNA 04-2019'!G41+'SNA 05-2019'!G41+'SNA 06-2019'!G41+'SNA 07-2019'!G41+'SNA 08-2019'!G41+'SNA 09-2019'!G41+'SNA 10-2019'!G41+'SNA 11-2019'!G41+'SNA 12-2019'!G41 -> 0 | I41: ='SNA 01-2019'!I41+'SNA 02-2019'!I41+'SNA 03-2019'!I41+'SNA 04-2019'!I41+'SNA 05-2019'!I41+'SNA 06-2019'!I41+'SNA 07-2019'!I41+'SNA 08-2019'!I41+'SNA 09-2019'!I41+'SNA 10-2019'!I41+'SNA 11-2019'!I41+'SNA 12-2019'!I41 -> 0
A42: INTERET CMT 1000 | B42: ='SNA 01-2019'!B42+'SNA 02-2019'!B42+'SNA 03-2019'!B42+'SNA 04-2019'!B42+'SNA 05-2019'!B42+'SNA 06-2019'!B42+'SNA 07-2019'!B42+'SNA 08-2019'!B42+'SNA 09-2019'!B42+'SNA 10-2019'!B42+'SNA 11-2019'!B42+'SNA 12-2019'!B42 -> 0 | C42: ='SNA 01-2019'!C42+'SNA 02-2019'!C42+'SNA 03-2019'!C42+'SNA 04-2019'!C42+'SNA 05-2019'!C42+'SNA 06-2019'!C42+'SNA 07-2019'!C42+'SNA 08-2019'!C42+'SNA 09-2019'!C42+'SNA 10-2019'!C42+'SNA 11-2019'!C42+'SNA 12-2019'!C42 -> -52035.611 | D42: ='SNA 01-2019'!D42+'SNA 02-2019'!D42+'SNA 03-2019'!D42+'SNA 04-2019'!D42+'SNA 05-2019'!D42+'SNA 06-2019'!D42+'SNA 07-2019'!D42+'SNA 08-2019'!D42+'SNA 09-2019'!D42+'SNA 10-2019'!D42+'SNA 11-2019'!D42+'SNA 12-2019'!D42 -> 0 | E42: =SUM(B42:D42) -> -52035.611 | G42: ='SNA 01-2019'!G42+'SNA 02-2019'!G42+'SNA 03-2019'!G42+'SNA 04-2019'!G42+'SNA 05-2019'!G42+'SNA 06-2019'!G42+'SNA 07-2019'!G42+'SNA 08-2019'!G42+'SNA 09-2019'!G42+'SNA 10-2019'!G42+'SNA 11-2019'!G42+'SNA 12-2019'!G42 -> 0 | I42: ='SNA 01-2019'!I42+'SNA 02-2019'!I42+'SNA 03-2019'!I42+'SNA 04-2019'!I42+'SNA 05-2019'!I42+'SNA 06-2019'!I42+'SNA 07-2019'!I42+'SNA 08-2019'!I42+'SNA 09-2019'!I42+'SNA 10-2019'!I42+'SNA 11-2019'!I42+'SNA 12-2019'!I42 -> 0
A43: INTERET CMT 1000 1 | B43: ='SNA 01-2019'!B43+'SNA 02-2019'!B43+'SNA 03-2019'!B43+'SNA 04-2019'!B43+'SNA 05-2019'!B43+'SNA 06-2019'!B43+'SNA 07-2019'!B43+'SNA 08-2019'!B43+'SNA 09-2019'!B43+'SNA 10-2019'!B43+'SNA 11-2019'!B43+'SNA 12-2019'!B43 -> 0 | C43: ='SNA 01-2019'!C43+'SNA 02-2019'!C43+'SNA 03-2019'!C43+'SNA 04-2019'!C43+'SNA 05-2019'!C43+'SNA 06-2019'!C43+'SNA 07-2019'!C43+'SNA 08-2019'!C43+'SNA 09-2019'!C43+'SNA 10-2019'!C43+'SNA 11-2019'!C43+'SNA 12-2019'!C43 -> 0 | D43: ='SNA 01-2019'!D43+'SNA 02-2019'!D43+'SNA 03-2019'!D43+'SNA 04-2019'!D43+'SNA 05-2019'!D43+'SNA 06-2019'!D43+'SNA 07-2019'!D43+'SNA 08-2019'!D43+'SNA 09-2019'!D43+'SNA 10-2019'!D43+'SNA 11-2019'!D43+'SNA 12-2019'!D43 -> 0 | E43: =SUM(B43:D43) -> 0 | G43: ='SNA 01-2019'!G43+'SNA 02-2019'!G43+'SNA 03-2019'!G43+'SNA 04-2019'!G43+'SNA 05-2019'!G43+'SNA 06-2019'!G43+'SNA 07-2019'!G43+'SNA 08-2019'!G43+'SNA 09-2019'!G43+'SNA 10-2019'!G43+'SNA 11-2019'!G43+'SNA 12-2019'!G43 -> 0 | I43: ='SNA 01-2019'!I43+'SNA 02-2019'!I43+'SNA 03-2019'!I43+'SNA 04-2019'!I43+'SNA 05-2019'!I43+'SNA 06-2019'!I43+'SNA 07-2019'!I43+'SNA 08-2019'!I43+'SNA 09-2019'!I43+'SNA 10-2019'!I43+'SNA 11-2019'!I43+'SNA 12-2019'!I43 -> 0
... A54: LEASING | B54: ='SNA 01-2019'!B54+'SNA 02-2019'!B54+'SNA 03-2019'!B54+'SNA 04-2019'!B54+'SNA 05-2019'!B54+'SNA 06-2019'!B54+'SNA 07-2019'!B54+'SNA 08-2019'!B54+'SNA 09-2019'!B54+'SNA 10-2019'!B54+'SNA 11-2019'!B54+'SNA 12-2019'!B54 -> -5342.07 | C54: ='SNA 01-2019'!C54+'SNA 02-2019'!C54+'SNA 03-2019'!C54+'SNA 04-2019'!C54+'SNA 05-2019'!C54+'SNA 06-2019'!C54+'SNA 07-2019'!C54+'SNA 08-2019'!C54+'SNA 09-2019'!C54+'SNA 10-2019'!C54+'SNA 11-2019'!C54+'SNA 12-2019'!C54 -> -83868.123 | D54: ='SNA 01-2019'!D54+'SNA 02-2019'!D54+'SNA 03-2019'!D54+'SNA 04-2019'!D54+'SNA 05-2019'!D54+'SNA 06-2019'!D54+'SNA 07-2019'!D54+'SNA 08-2019'!D54+'SNA 09-2019'!D54+'SNA 10-2019'!D54+'SNA 11-2019'!D54+'SNA 12-2019'!D54 -> 0 | E54: =SUM(B54:D54) -> -89210.193 | G54: ='SNA 01-2019'!G54+'SNA 02-2019'!G54+'SNA 03-2019'!G54+'SNA 04-2019'!G54+'SNA 05-2019'!G54+'SNA 06-2019'!G54+'SNA 07-2019'!G54+'SNA 08-2019'!G54+'SNA 09-2019'!G54+'SNA 10-2019'!G54+'SNA 11-2019'!G54+'SNA 12-2019'!G54 -> 0 | I54: ='SNA 01-2019'!I54+'SNA 02-2019'!I54+'SNA 03-2019'!I54+'SNA 04-2019'!I54+'SNA 05-2019'!I54+'SNA 06-2019'!I54+'SNA 07-2019'!I54+'SNA 08-2019'!I54+'SNA 09-2019'!I54+'SNA 10-2019'!I54+'SNA 11-2019'!I54+'SNA 12-2019'!I54 -> 0
A55: FRAIS BANQUE | B55: =SUM(B56:B93) -> -264.18 | C55: =SUM(C56:C93) -> -477145.98 | D55: =SUM(D56:D93) -> 0 | E55: =SUM(B55:D55) -> -477410.16 | G55: =SUM(G56:G93) -> -4371.11 | I55: =SUM(I56:I93) -> -35.41
A56: AFFRANCHISSEMENT | B56: ='SNA 01-2019'!B56+'SNA 02-2019'!B56+'SNA 03-2019'!B56+'SNA 04-2019'!B56+'SNA 05-2019'!B56+'SNA 06-2019'!B56+'SNA 07-2019'!B56+'SNA 08-2019'!B56+'SNA 09-2019'!B56+'SNA 10-2019'!B56+'SNA 11-2019'!B56+'SNA 12-2019'!B56 -> 0 | C56: ='SNA 01-2019'!C56+'SNA 02-2019'!C56+'SNA 03-2019'!C56+'SNA 04-2019'!C56+'SNA 05-2019'!C56+'SNA 06-2019'!C56+'SNA 07-2019'!C56+'SNA 08-2019'!C56+'SNA 09-2019'!C56+'SNA 10-2019'!C56+'SNA 11-2019'!C56+'SNA 12-2019'!C56 -> -44.5 | D56: ='SNA 01-2019'!D56+'SNA 02-2019'!D56+'SNA 03-2019'!D56+'SNA 04-2019'!D56+'SNA 05-2019'!D56+'SNA 06-2019'!D56+'SNA 07-2019'!D56+'SNA 08-2019'!D56+'SNA 09-2019'!D56+'SNA 10-2019'!D56+'SNA 11-2019'!D56+'SNA 12-2019'!D56 -> 0 | E56: =SUM(B56:D56) -> -44.5 | G56: ='SNA 01-2019'!G56+'SNA 02-2019'!G56+'SNA 03-2019'!G56+'SNA 04-2019'!G56+'SNA 05-2019'!G56+'SNA 06-2019'!G56+'SNA 07-2019'!G56+'SNA 08-2019'!G56+'SNA 09-2019'!G56+'SNA 10-2019'!G56+'SNA 11-2019'!G56+'SNA 12-2019'!G56 -> 0 | I56: ='SNA 01-2019'!I56+'SNA 02-2019'!I56+'SNA 03-2019'!I56+'SNA 04-2019'!I56+'SNA 05-2019'!I56+'SNA 06-2019'!I56+'SNA 07-2019'!I56+'SNA 08-2019'!I56+'SNA 09-2019'!I56+'SNA 10-2019'!I56+'SNA 11-2019'!I56+'SNA 12-2019'!I56 -> 0
A57: AGIOS DEBITEURS | B57: ='SNA 01-2019'!B57+'SNA 02-2019'!B57+'SNA 03-2019'!B57+'SNA 04-2019'!B57+'SNA 05-2019'!B57+'SNA 06-2019'!B57+'SNA 07-2019'!B57+'SNA 08-2019'!B57+'SNA 09-2019'!B57+'SNA 10-2019'!B57+'SNA 11-2019'!B57+'SNA 12-2019'!B57 -> -89.25 | C57: ='SNA 01-2019'!C57+'SNA 02-2019'!C57+'SNA 03-2019'!C57+'SNA 04-2019'!C57+'SNA 05-2019'!C57+'SNA 06-2019'!C57+'SNA 07-2019'!C57+'SNA 08-2019'!C57+'SNA 09-2019'!C57+'SNA 10-2019'!C57+'SNA 11-2019'!C57+'SNA 12-2019'!C57 -> -414342.61 | D57: ='SNA 01-2019'!D57+'SNA 02-2019'!D57+'SNA 03-2019'!D57+'SNA 04-2019'!D57+'SNA 05-2019'!D57+'SNA 06-2019'!D57+'SNA 07-2019'!D57+'SNA 08-2019'!D57+'SNA 09-2019'!D57+'SNA 10-2019'!D57+'SNA 11-2019'!D57+'SNA 12-2019'!D57 -> 0 | E57: =SUM(B57:D57) -> -414431.86 | G57: ='SNA 01-2019'!G57+'SNA 02-2019'!G57+'SNA 03-2019'!G57+'SNA 04-2019'!G57+'SNA 05-2019'!G57+'SNA 06-2019'!G57+'SNA 07-2019'!G57+'SNA 08-2019'!G57+'SNA 09-2019'!G57+'SNA 10-2019'!G57+'SNA 11-2019'!G57+'SNA 12-2019'!G57 -> -17.87 | I57: ='SNA 01-2019'!I57+'SNA 02-2019'!I57+'SNA 03-2019'!I57+'SNA 04-2019'!I57+'SNA 05-2019'!I57+'SNA 06-2019'!I57+'SNA 07-2019'!I57+'SNA 08-2019'!I57+'SNA 09-2019'!I57+'SNA 10-2019'!I57+'SNA 11-2019'!I57+'SNA 12-2019'!I57 -> -20.41
A58: COMMISSION SUR AVAL | B58: ='SNA 01-2019'!B58+'SNA 02-2019'!B58+'SNA 03-2019'!B58+'SNA 04-2019'!B58+'SNA 05-2019'!B58+'SNA 06-2019'!B58+'SNA 07-2019'!B58+'SNA 08-2019'!B58+'SNA 09-2019'!B58+'SNA 10-2019'!B58+'SNA 11-2019'!B58+'SNA 12-2019'!B58 -> 0 | C58: ='SNA 01-2019'!C58+'SNA 02-2019'!C58+'SNA 03-2019'!C58+'SNA 04-2019'!C58+'SNA 05-2019'!C58+'SNA 06-2019'!C58+'SNA 07-2019'!C58+'SNA 08-2019'!C58+'SNA 09-2019'!C58+'SNA 10-2019'!C58+'SNA 11-2019'!C58+'SNA 12-2019'!C58 -> 0 | D58: ='SNA 01-2019'!D58+'SNA 02-2019'!D58+'SNA 03-2019'!D58+'SNA 04-2019'!D58+'SNA 05-2019'!D58+'SNA 06-2019'!D58+'SNA 07-2019'!D58+'SNA 08-2019'!D58+'SNA 09-2019'!D58+'SNA 10-2019'!D58+'SNA 11-2019'!D58+'SNA 12-2019'!D58 -> 0 | E58: =SUM(B58:D58) -> 0 | G58: ='SNA 01-2019'!G58+'SNA 02-2019'!G58+'SNA 03-2019'!G58+'SNA 04-2019'!G58+'SNA 05-2019'!G58+'SNA 06-2019'!G58+'SNA 07-2019'!G58+'SNA 08-2019'!G58+'SNA 09-2019'!G58+'SNA 10-2019'!G58+'SNA 11-2019'!G58+'SNA 12-2019'!G58 -> 0 | I58: ='SNA 01-2019'!I58+'SNA 02-2019'!I58+'SNA 03-2019'!I58+'SNA 04-2019'!I58+'SNA 05-2019'!I58+'SNA 06-2019'!I58+'SNA 07-2019'!I58+'SNA 08-2019'!I58+'SNA 09-2019'!I58+'SNA 10-2019'!I58+'SNA 11-2019'!I58+'SNA 12-2019'!I58 -> 0
A59: COMMISSION SUR CHQ CERTIFIE | B59: ='SNA 01-2019'!B59+'SNA 02-2019'!B59+'SNA 03-2019'!B59+'SNA 04-2019'!B59+'SNA 05-2019'!B59+'SNA 06-2019'!B59+'SNA 07-2019'!B59+'SNA 08-2019'!B59+'SNA 09-2019'!B59+'SNA 10-2019'!B59+'SNA 11-2019'!B59+'SNA 12-2019'!B59 -> 0 | C59: ='SNA 01-2019'!C59+'SNA 02-2019'!C59+'SNA 03-2019'!C59+'SNA 04-2019'!C59+'SNA 05-2019'!C59+'SNA 06-2019'!C59+'SNA 07-2019'!C59+'SNA 08-2019'!C59+'SNA 09-2019'!C59+'SNA 10-2019'!C59+'SNA 11-2019'!C59+'SNA 12-2019'!C59 -> -367.95 | D59: ='SNA 01-2019'!D59+'SNA 02-2019'!D59+'SNA 03-2019'!D59+'SNA 04-2019'!D59+'SNA 05-2019'!D59+'SNA 06-2019'!D59+'SNA 07-2019'!D59+'SNA 08-2019'!D59+'SNA 09-2019'!D59+'SNA 10-2019'!D59+'SNA 11-2019'!D59+'SNA 12-2019'!D59 -> 0 | E59: =SUM(B59:D59) -> -367.95 | G59: ='SNA 01-2019'!G59+'SNA 02-2019'!G59+'SNA 03-2019'!G59+'SNA 04-2019'!G59+'SNA 05-2019'!G59+'SNA 06-2019'!G59+'SNA 07-2019'!G59+'SNA 08-2019'!G59+'SNA 09-2019'!G59+'SNA 10-2019'!G59+'SNA 11-2019'!G59+'SNA 12-2019'!G59 -> 0 | I59: ='SNA 01-2019'!I59+'SNA 02-2019'!I59+'SNA 03-2019'!I59+'SNA 04-2019'!I59+'SNA 05-2019'!I59+'SNA 06-2019'!I59+'SNA 07-2019'!I59+'SNA 08-2019'!I59+'SNA 09-2019'!I59+'SNA 10-2019'!I59+'SNA 11-2019'!I59+'SNA 12-2019'!I59 -> 0
A60: COM / ESCOMPTE | B60: ='SNA 01-2019'!B60+'SNA 02-2019'!B60+'SNA 03-2019'!B60+'SNA 04-2019'!B60+'SNA 05-2019'!B60+'SNA 06-2019'!B60+'SNA 07-2019'!B60+'SNA 08-2019'!B60+'SNA 09-2019'!B60+'SNA 10-2019'!B60+'SNA 11-2019'!B60+'SNA 12-2019'!B60 -> 0 | C60: ='SNA 01-2019'!C60+'SNA 02-2019'!C60+'SNA 03-2019'!C60+'SNA 04-2019'!C60+'SNA 05-2019'!C60+'SNA 06-2019'!C60+'SNA 07-2019'!C60+'SNA 08-2019'!C60+'SNA 09-2019'!C60+'SNA 10-2019'!C60+'SNA 11-2019'!C60+'SNA 12-2019'!C60 -> -8.925 | D60: ='SNA 01-2019'!D60+'SNA 02-2019'!D60+'SNA 03-2019'!D60+'SNA 04-2019'!D60+'SNA 05-2019'!D60+'SNA 06-2019'!D60+'SNA 07-2019'!D60+'SNA 08-2019'!D60+'SNA 09-2019'!D60+'SNA 10-2019'!D60+'SNA 11-2019'!D60+'SNA 12-2019'!D60 -> 0 | E60: =SUM(B60:D60) -> -8.925 | G60: ='SNA 01-2019'!G60+'SNA 02-2019'!G60+'SNA 03-2019'!G60+'SNA 04-2019'!G60+'SNA 05-2019'!G60+'SNA 06-2019'!G60+'SNA 07-2019'!G60+'SNA 08-2019'!G60+'SNA 09-2019'!G60+'SNA 10-2019'!G60+'SNA 11-2019'!G60+'SNA 12-2019'!G60 -> 0 | I60: ='SNA 01-2019'!I60+'SNA 02-2019'!I60+'SNA 03-2019'!I60+'SNA 04-2019'!I60+'SNA 05-2019'!I60+'SNA 06-2019'!I60+'SNA 07-2019'!I60+'SNA 08-2019'!I60+'SNA 09-2019'!I60+'SNA 10-2019'!I60+'SNA 11-2019'!I60+'SNA 12-2019'!I60 -> 0
A61: COM / VERS CHQ | B61: ='SNA 01-2019'!B61+'SNA 02-2019'!B61+'SNA 03-2019'!B61+'SNA 04-2019'!B61+'SNA 05-2019'!B61+'SNA 06-2019'!B61+'SNA 07-2019'!B61+'SNA 08-2019'!B61+'SNA 09-2019'!B61+'SNA 10-2019'!B61+'SNA 11-2019'!B61+'SNA 12-2019'!B61 -> -4.284 | C61: ='SNA 01-2019'!C61+'SNA 02-2019'!C61+'SNA 03-2019'!C61+'SNA 04-2019'!C61+'SNA 05-2019'!C61+'SNA 06-2019'!C61+'SNA 07-2019'!C61+'SNA 08-2019'!C61+'SNA 09-2019'!C61+'SNA 10-2019'!C61+'SNA 11-2019'!C61+'SNA 12-2019'!C61 -> -96.419 | D61: ='SNA 01-2019'!D61+'SNA 02-2019'!D61+'SNA 03-2019'!D61+'SNA 04-2019'!D61+'SNA 05-2019'!D61+'SNA 06-2019'!D61+'SNA 07-2019'!D61+'SNA 08-2019'!D61+'SNA 09-2019'!D61+'SNA 10-2019'!D61+'SNA 11-2019'!D61+'SNA 12-2019'!D61 -> 0 | E61: =SUM(B61:D61) -> -100.703 | G61: ='SNA 01-2019'!G61+'SNA 02-2019'!G61+'SNA 03-2019'!G61+'SNA 04-2019'!G61+'SNA 05-2019'!G61+'SNA 06-2019'!G61+'SNA 07-2019'!G61+'SNA 08-2019'!G61+'SNA 09-2019'!G61+'SNA 10-2019'!G61+'SNA 11-2019'!G61+'SNA 12-2019'!G61 -> 0 | I61: ='SNA 01-2019'!I61+'SNA 02-2019'!I61+'SNA 03-2019'!I61+'SNA 04-2019'!I61+'SNA 05-2019'!I61+'SNA 06-2019'!I61+'SNA 07-2019'!I61+'SNA 08-2019'!I61+'SNA 09-2019'!I61+'SNA 10-2019'!I61+'SNA 11-2019'!I61+'SNA 12-2019'!I61 -> 0
A62: COM ADM TEMPORAIRE | B62: ='SNA 01-2019'!B62+'SNA 02-2019'!B62+'SNA 03-2019'!B62+'SNA 04-2019'!B62+'SNA 05-2019'!B62+'SNA 06-2019'!B62+'SNA 07-2019'!B62+'SNA 08-2019'!B62+'SNA 09-2019'!B62+'SNA 10-2019'!B62+'SNA 11-2019'!B62+'SNA 12-2019'!B62 -> 0 | C62: ='SNA 01-2019'!C62+'SNA 02-2019'!C62+'SNA 03-2019'!C62+'SNA 04-2019'!C62+'SNA 05-2019'!C62+'SNA 06-2019'!C62+'SNA 07-2019'!C62+'SNA 08-2019'!C62+'SNA 09-2019'!C62+'SNA 10-2019'!C62+'SNA 11-2019'!C62+'SNA 12-2019'!C62 -> -3720.043 | D62: ='SNA 01-2019'!D62+'SNA 02-2019'!D62+'SNA 03-2019'!D62+'SNA 04-2019'!D62+'SNA 05-2019'!D62+'SNA 06-2019'!D62+'SNA 07-2019'!D62+'SNA 08-2019'!D62+'SNA 09-2019'!D62+'SNA 10-2019'!D62+'SNA 11-2019'!D62+'SNA 12-2019'!D62 -> 0 | E62: =SUM(B62:D62) -> -3720.043 | G62: ='SNA 01-2019'!G62+'SNA 02-2019'!G62+'SNA 03-2019'!G62+'SNA 04-2019'!G62+'SNA 05-2019'!G62+'SNA 06-2019'!G62+'SNA 07-2019'!G62+'SNA 08-2019'!G62+'SNA 09-2019'!G62+'SNA 10-2019'!G62+'SNA 11-2019'!G62+'SNA 12-2019'!G62 -> 0 | I62: ='SNA 01-2019'!I62+'SNA 02-2019'!I62+'SNA 03-2019'!I62+'SNA 04-2019'!I62+'SNA 05-2019'!I62+'SNA 06-2019'!I62+'SNA 07-2019'!I62+'SNA 08-2019'!I62+'SNA 09-2019'!I62+'SNA 10-2019'!I62+'SNA 11-2019'!I62+'SNA 12-2019'!I62 -> 0
A63: COM CAUTION DEFINITIVE | B63: ='SNA 01-2019'!B63+'SNA 02-2019'!B63+'SNA 03-2019'!B63+'SNA 04-2019'!B63+'SNA 05-2019'!B63+'SNA 06-2019'!B63+'SNA 07-2019'!B63+'SNA 08-2019'!B63+'SNA 09-2019'!B63+'SNA 10-2019'!B63+'SNA 11-2019'!B63+'SNA 12-2019'!B63 -> 0 | C63: ='SNA 01-2019'!C63+'SNA 02-2019'!C63+'SNA 03-2019'!C63+'SNA 04-2019'!C63+'SNA 05-2019'!C63+'SNA 06-2019'!C63+'SNA 07-2019'!C63+'SNA 08-2019'!C63+'SNA 09-2019'!C63+'SNA 10-2019'!C63+'SNA 11-2019'!C63+'SNA 12-2019'!C63 -> -441.3 | D63: ='SNA 01-2019'!D63+'SNA 02-2019'!D63+'SNA 03-2019'!D63+'SNA 04-2019'!D63+'SNA 05-2019'!D63+'SNA 06-2019'!D63+'SNA 07-2019'!D63+'SNA 08-2019'!D63+'SNA 09-2019'!D63+'SNA 10-2019'!D63+'SNA 11-2019'!D63+'SNA 12-2019'!D63 -> 0 | E63: =SUM(B63:D63) -> -441.3 | G63: ='SNA 01-2019'!G63+'SNA 02-2019'!G63+'SNA 03-2019'!G63+'SNA 04-2019'!G63+'SNA 05-2019'!G63+'SNA 06-2019'!G63+'SNA 07-2019'!G63+'SNA 08-2019'!G63+'SNA 09-2019'!G63+'SNA 10-2019'!G63+'SNA 11-2019'!G63+'SNA 12-2019'!G63 -> 0 | I63: ='SNA 01-2019'!I63+'SNA 02-2019'!I63+'SNA 03-2019'!I63+'SNA 04-2019'!I63+'SNA 05-2019'!I63+'SNA 06-2019'!I63+'SNA 07-2019'!I63+'SNA 08-2019'!I63+'SNA 09-2019'!I63+'SNA 10-2019'!I63+'SNA 11-2019'!I63+'SNA 12-2019'!I63 -> 0
A64: COM / AVAL EFFET | B64: ='SNA 01-2019'!B64+'SNA 02-2019'!B64+'SNA 03-2019'!B64+'SNA 04-2019'!B64+'SNA 05-2019'!B64+'SNA 06-2019'!B64+'SNA 07-2019'!B64+'SNA 08-2019'!B64+'SNA 09-2019'!B64+'SNA 10-2019'!B64+'SNA 11-2019'!B64+'SNA 12-2019'!B64 -> 0 | C64: ='SNA 01-2019'!C64+'SNA 02-2019'!C64+'SNA 03-2019'!C64+'SNA 04-2019'!C64+'SNA 05-2019'!C64+'SNA 06-2019'!C64+'SNA 07-2019'!C64+'SNA 08-2019'!C64+'SNA 09-2019'!C64+'SNA 10-2019'!C64+'SNA 11-2019'!C64+'SNA 12-2019'!C64 -> -16646.325 | D64: ='SNA 01-2019'!D64+'SNA 02-2019'!D64+'SNA 03-2019'!D64+'SNA 04-2019'!D64+'SNA 05-2019'!D64+'SNA 06-2019'!D64+'SNA 07-2019'!D64+'SNA 08-2019'!D64+'SNA 09-2019'!D64+'SNA 10-2019'!D64+'SNA 11-2019'!D64+'SNA 12-2019'!D64 -> 0 | E64: =SUM(B64:D64) -> -16646.325 | G64: ='SNA 01-2019'!G64+'SNA 02-2019'!G64+'SNA 03-2019'!G64+'SNA 04-2019'!G64+'SNA 05-2019'!G64+'SNA 06-2019'!G64+'SNA 07-2019'!G64+'SNA 08-2019'!G64+'SNA 09-2019'!G64+'SNA 10-2019'!G64+'SNA 11-2019'!G64+'SNA 12-2019'!G64 -> 0 | I64: ='SNA 01-2019'!I64+'SNA 02-2019'!I64+'SNA 03-2019'!I64+'SNA 04-2019'!I64+'SNA 05-2019'!I64+'SNA 06-2019'!I64+'SNA 07-2019'!I64+'SNA 08-2019'!I64+'SNA 09-2019'!I64+'SNA 10-2019'!I64+'SNA 11-2019'!I64+'SNA 12-2019'!I64 -> 0
A65: COM / CHQ IMPAYE | B65: ='SNA 01-2019'!B65+'SNA 02-2019'!B65+'SNA 03-2019'!B65+'SNA 04-2019'!B65+'SNA 05-2019'!B65+'SNA 06-2019'!B65+'SNA 07-2019'!B65+'SNA 08-2019'!B65+'SNA 09-2019'!B65+'SNA 10-2019'!B65+'SNA 11-2019'!B65+'SNA 12-2019'!B65 -> 0 | C65: ='SNA 01-2019'!C65+'SNA 02-2019'!C65+'SNA 03-2019'!C65+'SNA 04-2019'!C65+'SNA 05-2019'!C65+'SNA 06-2019'!C65+'SNA 07-2019'!C65+'SNA 08-2019'!C65+'SNA 09-2019'!C65+'SNA 10-2019'!C65+'SNA 11-2019'!C65+'SNA 12-2019'!C65 -> -14.28 | D65: ='SNA 01-2019'!D65+'SNA 02-2019'!D65+'SNA 03-2019'!D65+'SNA 04-2019'!D65+'SNA 05-2019'!D65+'SNA 06-2019'!D65+'SNA 07-2019'!D65+'SNA 08-2019'!D65+'SNA 09-2019'!D65+'SNA 10-2019'!D65+'SNA 11-2019'!D65+'SNA 12-2019'!D65 -> 0 | E65: =SUM(B65:D65) -> -14.28 | G65: ='SNA 01-2019'!G65+'SNA 02-2019'!G65+'SNA 03-2019'!G65+'SNA 04-2019'!G65+'SNA 05-2019'!G65+'SNA 06-2019'!G65+'SNA 07-2019'!G65+'SNA 08-2019'!G65+'SNA 09-2019'!G65+'SNA 10-2019'!G65+'SNA 11-2019'!G65+'SNA 12-2019'!G65 -> 0 | I65: ='SNA 01-2019'!I65+'SNA 02-2019'!I65+'SNA 03-2019'!I65+'SNA 04-2019'!I65+'SNA 05-2019'!I65+'SNA 06-2019'!I65+'SNA 07-2019'!I65+'SNA 08-2019'!I65+'SNA 09-2019'!I65+'SNA 10-2019'!I65+'SNA 11-2019'!I65+'SNA 12-2019'!I65 -> 0
A66: COM / VERS CHQ | B66: ='SNA 01-2019'!B66+'SNA 02-2019'!B66+'SNA 03-2019'!B66+'SNA 04-2019'!B66+'SNA 05-2019'!B66+'SNA 06-2019'!B66+'SNA 07-2019'!B66+'SNA 08-2019'!B66+'SNA 09-2019'!B66+'SNA 10-2019'!B66+'SNA 11-2019'!B66+'SNA 12-2019'!B66 -> 0 | C66: ='SNA 01-2019'!C66+'SNA 02-2019'!C66+'SNA 03-2019'!C66+'SNA 04-2019'!C66+'SNA 05-2019'!C66+'SNA 06-2019'!C66+'SNA 07-2019'!C66+'SNA 08-2019'!C66+'SNA 09-2019'!C66+'SNA 10-2019'!C66+'SNA 11-2019'!C66+'SNA 12-2019'!C66 -> -14.09 | D66: ='SNA 01-2019'!D66+'SNA 02-2019'!D66+'SNA 03-2019'!D66+'SNA 04-2019'!D66+'SNA 05-2019'!D66+'SNA 06-2019'!D66+'SNA 07-2019'!D66+'SNA 08-2019'!D66+'SNA 09-2019'!D66+'SNA 10-2019'!D66+'SNA 11-2019'!D66+'SNA 12-2019'!D66 -> 0 | E66: =SUM(B66:D66) -> -14.09 | G66: ='SNA 01-2019'!G66+'SNA 02-2019'!G66+'SNA 03-2019'!G66+'SNA 04-2019'!G66+'SNA 05-2019'!G66+'SNA 06-2019'!G66+'SNA 07-2019'!G66+'SNA 08-2019'!G66+'SNA 09-2019'!G66+'SNA 10-2019'!G66+'SNA 11-2019'!G66+'SNA 12-2019'!G66 -> 0 | I66: ='SNA 01-2019'!I66+'SNA 02-2019'!I66+'SNA 03-2019'!I66+'SNA 04-2019'!I66+'SNA 05-2019'!I66+'SNA 06-2019'!I66+'SNA 07-2019'!I66+'SNA 08-2019'!I66+'SNA 09-2019'!I66+'SNA 10-2019'!I66+'SNA 11-2019'!I66+'SNA 12-2019'!I66 -> 0
A67: COMMISSION D'ADHESION | B67: ='SNA 01-2019'!B67+'SNA 02-2019'!B67+'SNA 03-2019'!B67+'SNA 04-2019'!B67+'SNA 05-2019'!B67+'SNA 06-2019'!B67+'SNA 07-2019'!B67+'SNA 08-2019'!B67+'SNA 09-2019'!B67+'SNA 10-2019'!B67+'SNA 11-2019'!B67+'SNA 12-2019'!B67 -> -142.8 | C67: ='SNA 01-2019'!C67+'SNA 02-2019'!C67+'SNA 03-2019'!C67+'SNA 04-2019'!C67+'SNA 05-2019'!C67+'SNA 06-2019'!C67+'SNA 07-2019'!C67+'SNA 08-2019'!C67+'SNA 09-2019'!C67+'SNA 10-2019'!C67+'SNA 11-2019'!C67+'SNA 12-2019'!C67 -> -357 | D67: ='SNA 01-2019'!D67+'SNA 02-2019'!D67+'SNA 03-2019'!D67+'SNA 04-2019'!D67+'SNA 05-2019'!D67+'SNA 06-2019'!D67+'SNA 07-2019'!D67+'SNA 08-2019'!D67+'SNA 09-2019'!D67+'SNA 10-2019'!D67+'SNA 11-2019'!D67+'SNA 12-2019'!D67 -> 0 | E67: =SUM(B67:D67) -> -499.8 | G67: ='SNA 01-2019'!G67+'SNA 02-2019'!G67+'SNA 03-2019'!G67+'SNA 04-2019'!G67+'SNA 05-2019'!G67+'SNA 06-2019'!G67+'SNA 07-2019'!G67+'SNA 08-2019'!G67+'SNA 09-2019'!G67+'SNA 10-2019'!G67+'SNA 11-2019'!G67+'SNA 12-2019'!G67 -> 0 | I67: ='SNA 01-2019'!I67+'SNA 02-2019'!I67+'SNA 03-2019'!I67+'SNA 04-2019'!I67+'SNA 05-2019'!I67+'SNA 06-2019'!I67+'SNA 07-2019'!I67+'SNA 08-2019'!I67+'SNA 09-2019'!I67+'SNA 10-2019'!I67+'SNA 11-2019'!I67+'SNA 12-2019'!I67 -> 0
... A93: TVA | B93: ='SNA 01-2019'!B93+'SNA 02-2019'!B93+'SNA 03-2019'!B93+'SNA 04-2019'!B93+'SNA 05-2019'!B93+'SNA 06-2019'!B93+'SNA 07-2019'!B93+'SNA 08-2019'!B93+'SNA 09-2019'!B93+'SNA 10-2019'!B93+'SNA 11-2019'!B93+'SNA 12-2019'!B93 -> -1.9 | C93: ='SNA 01-2019'!C93+'SNA 02-2019'!C93+'SNA 03-2019'!C93+'SNA 04-2019'!C93+'SNA 05-2019'!C93+'SNA 06-2019'!C93+'SNA 07-2019'!C93+'SNA 08-2019'!C93+'SNA 09-2019'!C93+'SNA 10-2019'!C93+'SNA 11-2019'!C93+'SNA 12-2019'!C93 -> -2225.73 | D93: ='SNA 01-2019'!D93+'SNA 02-2019'!D93+'SNA 03-2019'!D93+'SNA 04-2019'!D93+'SNA 05-2019'!D93+'SNA 06-2019'!D93+'SNA 07-2019'!D93+'SNA 08-2019'!D93+'SNA 09-2019'!D93+'SNA 10-2019'!D93+'SNA 11-2019'!D93+'SNA 12-2019'!D93 -> 0 | E93: =SUM(B93:D93) -> -2227.63 | G93: ='SNA 01-2019'!G93+'SNA 02-2019'!G93+'SNA 03-2019'!G93+'SNA 04-2019'!G93+'SNA 05-2019'!G93+'SNA 06-2019'!G93+'SNA 07-2019'!G93+'SNA 08-2019'!G93+'SNA 09-2019'!G93+'SNA 10-2019'!G93+'SNA 11-2019'!G93+'SNA 12-2019'!G93 -> 0 | I93: ='SNA 01-2019'!I93+'SNA 02-2019'!I93+'SNA 03-2019'!I93+'SNA 04-2019'!I93+'SNA 05-2019'!I93+'SNA 06-2019'!I93+'SNA 07-2019'!I93+'SNA 08-2019'!I93+'SNA 09-2019'!I93+'SNA 10-2019'!I93+'SNA 11-2019'!I93+'SNA 12-2019'!I93 -> 0
A94: CHARGE PERSONNEL | B94: =SUM(B95:B101) -> -124421.62 | C94: =SUM(C95:C101) -> -1981540.9 | D94: =SUM(D95:D101) -> 0 | E94: =SUM(B94:D94) -> -2105962.6 | G94: =SUM(G95:G101) -> 0 | I94: =SUM(I95:I101) -> 0
A95: AVANCE | B95: ='SNA 01-2019'!B95+'SNA 02-2019'!B95+'SNA 03-2019'!B95+'SNA 04-2019'!B95+'SNA 05-2019'!B95+'SNA 06-2019'!B95+'SNA 07-2019'!B95+'SNA 08-2019'!B95+'SNA 09-2019'!B95+'SNA 10-2019'!B95+'SNA 11-2019'!B95+'SNA 12-2019'!B95 -> 0 | C95: ='SNA 01-2019'!C95+'SNA 02-2019'!C95+'SNA 03-2019'!C95+'SNA 04-2019'!C95+'SNA 05-2019'!C95+'SNA 06-2019'!C95+'SNA 07-2019'!C95+'SNA 08-2019'!C95+'SNA 09-2019'!C95+'SNA 10-2019'!C95+'SNA 11-2019'!C95+'SNA 12-2019'!C95 -> 6000 | D95: ='SNA 01-2019'!D95+'SNA 02-2019'!D95+'SNA 03-2019'!D95+'SNA 04-2019'!D95+'SNA 05-2019'!D95+'SNA 06-2019'!D95+'SNA 07-2019'!D95+'SNA 08-2019'!D95+'SNA 09-2019'!D95+'SNA 10-2019'!D95+'SNA 11-2019'!D95+'SNA 12-2019'!D95 -> 0 | E95: =SUM(B95:D95) -> 6000 | G95: ='SNA 01-2019'!G95+'SNA 02-2019'!G95+'SNA 03-2019'!G95+'SNA 04-2019'!G95+'SNA 05-2019'!G95+'SNA 06-2019'!G95+'SNA 07-2019'!G95+'SNA 08-2019'!G95+'SNA 09-2019'!G95+'SNA 10-2019'!G95+'SNA 11-2019'!G95+'SNA 12-2019'!G95 -> 0 | I95: ='SNA 01-2019'!I95+'SNA 02-2019'!I95+'SNA 03-2019'!I95+'SNA 04-2019'!I95+'SNA 05-2019'!I95+'SNA 06-2019'!I95+'SNA 07-2019'!I95+'SNA 08-2019'!I95+'SNA 09-2019'!I95+'SNA 10-2019'!I95+'SNA 11-2019'!I95+'SNA 12-2019'!I95 -> 0
A96: CNSS | B96: ='SNA 01-2019'!B96+'SNA 02-2019'!B96+'SNA 03-2019'!B96+'SNA 04-2019'!B96+'SNA 05-2019'!B96+'SNA 06-2019'!B96+'SNA 07-2019'!B96+'SNA 08-2019'!B96+'SNA 09-2019'!B96+'SNA 10-2019'!B96+'SNA 11-2019'!B96+'SNA 12-2019'!B96 -> -124108.62 | C96: ='SNA 01-2019'!C96+'SNA 02-2019'!C96+'SNA 03-2019'!C96+'SNA 04-2019'!C96+'SNA 05-2019'!C96+'SNA 06-2019'!C96+'SNA 07-2019'!C96+'SNA 08-2019'!C96+'SNA 09-2019'!C96+'SNA 10-2019'!C96+'SNA 11-2019'!C96+'SNA 12-2019'!C96 -> -382103.8 | D96: ='SNA 01-2019'!D96+'SNA 02-2019'!D96+'SNA 03-2019'!D96+'SNA 04-2019'!D96+'SNA 05-2019'!D96+'SNA 06-2019'!D96+'SNA 07-2019'!D96+'SNA 08-2019'!D96+'SNA 09-2019'!D96+'SNA 10-2019'!D96+'SNA 11-2019'!D96+'SNA 12-2019'!D96 -> 0 | E96: =SUM(B96:D96) -> -506212.42 | G96: ='SNA 01-2019'!G96+'SNA 02-2019'!G96+'SNA 03-2019'!G96+'SNA 04-2019'!G96+'SNA 05-2019'!G96+'SNA 06-2019'!G96+'SNA 07-2019'!G96+'SNA 08-2019'!G96+'SNA 09-2019'!G96+'SNA 10-2019'!G96+'SNA 11-2019'!G96+'SNA 12-2019'!G96 -> 0 | I96: ='SNA 01-2019'!I96+'SNA 02-2019'!I96+'SNA 03-2019'!I96+'SNA 04-2019'!I96+'SNA 05-2019'!I96+'SNA 06-2019'!I96+'SNA 07-2019'!I96+'SNA 08-2019'!I96+'SNA 09-2019'!I96+'SNA 10-2019'!I96+'SNA 11-2019'!I96+'SNA 12-2019'!I96 -> 0
A97: DRIRA ABDERAOUF LABORATOIRE | B97: ='SNA 01-2019'!B97+'SNA 02-2019'!B97+'SNA 03-2019'!B97+'SNA 04-2019'!B97+'SNA 05-2019'!B97+'SNA 06-2019'!B97+'SNA 07-2019'!B97+'SNA 08-2019'!B97+'SNA 09-2019'!B97+'SNA 10-2019'!B97+'SNA 11-2019'!B97+'SNA 12-2019'!B97 -> -313 | C97: ='SNA 01-2019'!C97+'SNA 02-2019'!C97+'SNA 03-2019'!C97+'SNA 04-2019'!C97+'SNA 05-2019'!C97+'SNA 06-2019'!C97+'SNA 07-2019'!C97+'SNA 08-2019'!C97+'SNA 09-2019'!C97+'SNA 10-2019'!C97+'SNA 11-2019'!C97+'SNA 12-2019'!C97 -> -4887.548 | D97: ='SNA 01-2019'!D97+'SNA 02-2019'!D97+'SNA 03-2019'!D97+'SNA 04-2019'!D97+'SNA 05-2019'!D97+'SNA 06-2019'!D97+'SNA 07-2019'!D97+'SNA 08-2019'!D97+'SNA 09-2019'!D97+'SNA 10-2019'!D97+'SNA 11-2019'!D97+'SNA 12-2019'!D97 -> 0 | E97: =SUM(B97:D97) -> -5200.548 | G97: ='SNA 01-2019'!G97+'SNA 02-2019'!G97+'SNA 03-2019'!G97+'SNA 04-2019'!G97+'SNA 05-2019'!G97+'SNA 06-2019'!G97+'SNA 07-2019'!G97+'SNA 08-2019'!G97+'SNA 09-2019'!G97+'SNA 10-2019'!G97+'SNA 11-2019'!G97+'SNA 12-2019'!G97 -> 0 | I97: ='SNA 01-2019'!I97+'SNA 02-2019'!I97+'SNA 03-2019'!I97+'SNA 04-2019'!I97+'SNA 05-2019'!I97+'SNA 06-2019'!I97+'SNA 07-2019'!I97+'SNA 08-2019'!I97+'SNA 09-2019'!I97+'SNA 10-2019'!I97+'SNA 11-2019'!I97+'SNA 12-2019'!I97 -> 0
A98: GROUPEMENT DE MEDECINE DE TRA | B98: ='SNA 01-2019'!B98+'SNA 02-2019'!B98+'SNA 03-2019'!B98+'SNA 04-2019'!B98+'SNA 05-2019'!B98+'SNA 06-2019'!B98+'SNA 07-2019'!B98+'SNA 08-2019'!B98+'SNA 09-2019'!B98+'SNA 10-2019'!B98+'SNA 11-2019'!B98+'SNA 12-2019'!B98 -> 0 | C98: ='SNA 01-2019'!C98+'SNA 02-2019'!C98+'SNA 03-2019'!C98+'SNA 04-2019'!C98+'SNA 05-2019'!C98+'SNA 06-2019'!C98+'SNA 07-2019'!C98+'SNA 08-2019'!C98+'SNA 09-2019'!C98+'SNA 10-2019'!C98+'SNA 11-2019'!C98+'SNA 12-2019'!C98 -> -2025.04 | D98: ='SNA 01-2019'!D98+'SNA 02-2019'!D98+'SNA 03-2019'!D98+'SNA 04-2019'!D98+'SNA 05-2019'!D98+'SNA 06-2019'!D98+'SNA 07-2019'!D98+'SNA 08-2019'!D98+'SNA 09-2019'!D98+'SNA 10-2019'!D98+'SNA 11-2019'!D98+'SNA 12-2019'!D98 -> 0 | E98: =SUM(B98:D98) -> -2025.04 | G98: ='SNA 01-2019'!G98+'SNA 02-2019'!G98+'SNA 03-2019'!G98+'SNA 04-2019'!G98+'SNA 05-2019'!G98+'SNA 06-2019'!G98+'SNA 07-2019'!G98+'SNA 08-2019'!G98+'SNA 09-2019'!G98+'SNA 10-2019'!G98+'SNA 11-2019'!G98+'SNA 12-2019'!G98 -> 0 | I98: ='SNA 01-2019'!I98+'SNA 02-2019'!I98+'SNA 03-2019'!I98+'SNA 04-2019'!I98+'SNA 05-2019'!I98+'SNA 06-2019'!I98+'SNA 07-2019'!I98+'SNA 08-2019'!I98+'SNA 09-2019'!I98+'SNA 10-2019'!I98+'SNA 11-2019'!I98+'SNA 12-2019'!I98 -> 0
A99: PRÊT | B99: ='SNA 01-2019'!B99+'SNA 02-2019'!B99+'SNA 03-2019'!B99+'SNA 04-2019'!B99+'SNA 05-2019'!B99+'SNA 06-2019'!B99+'SNA 07-2019'!B99+'SNA 08-2019'!B99+'SNA 09-2019'!B99+'SNA 10-2019'!B99+'SNA 11-2019'!B99+'SNA 12-2019'!B99 -> 0 | C99: ='SNA 01-2019'!C99+'SNA 02-2019'!C99+'SNA 03-2019'!C99+'SNA 04-2019'!C99+'SNA 05-2019'!C99+'SNA 06-2019'!C99+'SNA 07-2019'!C99+'SNA 08-2019'!C99+'SNA 09-2019'!C99+'SNA 10-2019'!C99+'SNA 11-2019'!C99+'SNA 12-2019'!C99 -> -30800 | D99: ='SNA 01-2019'!D99+'SNA 02-2019'!D99+'SNA 03-2019'!D99+'SNA 04-2019'!D99+'SNA 05-2019'!D99+'SNA 06-2019'!D99+'SNA 07-2019'!D99+'SNA 08-2019'!D99+'SNA 09-2019'!D99+'SNA 10-2019'!D99+'SNA 11-2019'!D99+'SNA 12-2019'!D99 -> 0 | E99: =SUM(B99:D99) -> -30800 | G99: ='SNA 01-2019'!G99+'SNA 02-2019'!G99+'SNA 03-2019'!G99+'SNA 04-2019'!G99+'SNA 05-2019'!G99+'SNA 06-2019'!G99+'SNA 07-2019'!G99+'SNA 08-2019'!G99+'SNA 09-2019'!G99+'SNA 10-2019'!G99+'SNA 11-2019'!G99+'SNA 12-2019'!G99 -> 0 | I99: ='SNA 01-2019'!I99+'SNA 02-2019'!I99+'SNA 03-2019'!I99+'SNA 04-2019'!I99+'SNA 05-2019'!I99+'SNA 06-2019'!I99+'SNA 07-2019'!I99+'SNA 08-2019'!I99+'SNA 09-2019'!I99+'SNA 10-2019'!I99+'SNA 11-2019'!I99+'SNA 12-2019'!I99 -> 0
A100: RS SALAIRE | B100: ='SNA 01-2019'!B100+'SNA 02-2019'!B100+'SNA 03-2019'!B100+'SNA 04-2019'!B100+'SNA 05-2019'!B100+'SNA 06-2019'!B100+'SNA 07-2019'!B100+'SNA 08-2019'!B100+'SNA 09-2019'!B100+'SNA 10-2019'!B100+'SNA 11-2019'!B100+'SNA 12-2019'!B100 -> 0 | C100: ='SNA 01-2019'!C100+'SNA 02-2019'!C100+'SNA 03-2019'!C100+'SNA 04-2019'!C100+'SNA 05-2019'!C100+'SNA 06-2019'!C100+'SNA 07-2019'!C100+'SNA 08-2019'!C100+'SNA 09-2019'!C100+'SNA 10-2019'!C100+'SNA 11-2019'!C100+'SNA 12-2019'!C100 -> -29026.393 | D100: ='SNA 01-2019'!D100+'SNA 02-2019'!D100+'SNA 03-2019'!D100+'SNA 04-2019'!D100+'SNA 05-2019'!D100+'SNA 06-2019'!D100+'SNA 07-2019'!D100+'SNA 08-2019'!D100+'SNA 09-2019'!D100+'SNA 10-2019'!D100+'SNA 11-2019'!D100+'SNA 12-2019'!D100 -> 0 | E100: =SUM(B100:D100) -> -29026.393 | G100: ='SNA 01-2019'!G100+'SNA 02-2019'!G100+'SNA 03-2019'!G100+'SNA 04-2019'!G100+'SNA 05-2019'!G100+'SNA 06-2019'!G100+'SNA 07-2019'!G100+'SNA 08-2019'!G100+'SNA 09-2019'!G100+'SNA 10-2019'!G100+'SNA 11-2019'!G100+'SNA 12-2019'!G100 -> 0 | I100: ='SNA 01-2019'!I100+'SNA 02-2019'!I100+'SNA 03-2019'!I100+'SNA 04-2019'!I100+'SNA 05-2019'!I100+'SNA 06-2019'!I100+'SNA 07-2019'!I100+'SNA 08-2019'!I100+'SNA 09-2019'!I100+'SNA 10-2019'!I100+'SNA 11-2019'!I100+'SNA 12-2019'!I100 -> 0
A101: SALAIRES | B101: ='SNA 01-2019'!B101+'SNA 02-2019'!B101+'SNA 03-2019'!B101+'SNA 04-2019'!B101+'SNA 05-2019'!B101+'SNA 06-2019'!B101+'SNA 07-2019'!B101+'SNA 08-2019'!B101+'SNA 09-2019'!B101+'SNA 10-2019'!B101+'SNA 11-2019'!B101+'SNA 12-2019'!B101 -> 0 | C101: ='SNA 01-2019'!C101+'SNA 02-2019'!C101+'SNA 03-2019'!C101+'SNA 04-2019'!C101+'SNA 05-2019'!C101+'SNA 06-2019'!C101+'SNA 07-2019'!C101+'SNA 08-2019'!C101+'SNA 09-2019'!C101+'SNA 10-2019'!C101+'SNA 11-2019'!C101+'SNA 12-2019'!C101 -> -1538698.2 | D101: ='SNA 01-2019'!D101+'SNA 02-2019'!D101+'SNA 03-2019'!D101+'SNA 04-2019'!D101+'SNA 05-2019'!D101+'SNA 06-2019'!D101+'SNA 07-2019'!D101+'SNA 08-2019'!D101+'SNA 09-2019'!D101+'SNA 10-2019'!D101+'SNA 11-2019'!D101+'SNA 12-2019'!D101 -> 0 | E101: =SUM(B101:D101) -> -1538698.2 | G101: ='SNA 01-2019'!G101+'SNA 02-2019'!G101+'SNA 03-2019'!G101+'SNA 04-2019'!G101+'SNA 05-2019'!G101+'SNA 06-2019'!G101+'SNA 07-2019'!G101+'SNA 08-2019'!G101+'SNA 09-2019'!G101+'SNA 10-2019'!G101+'SNA 11-2019'!G101+'SNA 12-2019'!G101 -> 0 | I101: ='SNA 01-2019'!I101+'SNA 02-2019'!I101+'SNA 03-2019'!I101+'SNA 04-2019'!I101+'SNA 05-2019'!I101+'SNA 06-2019'!I101+'SNA 07-2019'!I101+'SNA 08-2019'!I101+'SNA 09-2019'!I101+'SNA 10-2019'!I101+'SNA 11-2019'!I101+'SNA 12-2019'!I101 -> 0
A102: SOCIETE DU GROUPE | B102: =SUM(B103:B110) -> -20000 | C102: =SUM(C103:C110) -> -6829708.7 | D102: =SUM(D103:D110) -> 0 | E102: =SUM(B102:D102) -> -6849708.7 | G102: =SUM(G103:G110) -> 0 | I102: =SUM(I103:I110) -> 0
A103: DIVIDENDES | B103: ='SNA 01-2019'!B103+'SNA 02-2019'!B103+'SNA 03-2019'!B103+'SNA 04-2019'!B103+'SNA 05-2019'!B103+'SNA 06-2019'!B103+'SNA 07-2019'!B103+'SNA 08-2019'!B103+'SNA 09-2019'!B103+'SNA 10-2019'!B103+'SNA 11-2019'!B103+'SNA 12-2019'!B103 -> 0 | C103: ='SNA 01-2019'!C103+'SNA 02-2019'!C103+'SNA 03-2019'!C103+'SNA 04-2019'!C103+'SNA 05-2019'!C103+'SNA 06-2019'!C103+'SNA 07-2019'!C103+'SNA 08-2019'!C103+'SNA 09-2019'!C103+'SNA 10-2019'!C103+'SNA 11-2019'!C103+'SNA 12-2019'!C103 -> -2632631.9 | D103: ='SNA 01-2019'!D103+'SNA 02-2019'!D103+'SNA 03-2019'!D103+'SNA 04-2019'!D103+'SNA 05-2019'!D103+'SNA 06-2019'!D103+'SNA 07-2019'!D103+'SNA 08-2019'!D103+'SNA 09-2019'!D103+'SNA 10-2019'!D103+'SNA 11-2019'!D103+'SNA 12-2019'!D103 -> 0 | E103: =SUM(B103:D103) -> -2632631.9 | G103: ='SNA 01-2019'!G103+'SNA 02-2019'!G103+'SNA 03-2019'!G103+'SNA 04-2019'!G103+'SNA 05-2019'!G103+'SNA 06-2019'!G103+'SNA 07-2019'!G103+'SNA 08-2019'!G103+'SNA 09-2019'!G103+'SNA 10-2019'!G103+'SNA 11-2019'!G103+'SNA 12-2019'!G103 -> 0 | I103: ='SNA 01-2019'!I103+'SNA 02-2019'!I103+'SNA 03-2019'!I103+'SNA 04-2019'!I103+'SNA 05-2019'!I103+'SNA 06-2019'!I103+'SNA 07-2019'!I103+'SNA 08-2019'!I103+'SNA 09-2019'!I103+'SNA 10-2019'!I103+'SNA 11-2019'!I103+'SNA 12-2019'!I103 -> 0
A104: FONDERIE HNAYA | B104: ='SNA 01-2019'!B104+'SNA 02-2019'!B104+'SNA 03-2019'!B104+'SNA 04-2019'!B104+'SNA 05-2019'!B104+'SNA 06-2019'!B104+'SNA 07-2019'!B104+'SNA 08-2019'!B104+'SNA 09-2019'!B104+'SNA 10-2019'!B104+'SNA 11-2019'!B104+'SNA 12-2019'!B104 -> 0 | C104: ='SNA 01-2019'!C104+'SNA 02-2019'!C104+'SNA 03-2019'!C104+'SNA 04-2019'!C104+'SNA 05-2019'!C104+'SNA 06-2019'!C104+'SNA 07-2019'!C104+'SNA 08-2019'!C104+'SNA 09-2019'!C104+'SNA 10-2019'!C104+'SNA 11-2019'!C104+'SNA 12-2019'!C104 -> -439250 | D104: ='SNA 01-2019'!D104+'SNA 02-2019'!D104+'SNA 03-2019'!D104+'SNA 04-2019'!D104+'SNA 05-2019'!D104+'SNA 06-2019'!D104+'SNA 07-2019'!D104+'SNA 08-2019'!D104+'SNA 09-2019'!D104+'SNA 10-2019'!D104+'SNA 11-2019'!D104+'SNA 12-2019'!D104 -> 0 | E104: =SUM(B104:D104) -> -439250 | G104: ='SNA 01-2019'!G104+'SNA 02-2019'!G104+'SNA 03-2019'!G104+'SNA 04-2019'!G104+'SNA 05-2019'!G104+'SNA 06-2019'!G104+'SNA 07-2019'!G104+'SNA 08-2019'!G104+'SNA 09-2019'!G104+'SNA 10-2019'!G104+'SNA 11-2019'!G104+'SNA 12-2019'!G104 -> 0 | I104: ='SNA 01-2019'!I104+'SNA 02-2019'!I104+'SNA 03-2019'!I104+'SNA 04-2019'!I104+'SNA 05-2019'!I104+'SNA 06-2019'!I104+'SNA 07-2019'!I104+'SNA 08-2019'!I104+'SNA 09-2019'!I104+'SNA 10-2019'!I104+'SNA 11-2019'!I104+'SNA 12-2019'!I104 -> 0
A105: I T N | B105: ='SNA 01-2019'!B105+'SNA 02-2019'!B105+'SNA 03-2019'!B105+'SNA 04-2019'!B105+'SNA 05-2019'!B105+'SNA 06-2019'!B105+'SNA 07-2019'!B105+'SNA 08-2019'!B105+'SNA 09-2019'!B105+'SNA 10-2019'!B105+'SNA 11-2019'!B105+'SNA 12-2019'!B105 -> 0 | C105: ='SNA 01-2019'!C105+'SNA 02-2019'!C105+'SNA 03-2019'!C105+'SNA 04-2019'!C105+'SNA 05-2019'!C105+'SNA 06-2019'!C105+'SNA 07-2019'!C105+'SNA 08-2019'!C105+'SNA 09-2019'!C105+'SNA 10-2019'!C105+'SNA 11-2019'!C105+'SNA 12-2019'!C105 -> -277125.6 | D105: ='SNA 01-2019'!D105+'SNA 02-2019'!D105+'SNA 03-2019'!D105+'SNA 04-2019'!D105+'SNA 05-2019'!D105+'SNA 06-2019'!D105+'SNA 07-2019'!D105+'SNA 08-2019'!D105+'SNA 09-2019'!D105+'SNA 10-2019'!D105+'SNA 11-2019'!D105+'SNA 12-2019'!D105 -> 0 | E105: =SUM(B105:D105) -> -277125.6 | G105: ='SNA 01-2019'!G105+'SNA 02-2019'!G105+'SNA 03-2019'!G105+'SNA 04-2019'!G105+'SNA 05-2019'!G105+'SNA 06-2019'!G105+'SNA 07-2019'!G105+'SNA 08-2019'!G105+'SNA 09-2019'!G105+'SNA 10-2019'!G105+'SNA 11-2019'!G105+'SNA 12-2019'!G105 -> 0 | I105: ='SNA 01-2019'!I105+'SNA 02-2019'!I105+'SNA 03-2019'!I105+'SNA 04-2019'!I105+'SNA 05-2019'!I105+'SNA 06-2019'!I105+'SNA 07-2019'!I105+'SNA 08-2019'!I105+'SNA 09-2019'!I105+'SNA 10-2019'!I105+'SNA 11-2019'!I105+'SNA 12-2019'!I105 -> 0
A106: N B I | B106: ='SNA 01-2019'!B106+'SNA 02-2019'!B106+'SNA 03-2019'!B106+'SNA 04-2019'!B106+'SNA 05-2019'!B106+'SNA 06-2019'!B106+'SNA 07-2019'!B106+'SNA 08-2019'!B106+'SNA 09-2019'!B106+'SNA 10-2019'!B106+'SNA 11-2019'!B106+'SNA 12-2019'!B106 -> -20000 | C106: ='SNA 01-2019'!C106+'SNA 02-2019'!C106+'SNA 03-2019'!C106+'SNA 04-2019'!C106+'SNA 05-2019'!C106+'SNA 06-2019'!C106+'SNA 07-2019'!C106+'SNA 08-2019'!C106+'SNA 09-2019'!C106+'SNA 10-2019'!C106+'SNA 11-2019'!C106+'SNA 12-2019'!C106 -> -531900 | D106: ='SNA 01-2019'!D106+'SNA 02-2019'!D106+'SNA 03-2019'!D106+'SNA 04-2019'!D106+'SNA 05-2019'!D106+'SNA 06-2019'!D106+'SNA 07-2019'!D106+'SNA 08-2019'!D106+'SNA 09-2019'!D106+'SNA 10-2019'!D106+'SNA 11-2019'!D106+'SNA 12-2019'!D106 -> 0 | E106: =SUM(B106:D106) -> -551900 | G106: ='SNA 01-2019'!G106+'SNA 02-2019'!G106+'SNA 03-2019'!G106+'SNA 04-2019'!G106+'SNA 05-2019'!G106+'SNA 06-2019'!G106+'SNA 07-2019'!G106+'SNA 08-2019'!G106+'SNA 09-2019'!G106+'SNA 10-2019'!G106+'SNA 11-2019'!G106+'SNA 12-2019'!G106 -> 0 | I106: ='SNA 01-2019'!I106+'SNA 02-2019'!I106+'SNA 03-2019'!I106+'SNA 04-2019'!I106+'SNA 05-2019'!I106+'SNA 06-2019'!I106+'SNA 07-2019'!I106+'SNA 08-2019'!I106+'SNA 09-2019'!I106+'SNA 10-2019'!I106+'SNA 11-2019'!I106+'SNA 12-2019'!I106 -> 0
A107: PHENICIA | B107: ='SNA 01-2019'!B107+'SNA 02-2019'!B107+'SNA 03-2019'!B107+'SNA 04-2019'!B107+'SNA 05-2019'!B107+'SNA 06-2019'!B107+'SNA 07-2019'!B107+'SNA 08-2019'!B107+'SNA 09-2019'!B107+'SNA 10-2019'!B107+'SNA 11-2019'!B107+'SNA 12-2019'!B107 -> 0 | C107: ='SNA 01-2019'!C107+'SNA 02-2019'!C107+'SNA 03-2019'!C107+'SNA 04-2019'!C107+'SNA 05-2019'!C107+'SNA 06-2019'!C107+'SNA 07-2019'!C107+'SNA 08-2019'!C107+'SNA 09-2019'!C107+'SNA 10-2019'!C107+'SNA 11-2019'!C107+'SNA 12-2019'!C107 -> -96401.595 | D107: ='SNA 01-2019'!D107+'SNA 02-2019'!D107+'SNA 03-2019'!D107+'SNA 04-2019'!D107+'SNA 05-2019'!D107+'SNA 06-2019'!D107+'SNA 07-2019'!D107+'SNA 08-2019'!D107+'SNA 09-2019'!D107+'SNA 10-2019'!D107+'SNA 11-2019'!D107+'SNA 12-2019'!D107 -> 0 | E107: =SUM(B107:D107) -> -96401.595 | G107: ='SNA 01-2019'!G107+'SNA 02-2019'!G107+'SNA 03-2019'!G107+'SNA 04-2019'!G107+'SNA 05-2019'!G107+'SNA 06-2019'!G107+'SNA 07-2019'!G107+'SNA 08-2019'!G107+'SNA 09-2019'!G107+'SNA 10-2019'!G107+'SNA 11-2019'!G107+'SNA 12-2019'!G107 -> 0 | I107: ='SNA 01-2019'!I107+'SNA 02-2019'!I107+'SNA 03-2019'!I107+'SNA 04-2019'!I107+'SNA 05-2019'!I107+'SNA 06-2019'!I107+'SNA 07-2019'!I107+'SNA 08-2019'!I107+'SNA 09-2019'!I107+'SNA 10-2019'!I107+'SNA 11-2019'!I107+'SNA 12-2019'!I107 -> 0
A108: STA NOUR | B108: ='SNA 01-2019'!B108+'SNA 02-2019'!B108+'SNA 03-2019'!B108+'SNA 04-2019'!B108+'SNA 05-2019'!B108+'SNA 06-2019'!B108+'SNA 07-2019'!B108+'SNA 08-2019'!B108+'SNA 09-2019'!B108+'SNA 10-2019'!B108+'SNA 11-2019'!B108+'SNA 12-2019'!B108 -> 0 | C108: ='SNA 01-2019'!C108+'SNA 02-2019'!C108+'SNA 03-2019'!C108+'SNA 04-2019'!C108+'SNA 05-2019'!C108+'SNA 06-2019'!C108+'SNA 07-2019'!C108+'SNA 08-2019'!C108+'SNA 09-2019'!C108+'SNA 10-2019'!C108+'SNA 11-2019'!C108+'SNA 12-2019'!C108 -> -2072200 | D108: ='SNA 01-2019'!D108+'SNA 02-2019'!D108+'SNA 03-2019'!D108+'SNA 04-2019'!D108+'SNA 05-2019'!D108+'SNA 06-2019'!D108+'SNA 07-2019'!D108+'SNA 08-2019'!D108+'SNA 09-2019'!D108+'SNA 10-2019'!D108+'SNA 11-2019'!D108+'SNA 12-2019'!D108 -> 0 | E108: =SUM(B108:D108) -> -2072200 | G108: ='SNA 01-2019'!G108+'SNA 02-2019'!G108+'SNA 03-2019'!G108+'SNA 04-2019'!G108+'SNA 05-2019'!G108+'SNA 06-2019'!G108+'SNA 07-2019'!G108+'SNA 08-2019'!G108+'SNA 09-2019'!G108+'SNA 10-2019'!G108+'SNA 11-2019'!G108+'SNA 12-2019'!G108 -> 0 | I108: ='SNA 01-2019'!I108+'SNA 02-2019'!I108+'SNA 03-2019'!I108+'SNA 04-2019'!I108+'SNA 05-2019'!I108+'SNA 06-2019'!I108+'SNA 07-2019'!I108+'SNA 08-2019'!I108+'SNA 09-2019'!I108+'SNA 10-2019'!I108+'SNA 11-2019'!I108+'SNA 12-2019'!I108 -> 0
A109: ACHAT ACTION TIP | B109: ='SNA 01-2019'!B109+'SNA 02-2019'!B109+'SNA 03-2019'!B109+'SNA 04-2019'!B109+'SNA 05-2019'!B109+'SNA 06-2019'!B109+'SNA 07-2019'!B109+'SNA 08-2019'!B109+'SNA 09-2019'!B109+'SNA 10-2019'!B109+'SNA 11-2019'!B109+'SNA 12-2019'!B109 -> 0 | C109: ='SNA 01-2019'!C109+'SNA 02-2019'!C109+'SNA 03-2019'!C109+'SNA 04-2019'!C109+'SNA 05-2019'!C109+'SNA 06-2019'!C109+'SNA 07-2019'!C109+'SNA 08-2019'!C109+'SNA 09-2019'!C109+'SNA 10-2019'!C109+'SNA 11-2019'!C109+'SNA 12-2019'!C109 -> -320000 | D109: ='SNA 01-2019'!D109+'SNA 02-2019'!D109+'SNA 03-2019'!D109+'SNA 04-2019'!D109+'SNA 05-2019'!D109+'SNA 06-2019'!D109+'SNA 07-2019'!D109+'SNA 08-2019'!D109+'SNA 09-2019'!D109+'SNA 10-2019'!D109+'SNA 11-2019'!D109+'SNA 12-2019'!D109 -> 0 | E109: =SUM(B109:D109) -> -320000 | G109: ='SNA 01-2019'!G109+'SNA 02-2019'!G109+'SNA 03-2019'!G109+'SNA 04-2019'!G109+'SNA 05-2019'!G109+'SNA 06-2019'!G109+'SNA 07-2019'!G109+'SNA 08-2019'!G109+'SNA 09-2019'!G109+'SNA 10-2019'!G109+'SNA 11-2019'!G109+'SNA 12-2019'!G109 -> 0 | I109: ='SNA 01-2019'!I109+'SNA 02-2019'!I109+'SNA 03-2019'!I109+'SNA 04-2019'!I109+'SNA 05-2019'!I109+'SNA 06-2019'!I109+'SNA 07-2019'!I109+'SNA 08-2019'!I109+'SNA 09-2019'!I109+'SNA 10-2019'!I109+'SNA 11-2019'!I109+'SNA 12-2019'!I109 -> 0
A110: TIP | B110: ='SNA 01-2019'!B110+'SNA 02-2019'!B110+'SNA 03-2019'!B110+'SNA 04-2019'!B110+'SNA 05-2019'!B110+'SNA 06-2019'!B110+'SNA 07-2019'!B110+'SNA 08-2019'!B110+'SNA 09-2019'!B110+'SNA 10-2019'!B110+'SNA 11-2019'!B110+'SNA 12-2019'!B110 -> 0 | C110: ='SNA 01-2019'!C110+'SNA 02-2019'!C110+'SNA 03-2019'!C110+'SNA 04-2019'!C110+'SNA 05-2019'!C110+'SNA 06-2019'!C110+'SNA 07-2019'!C110+'SNA 08-2019'!C110+'SNA 09-2019'!C110+'SNA 10-2019'!C110+'SNA 11-2019'!C110+'SNA 12-2019'!C110 -> -460199.62 | D110: ='SNA 01-2019'!D110+'SNA 02-2019'!D110+'SNA 03-2019'!D110+'SNA 04-2019'!D110+'SNA 05-2019'!D110+'SNA 06-2019'!D110+'SNA 07-2019'!D110+'SNA 08-2019'!D110+'SNA 09-2019'!D110+'SNA 10-2019'!D110+'SNA 11-2019'!D110+'SNA 12-2019'!D110 -> 0 | E110: =SUM(B110:D110) -> -460199.62 | G110: ='SNA 01-2019'!G110+'SNA 02-2019'!G110+'SNA 03-2019'!G110+'SNA 04-2019'!G110+'SNA 05-2019'!G110+'SNA 06-2019'!G110+'SNA 07-2019'!G110+'SNA 08-2019'!G110+'SNA 09-2019'!G110+'SNA 10-2019'!G110+'SNA 11-2019'!G110+'SNA 12-2019'!G110 -> 0 | I110: ='SNA 01-2019'!I110+'SNA 02-2019'!I110+'SNA 03-2019'!I110+'SNA 04-2019'!I110+'SNA 05-2019'!I110+'SNA 06-2019'!I110+'SNA 07-2019'!I110+'SNA 08-2019'!I110+'SNA 09-2019'!I110+'SNA 10-2019'!I110+'SNA 11-2019'!I110+'SNA 12-2019'!I110 -> 0
A111: FOURNISSEURS ETRANGER | B111: =SUM(B112:B130) -> 0 | C111: =SUM(C112:C130) -> 0 | D111: =SUM(D112:D130) -> 0 | E111: =SUM(B111:D111) -> 0 | G111: =SUM(G112:G130) -> -1254753.2 | I111: =SUM(I112:I130) -> -5809
A112: ACCUMA | B112: ='SNA 01-2019'!B112+'SNA 02-2019'!B112+'SNA 03-2019'!B112+'SNA 04-2019'!B112+'SNA 05-2019'!B112+'SNA 06-2019'!B112+'SNA 07-2019'!B112+'SNA 08-2019'!B112+'SNA 09-2019'!B112+'SNA 10-2019'!B112+'SNA 11-2019'!B112+'SNA 12-2019'!B112 -> 0 | C112: ='SNA 01-2019'!C112+'SNA 02-2019'!C112+'SNA 03-2019'!C112+'SNA 04-2019'!C112+'SNA 05-2019'!C112+'SNA 06-2019'!C112+'SNA 07-2019'!C112+'SNA 08-2019'!C112+'SNA 09-2019'!C112+'SNA 10-2019'!C112+'SNA 11-2019'!C112+'SNA 12-2019'!C112 -> 0 | D112: ='SNA 01-2019'!D112+'SNA 02-2019'!D112+'SNA 03-2019'!D112+'SNA 04-2019'!D112+'SNA 05-2019'!D112+'SNA 06-2019'!D112+'SNA 07-2019'!D112+'SNA 08-2019'!D112+'SNA 09-2019'!D112+'SNA 10-2019'!D112+'SNA 11-2019'!D112+'SNA 12-2019'!D112 -> 0 | E112: =SUM(B112:D112) -> 0 | G112: ='SNA 01-2019'!G112+'SNA 02-2019'!G112+'SNA 03-2019'!G112+'SNA 04-2019'!G112+'SNA 05-2019'!G112+'SNA 06-2019'!G112+'SNA 07-2019'!G112+'SNA 08-2019'!G112+'SNA 09-2019'!G112+'SNA 10-2019'!G112+'SNA 11-2019'!G112+'SNA 12-2019'!G112 -> -672076.9 | I112: ='SNA 01-2019'!I112+'SNA 02-2019'!I112+'SNA 03-2019'!I112+'SNA 04-2019'!I112+'SNA 05-2019'!I112+'SNA 06-2019'!I112+'SNA 07-2019'!I112+'SNA 08-2019'!I112+'SNA 09-2019'!I112+'SNA 10-2019'!I112+'SNA 11-2019'!I112+'SNA 12-2019'!I112 -> 0
A113: AKUMSAN | B113: ='SNA 01-2019'!B113+'SNA 02-2019'!B113+'SNA 03-2019'!B113+'SNA 04-2019'!B113+'SNA 05-2019'!B113+'SNA 06-2019'!B113+'SNA 07-2019'!B113+'SNA 08-2019'!B113+'SNA 09-2019'!B113+'SNA 10-2019'!B113+'SNA 11-2019'!B113+'SNA 12-2019'!B113 -> 0 | C113: ='SNA 01-2019'!C113+'SNA 02-2019'!C113+'SNA 03-2019'!C113+'SNA 04-2019'!C113+'SNA 05-2019'!C113+'SNA 06-2019'!C113+'SNA 07-2019'!C113+'SNA 08-2019'!C113+'SNA 09-2019'!C113+'SNA 10-2019'!C113+'SNA 11-2019'!C113+'SNA 12-2019'!C113 -> 0 | D113: ='SNA 01-2019'!D113+'SNA 02-2019'!D113+'SNA 03-2019'!D113+'SNA 04-2019'!D113+'SNA 05-2019'!D113+'SNA 06-2019'!D113+'SNA 07-2019'!D113+'SNA 08-2019'!D113+'SNA 09-2019'!D113+'SNA 10-2019'!D113+'SNA 11-2019'!D113+'SNA 12-2019'!D113 -> 0 | E113: =SUM(B113:D113) -> 0 | G113: ='SNA 01-2019'!G113+'SNA 02-2019'!G113+'SNA 03-2019'!G113+'SNA 04-2019'!G113+'SNA 05-2019'!G113+'SNA 06-2019'!G113+'SNA 07-2019'!G113+'SNA 08-2019'!G113+'SNA 09-2019'!G113+'SNA 10-2019'!G113+'SNA 11-2019'!G113+'SNA 12-2019'!G113 -> -23138.08 | I113: ='SNA 01-2019'!I113+'SNA 02-2019'!I113+'SNA 03-2019'!I113+'SNA 04-2019'!I113+'SNA 05-2019'!I113+'SNA 06-2019'!I113+'SNA 07-2019'!I113+'SNA 08-2019'!I113+'SNA 09-2019'!I113+'SNA 10-2019'!I113+'SNA 11-2019'!I113+'SNA 12-2019'!I113 -> 0
A114: BIASIN | B114: ='SNA 01-2019'!B114+'SNA 02-2019'!B114+'SNA 03-2019'!B114+'SNA 04-2019'!B114+'SNA 05-2019'!B114+'SNA 06-2019'!B114+'SNA 07-2019'!B114+'SNA 08-2019'!B114+'SNA 09-2019'!B114+'SNA 10-2019'!B114+'SNA 11-2019'!B114+'SNA 12-2019'!B114 -> 0 | C114: ='SNA 01-2019'!C114+'SNA 02-2019'!C114+'SNA 03-2019'!C114+'SNA 04-2019'!C114+'SNA 05-2019'!C114+'SNA 06-2019'!C114+'SNA 07-2019'!C114+'SNA 08-2019'!C114+'SNA 09-2019'!C114+'SNA 10-2019'!C114+'SNA 11-2019'!C114+'SNA 12-2019'!C114 -> 0 | D114: ='SNA 01-2019'!D114+'SNA 02-2019'!D114+'SNA 03-2019'!D114+'SNA 04-2019'!D114+'SNA 05-2019'!D114+'SNA 06-2019'!D114+'SNA 07-2019'!D114+'SNA 08-2019'!D114+'SNA 09-2019'!D114+'SNA 10-2019'!D114+'SNA 11-2019'!D114+'SNA 12-2019'!D114 -> 0 | E114: =SUM(B114:D114) -> 0 | G114: ='SNA 01-2019'!G114+'SNA 02-2019'!G114+'SNA 03-2019'!G114+'SNA 04-2019'!G114+'SNA 05-2019'!G114+'SNA 06-2019'!G114+'SNA 07-2019'!G114+'SNA 08-2019'!G114+'SNA 09-2019'!G114+'SNA 10-2019'!G114+'SNA 11-2019'!G114+'SNA 12-2019'!G114 -> -7608.2 | I114: ='SNA 01-2019'!I114+'SNA 02-2019'!I114+'SNA 03-2019'!I114+'SNA 04-2019'!I114+'SNA 05-2019'!I114+'SNA 06-2019'!I114+'SNA 07-2019'!I114+'SNA 08-2019'!I114+'SNA 09-2019'!I114+'SNA 10-2019'!I114+'SNA 11-2019'!I114+'SNA 12-2019'!I114 -> 0
A115: CHIMABAULT | B115: ='SNA 01-2019'!B115+'SNA 02-2019'!B115+'SNA 03-2019'!B115+'SNA 04-2019'!B115+'SNA 05-2019'!B115+'SNA 06-2019'!B115+'SNA 07-2019'!B115+'SNA 08-2019'!B115+'SNA 09-2019'!B115+'SNA 10-2019'!B115+'SNA 11-2019'!B115+'SNA 12-2019'!B115 -> 0 | C115: ='SNA 01-2019'!C115+'SNA 02-2019'!C115+'SNA 03-2019'!C115+'SNA 04-2019'!C115+'SNA 05-2019'!C115+'SNA 06-2019'!C115+'SNA 07-2019'!C115+'SNA 08-2019'!C115+'SNA 09-2019'!C115+'SNA 10-2019'!C115+'SNA 11-2019'!C115+'SNA 12-2019'!C115 -> 0 | D115: ='SNA 01-2019'!D115+'SNA 02-2019'!D115+'SNA 03-2019'!D115+'SNA 04-2019'!D115+'SNA 05-2019'!D115+'SNA 06-2019'!D115+'SNA 07-2019'!D115+'SNA 08-2019'!D115+'SNA 09-2019'!D115+'SNA 10-2019'!D115+'SNA 11-2019'!D115+'SNA 12-2019'!D115 -> 0 | E115: =SUM(B115:D115) -> 0 | G115: ='SNA 01-2019'!G115+'SNA 02-2019'!G115+'SNA 03-2019'!G115+'SNA 04-2019'!G115+'SNA 05-2019'!G115+'SNA 06-2019'!G115+'SNA 07-2019'!G115+'SNA 08-2019'!G115+'SNA 09-2019'!G115+'SNA 10-2019'!G115+'SNA 11-2019'!G115+'SNA 12-2019'!G115 -> -4740 | I115: ='SNA 01-2019'!I115+'SNA 02-2019'!I115+'SNA 03-2019'!I115+'SNA 04-2019'!I115+'SNA 05-2019'!I115+'SNA 06-2019'!I115+'SNA 07-2019'!I115+'SNA 08-2019'!I115+'SNA 09-2019'!I115+'SNA 10-2019'!I115+'SNA 11-2019'!I115+'SNA 12-2019'!I115 -> 0
A116: DARAMIC | B116: ='SNA 01-2019'!B116+'SNA 02-2019'!B116+'SNA 03-2019'!B116+'SNA 04-2019'!B116+'SNA 05-2019'!B116+'SNA 06-2019'!B116+'SNA 07-2019'!B116+'SNA 08-2019'!B116+'SNA 09-2019'!B116+'SNA 10-2019'!B116+'SNA 11-2019'!B116+'SNA 12-2019'!B116 -> 0 | C116: ='SNA 01-2019'!C116+'SNA 02-2019'!C116+'SNA 03-2019'!C116+'SNA 04-2019'!C116+'SNA 05-2019'!C116+'SNA 06-2019'!C116+'SNA 07-2019'!C116+'SNA 08-2019'!C116+'SNA 09-2019'!C116+'SNA 10-2019'!C116+'SNA 11-2019'!C116+'SNA 12-2019'!C116 -> 0 | D116: ='SNA 01-2019'!D116+'SNA 02-2019'!D116+'SNA 03-2019'!D116+'SNA 04-2019'!D116+'SNA 05-2019'!D116+'SNA 06-2019'!D116+'SNA 07-2019'!D116+'SNA 08-2019'!D116+'SNA 09-2019'!D116+'SNA 10-2019'!D116+'SNA 11-2019'!D116+'SNA 12-2019'!D116 -> 0 | E116: =SUM(B116:D116) -> 0 | G116: ='SNA 01-2019'!G116+'SNA 02-2019'!G116+'SNA 03-2019'!G116+'SNA 04-2019'!G116+'SNA 05-2019'!G116+'SNA 06-2019'!G116+'SNA 07-2019'!G116+'SNA 08-2019'!G116+'SNA 09-2019'!G116+'SNA 10-2019'!G116+'SNA 11-2019'!G116+'SNA 12-2019'!G116 -> -198182.87 | I116: ='SNA 01-2019'!I116+'SNA 02-2019'!I116+'SNA 03-2019'!I116+'SNA 04-2019'!I116+'SNA 05-2019'!I116+'SNA 06-2019'!I116+'SNA 07-2019'!I116+'SNA 08-2019'!I116+'SNA 09-2019'!I116+'SNA 10-2019'!I116+'SNA 11-2019'!I116+'SNA 12-2019'!I116 -> 0
A117: GLATFELTER | B117: ='SNA 01-2019'!B117+'SNA 02-2019'!B117+'SNA 03-2019'!B117+'SNA 04-2019'!B117+'SNA 05-2019'!B117+'SNA 06-2019'!B117+'SNA 07-2019'!B117+'SNA 08-2019'!B117+'SNA 09-2019'!B117+'SNA 10-2019'!B117+'SNA 11-2019'!B117+'SNA 12-2019'!B117 -> 0 | C117: ='SNA 01-2019'!C117+'SNA 02-2019'!C117+'SNA 03-2019'!C117+'SNA 04-2019'!C117+'SNA 05-2019'!C117+'SNA 06-2019'!C117+'SNA 07-2019'!C117+'SNA 08-2019'!C117+'SNA 09-2019'!C117+'SNA 10-2019'!C117+'SNA 11-2019'!C117+'SNA 12-2019'!C117 -> 0 | D117: ='SNA 01-2019'!D117+'SNA 02-2019'!D117+'SNA 03-2019'!D117+'SNA 04-2019'!D117+'SNA 05-2019'!D117+'SNA 06-2019'!D117+'SNA 07-2019'!D117+'SNA 08-2019'!D117+'SNA 09-2019'!D117+'SNA 10-2019'!D117+'SNA 11-2019'!D117+'SNA 12-2019'!D117 -> 0 | E117: =SUM(B117:D117) -> 0 | G117: ='SNA 01-2019'!G117+'SNA 02-2019'!G117+'SNA 03-2019'!G117+'SNA 04-2019'!G117+'SNA 05-2019'!G117+'SNA 06-2019'!G117+'SNA 07-2019'!G117+'SNA 08-2019'!G117+'SNA 09-2019'!G117+'SNA 10-2019'!G117+'SNA 11-2019'!G117+'SNA 12-2019'!G117 -> -12801.25 | I117: ='SNA 01-2019'!I117+'SNA 02-2019'!I117+'SNA 03-2019'!I117+'SNA 04-2019'!I117+'SNA 05-2019'!I117+'SNA 06-2019'!I117+'SNA 07-2019'!I117+'SNA 08-2019'!I117+'SNA 09-2019'!I117+'SNA 10-2019'!I117+'SNA 11-2019'!I117+'SNA 12-2019'!I117 -> 0
A118: GOONVEAN | B118: ='SNA 01-2019'!B118+'SNA 02-2019'!B118+'SNA 03-2019'!B118+'SNA 04-2019'!B118+'SNA 05-2019'!B118+'SNA 06-2019'!B118+'SNA 07-2019'!B118+'SNA 08-2019'!B118+'SNA 09-2019'!B118+'SNA 10-2019'!B118+'SNA 11-2019'!B118+'SNA 12-2019'!B118 -> 0 | C118: ='SNA 01-2019'!C118+'SNA 02-2019'!C118+'SNA 03-2019'!C118+'SNA 04-2019'!C118+'SNA 05-2019'!C118+'SNA 06-2019'!C118+'SNA 07-2019'!C118+'SNA 08-2019'!C118+'SNA 09-2019'!C118+'SNA 10-2019'!C118+'SNA 11-2019'!C118+'SNA 12-2019'!C118 -> 0 | D118: ='SNA 01-2019'!D118+'SNA 02-2019'!D118+'SNA 03-2019'!D118+'SNA 04-2019'!D118+'SNA 05-2019'!D118+'SNA 06-2019'!D118+'SNA 07-2019'!D118+'SNA 08-2019'!D118+'SNA 09-2019'!D118+'SNA 10-2019'!D118+'SNA 11-2019'!D118+'SNA 12-2019'!D118 -> 0 | E118: =SUM(B118:D118) -> 0 | G118: ='SNA 01-2019'!G118+'SNA 02-2019'!G118+'SNA 03-2019'!G118+'SNA 04-2019'!G118+'SNA 05-2019'!G118+'SNA 06-2019'!G118+'SNA 07-2019'!G118+'SNA 08-2019'!G118+'SNA 09-2019'!G118+'SNA 10-2019'!G118+'SNA 11-2019'!G118+'SNA 12-2019'!G118 -> -20994.78 | I118: ='SNA 01-2019'!I118+'SNA 02-2019'!I118+'SNA 03-2019'!I118+'SNA 04-2019'!I118+'SNA 05-2019'!I118+'SNA 06-2019'!I118+'SNA 07-2019'!I118+'SNA 08-2019'!I118+'SNA 09-2019'!I118+'SNA 10-2019'!I118+'SNA 11-2019'!I118+'SNA 12-2019'!I118 -> -5202
A119: HB FULLER | B119: ='SNA 01-2019'!B119+'SNA 02-2019'!B119+'SNA 03-2019'!B119+'SNA 04-2019'!B119+'SNA 05-2019'!B119+'SNA 06-2019'!B119+'SNA 07-2019'!B119+'SNA 08-2019'!B119+'SNA 09-2019'!B119+'SNA 10-2019'!B119+'SNA 11-2019'!B119+'SNA 12-2019'!B119 -> 0 | C119: ='SNA 01-2019'!C119+'SNA 02-2019'!C119+'SNA 03-2019'!C119+'SNA 04-2019'!C119+'SNA 05-2019'!C119+'SNA 06-2019'!C119+'SNA 07-2019'!C119+'SNA 08-2019'!C119+'SNA 09-2019'!C119+'SNA 10-2019'!C119+'SNA 11-2019'!C119+'SNA 12-2019'!C119 -> 0 | D119: ='SNA 01-2019'!D119+'SNA 02-2019'!D119+'SNA 03-2019'!D119+'SNA 04-2019'!D119+'SNA 05-2019'!D119+'SNA 06-2019'!D119+'SNA 07-2019'!D119+'SNA 08-2019'!D119+'SNA 09-2019'!D119+'SNA 10-2019'!D119+'SNA 11-2019'!D119+'SNA 12-2019'!D119 -> 0 | E119: =SUM(B119:D119) -> 0 | G119: ='SNA 01-2019'!G119+'SNA 02-2019'!G119+'SNA 03-2019'!G119+'SNA 04-2019'!G119+'SNA 05-2019'!G119+'SNA 06-2019'!G119+'SNA 07-2019'!G119+'SNA 08-2019'!G119+'SNA 09-2019'!G119+'SNA 10-2019'!G119+'SNA 11-2019'!G119+'SNA 12-2019'!G119 -> -14419.2 | I119: ='SNA 01-2019'!I119+'SNA 02-2019'!I119+'SNA 03-2019'!I119+'SNA 04-2019'!I119+'SNA 05-2019'!I119+'SNA 06-2019'!I119+'SNA 07-2019'!I119+'SNA 08-2019'!I119+'SNA 09-2019'!I119+'SNA 10-2019'!I119+'SNA 11-2019'!I119+'SNA 12-2019'!I119 -> 0
A120: JIANGHSU | B120: ='SNA 01-2019'!B120+'SNA 02-2019'!B120+'SNA 03-2019'!B120+'SNA 04-2019'!B120+'SNA 05-2019'!B120+'SNA 06-2019'!B120+'SNA 07-2019'!B120+'SNA 08-2019'!B120+'SNA 09-2019'!B120+'SNA 10-2019'!B120+'SNA 11-2019'!B120+'SNA 12-2019'!B120 -> 0 | C120: ='SNA 01-2019'!C120+'SNA 02-2019'!C120+'SNA 03-2019'!C120+'SNA 04-2019'!C120+'SNA 05-2019'!C120+'SNA 06-2019'!C120+'SNA 07-2019'!C120+'SNA 08-2019'!C120+'SNA 09-2019'!C120+'SNA 10-2019'!C120+'SNA 11-2019'!C120+'SNA 12-2019'!C120 -> 0 | D120: ='SNA 01-2019'!D120+'SNA 02-2019'!D120+'SNA 03-2019'!D120+'SNA 04-2019'!D120+'SNA 05-2019'!D120+'SNA 06-2019'!D120+'SNA 07-2019'!D120+'SNA 08-2019'!D120+'SNA 09-2019'!D120+'SNA 10-2019'!D120+'SNA 11-2019'!D120+'SNA 12-2019'!D120 -> 0 | E120: =SUM(B120:D120) -> 0 | G120: ='SNA 01-2019'!G120+'SNA 02-2019'!G120+'SNA 03-2019'!G120+'SNA 04-2019'!G120+'SNA 05-2019'!G120+'SNA 06-2019'!G120+'SNA 07-2019'!G120+'SNA 08-2019'!G120+'SNA 09-2019'!G120+'SNA 10-2019'!G120+'SNA 11-2019'!G120+'SNA 12-2019'!G120 -> -132214 | I120: ='SNA 01-2019'!I120+'SNA 02-2019'!I120+'SNA 03-2019'!I120+'SNA 04-2019'!I120+'SNA 05-2019'!I120+'SNA 06-2019'!I120+'SNA 07-2019'!I120+'SNA 08-2019'!I120+'SNA 09-2019'!I120+'SNA 10-2019'!I120+'SNA 11-2019'!I120+'SNA 12-2019'!I120 -> 0
A121: DEMETAL | B121: ='SNA 01-2019'!B121+'SNA 02-2019'!B121+'SNA 03-2019'!B121+'SNA 04-2019'!B121+'SNA 05-2019'!B121+'SNA 06-2019'!B121+'SNA 07-2019'!B121+'SNA 08-2019'!B121+'SNA 09-2019'!B121+'SNA 10-2019'!B121+'SNA 11-2019'!B121+'SNA 12-2019'!B121 -> 0 | C121: ='SNA 01-2019'!C121+'SNA 02-2019'!C121+'SNA 03-2019'!C121+'SNA 04-2019'!C121+'SNA 05-2019'!C121+'SNA 06-2019'!C121+'SNA 07-2019'!C121+'SNA 08-2019'!C121+'SNA 09-2019'!C121+'SNA 10-2019'!C121+'SNA 11-2019'!C121+'SNA 12-2019'!C121 -> 0 | D121: ='SNA 01-2019'!D121+'SNA 02-2019'!D121+'SNA 03-2019'!D121+'SNA 04-2019'!D121+'SNA 05-2019'!D121+'SNA 06-2019'!D121+'SNA 07-2019'!D121+'SNA 08-2019'!D121+'SNA 09-2019'!D121+'SNA 10-2019'!D121+'SNA 11-2019'!D121+'SNA 12-2019'!D121 -> 0 | E121: =SUM(B121:D121) -> 0 | G121: ='SNA 01-2019'!G121+'SNA 02-2019'!G121+'SNA 03-2019'!G121+'SNA 04-2019'!G121+'SNA 05-2019'!G121+'SNA 06-2019'!G121+'SNA 07-2019'!G121+'SNA 08-2019'!G121+'SNA 09-2019'!G121+'SNA 10-2019'!G121+'SNA 11-2019'!G121+'SNA 12-2019'!G121 -> -67753.4 | I121: ='SNA 01-2019'!I121+'SNA 02-2019'!I121+'SNA 03-2019'!I121+'SNA 04-2019'!I121+'SNA 05-2019'!I121+'SNA 06-2019'!I121+'SNA 07-2019'!I121+'SNA 08-2019'!I121+'SNA 09-2019'!I121+'SNA 10-2019'!I121+'SNA 11-2019'!I121+'SNA 12-2019'!I121 -> 0
A122: METACONCEPT | B122: ='SNA 01-2019'!B122+'SNA 02-2019'!B122+'SNA 03-2019'!B122+'SNA 04-2019'!B122+'SNA 05-2019'!B122+'SNA 06-2019'!B122+'SNA 07-2019'!B122+'SNA 08-2019'!B122+'SNA 09-2019'!B122+'SNA 10-2019'!B122+'SNA 11-2019'!B122+'SNA 12-2019'!B122 -> 0 | C122: ='SNA 01-2019'!C122+'SNA 02-2019'!C122+'SNA 03-2019'!C122+'SNA 04-2019'!C122+'SNA 05-2019'!C122+'SNA 06-2019'!C122+'SNA 07-2019'!C122+'SNA 08-2019'!C122+'SNA 09-2019'!C122+'SNA 10-2019'!C122+'SNA 11-2019'!C122+'SNA 12-2019'!C122 -> 0 | D122: ='SNA 01-2019'!D122+'SNA 02-2019'!D122+'SNA 03-2019'!D122+'SNA 04-2019'!D122+'SNA 05-2019'!D122+'SNA 06-2019'!D122+'SNA 07-2019'!D122+'SNA 08-2019'!D122+'SNA 09-2019'!D122+'SNA 10-2019'!D122+'SNA 11-2019'!D122+'SNA 12-2019'!D122 -> 0 | E122: =SUM(B122:D122) -> 0 | G122: ='SNA 01-2019'!G122+'SNA 02-2019'!G122+'SNA 03-2019'!G122+'SNA 04-2019'!G122+'SNA 05-2019'!G122+'SNA 06-2019'!G122+'SNA 07-2019'!G122+'SNA 08-2019'!G122+'SNA 09-2019'!G122+'SNA 10-2019'!G122+'SNA 11-2019'!G122+'SNA 12-2019'!G122 -> -35078 | I122: ='SNA 01-2019'!I122+'SNA 02-2019'!I122+'SNA 03-2019'!I122+'SNA 04-2019'!I122+'SNA 05-2019'!I122+'SNA 06-2019'!I122+'SNA 07-2019'!I122+'SNA 08-2019'!I122+'SNA 09-2019'!I122+'SNA 10-2019'!I122+'SNA 11-2019'!I122+'SNA 12-2019'!I122 -> 0
A123: T P I | B123: ='SNA 01-2019'!B123+'SNA 02-2019'!B123+'SNA 03-2019'!B123+'SNA 04-2019'!B123+'SNA 05-2019'!B123+'SNA 06-2019'!B123+'SNA 07-2019'!B123+'SNA 08-2019'!B123+'SNA 09-2019'!B123+'SNA 10-2019'!B123+'SNA 11-2019'!B123+'SNA 12-2019'!B123 -> 0 | C123: ='SNA 01-2019'!C123+'SNA 02-2019'!C123+'SNA 03-2019'!C123+'SNA 04-2019'!C123+'SNA 05-2019'!C123+'SNA 06-2019'!C123+'SNA 07-2019'!C123+'SNA 08-2019'!C123+'SNA 09-2019'!C123+'SNA 10-2019'!C123+'SNA 11-2019'!C123+'SNA 12-2019'!C123 -> 0 | D123: ='SNA 01-2019'!D123+'SNA 02-2019'!D123+'SNA 03-2019'!D123+'SNA 04-2019'!D123+'SNA 05-2019'!D123+'SNA 06-2019'!D123+'SNA 07-2019'!D123+'SNA 08-2019'!D123+'SNA 09-2019'!D123+'SNA 10-2019'!D123+'SNA 11-2019'!D123+'SNA 12-2019'!D123 -> 0 | E123: =SUM(B123:D123) -> 0 | G123: ='SNA 01-2019'!G123+'SNA 02-2019'!G123+'SNA 03-2019'!G123+'SNA 04-2019'!G123+'SNA 05-2019'!G123+'SNA 06-2019'!G123+'SNA 07-2019'!G123+'SNA 08-2019'!G123+'SNA 09-2019'!G123+'SNA 10-2019'!G123+'SNA 11-2019'!G123+'SNA 12-2019'!G123 -> 0 | I123: ='SNA 01-2019'!I123+'SNA 02-2019'!I123+'SNA 03-2019'!I123+'SNA 04-2019'!I123+'SNA 05-2019'!I123+'SNA 06-2019'!I123+'SNA 07-2019'!I123+'SNA 08-2019'!I123+'SNA 09-2019'!I123+'SNA 10-2019'!I123+'SNA 11-2019'!I123+'SNA 12-2019'!I123 -> -607
... A130: WIRTZ | B130: ='SNA 01-2019'!B130+'SNA 02-2019'!B130+'SNA 03-2019'!B130+'SNA 04-2019'!B130+'SNA 05-2019'!B130+'SNA 06-2019'!B130+'SNA 07-2019'!B130+'SNA 08-2019'!B130+'SNA 09-2019'!B130+'SNA 10-2019'!B130+'SNA 11-2019'!B130+'SNA 12-2019'!B130 -> 0 | C130: ='SNA 01-2019'!C130+'SNA 02-2019'!C130+'SNA 03-2019'!C130+'SNA 04-2019'!C130+'SNA 05-2019'!C130+'SNA 06-2019'!C130+'SNA 07-2019'!C130+'SNA 08-2019'!C130+'SNA 09-2019'!C130+'SNA 10-2019'!C130+'SNA 11-2019'!C130+'SNA 12-2019'!C130 -> 0 | D130: ='SNA 01-2019'!D130+'SNA 02-2019'!D130+'SNA 03-2019'!D130+'SNA 04-2019'!D130+'SNA 05-2019'!D130+'SNA 06-2019'!D130+'SNA 07-2019'!D130+'SNA 08-2019'!D130+'SNA 09-2019'!D130+'SNA 10-2019'!D130+'SNA 11-2019'!D130+'SNA 12-2019'!D130 -> 0 | E130: =SUM(B130:D130) -> 0 | G130: ='SNA 01-2019'!G130+'SNA 02-2019'!G130+'SNA 03-2019'!G130+'SNA 04-2019'!G130+'SNA 05-2019'!G130+'SNA 06-2019'!G130+'SNA 07-2019'!G130+'SNA 08-2019'!G130+'SNA 09-2019'!G130+'SNA 10-2019'!G130+'SNA 11-2019'!G130+'SNA 12-2019'!G130 -> 0 | I130: ='SNA 01-2019'!I130+'SNA 02-2019'!I130+'SNA 03-2019'!I130+'SNA 04-2019'!I130+'SNA 05-2019'!I130+'SNA 06-2019'!I130+'SNA 07-2019'!I130+'SNA 08-2019'!I130+'SNA 09-2019'!I130+'SNA 10-2019'!I130+'SNA 11-2019'!I130+'SNA 12-2019'!I130 -> 0
A131: PLOMB LOCAL | B131: =SUM(B132:B137) -> -15000 | C131: =SUM(C132:C137) -> -10811190 | D131: =SUM(D132:D137) -> 0 | E131: =SUM(B131:D131) -> -10826190 | G131: =SUM(G132:G137) -> 0 | I131: =SUM(I132:I137) -> 0
A132: KAIS TAYACHI | B132: ='SNA 01-2019'!B132+'SNA 02-2019'!B132+'SNA 03-2019'!B132+'SNA 04-2019'!B132+'SNA 05-2019'!B132+'SNA 06-2019'!B132+'SNA 07-2019'!B132+'SNA 08-2019'!B132+'SNA 09-2019'!B132+'SNA 10-2019'!B132+'SNA 11-2019'!B132+'SNA 12-2019'!B132 -> 0 | C132: ='SNA 01-2019'!C132+'SNA 02-2019'!C132+'SNA 03-2019'!C132+'SNA 04-2019'!C132+'SNA 05-2019'!C132+'SNA 06-2019'!C132+'SNA 07-2019'!C132+'SNA 08-2019'!C132+'SNA 09-2019'!C132+'SNA 10-2019'!C132+'SNA 11-2019'!C132+'SNA 12-2019'!C132 -> -4064465.8 | D132: ='SNA 01-2019'!D132+'SNA 02-2019'!D132+'SNA 03-2019'!D132+'SNA 04-2019'!D132+'SNA 05-2019'!D132+'SNA 06-2019'!D132+'SNA 07-2019'!D132+'SNA 08-2019'!D132+'SNA 09-2019'!D132+'SNA 10-2019'!D132+'SNA 11-2019'!D132+'SNA 12-2019'!D132 -> 0 | E132: =SUM(B132:D132) -> -4064465.8 | G132: ='SNA 01-2019'!G132+'SNA 02-2019'!G132+'SNA 03-2019'!G132+'SNA 04-2019'!G132+'SNA 05-2019'!G132+'SNA 06-2019'!G132+'SNA 07-2019'!G132+'SNA 08-2019'!G132+'SNA 09-2019'!G132+'SNA 10-2019'!G132+'SNA 11-2019'!G132+'SNA 12-2019'!G132 -> 0 | I132: ='SNA 01-2019'!I132+'SNA 02-2019'!I132+'SNA 03-2019'!I132+'SNA 04-2019'!I132+'SNA 05-2019'!I132+'SNA 06-2019'!I132+'SNA 07-2019'!I132+'SNA 08-2019'!I132+'SNA 09-2019'!I132+'SNA 10-2019'!I132+'SNA 11-2019'!I132+'SNA 12-2019'!I132 -> 0
A133: HAZEM CHTOUROU | B133: ='SNA 01-2019'!B133+'SNA 02-2019'!B133+'SNA 03-2019'!B133+'SNA 04-2019'!B133+'SNA 05-2019'!B133+'SNA 06-2019'!B133+'SNA 07-2019'!B133+'SNA 08-2019'!B133+'SNA 09-2019'!B133+'SNA 10-2019'!B133+'SNA 11-2019'!B133+'SNA 12-2019'!B133 -> 0 | C133: ='SNA 01-2019'!C133+'SNA 02-2019'!C133+'SNA 03-2019'!C133+'SNA 04-2019'!C133+'SNA 05-2019'!C133+'SNA 06-2019'!C133+'SNA 07-2019'!C133+'SNA 08-2019'!C133+'SNA 09-2019'!C133+'SNA 10-2019'!C133+'SNA 11-2019'!C133+'SNA 12-2019'!C133 -> -3545439.6 | D133: ='SNA 01-2019'!D133+'SNA 02-2019'!D133+'SNA 03-2019'!D133+'SNA 04-2019'!D133+'SNA 05-2019'!D133+'SNA 06-2019'!D133+'SNA 07-2019'!D133+'SNA 08-2019'!D133+'SNA 09-2019'!D133+'SNA 10-2019'!D133+'SNA 11-2019'!D133+'SNA 12-2019'!D133 -> 0 | E133: =SUM(B133:D133) -> -3545439.6 | G133: ='SNA 01-2019'!G133+'SNA 02-2019'!G133+'SNA 03-2019'!G133+'SNA 04-2019'!G133+'SNA 05-2019'!G133+'SNA 06-2019'!G133+'SNA 07-2019'!G133+'SNA 08-2019'!G133+'SNA 09-2019'!G133+'SNA 10-2019'!G133+'SNA 11-2019'!G133+'SNA 12-2019'!G133 -> 0 | I133: ='SNA 01-2019'!I133+'SNA 02-2019'!I133+'SNA 03-2019'!I133+'SNA 04-2019'!I133+'SNA 05-2019'!I133+'SNA 06-2019'!I133+'SNA 07-2019'!I133+'SNA 08-2019'!I133+'SNA 09-2019'!I133+'SNA 10-2019'!I133+'SNA 11-2019'!I133+'SNA 12-2019'!I133 -> 0
A134: SOTRAM | B134: ='SNA 01-2019'!B134+'SNA 02-2019'!B134+'SNA 03-2019'!B134+'SNA 04-2019'!B134+'SNA 05-2019'!B134+'SNA 06-2019'!B134+'SNA 07-2019'!B134+'SNA 08-2019'!B134+'SNA 09-2019'!B134+'SNA 10-2019'!B134+'SNA 11-2019'!B134+'SNA 12-2019'!B134 -> 0 | C134: ='SNA 01-2019'!C134+'SNA 02-2019'!C134+'SNA 03-2019'!C134+'SNA 04-2019'!C134+'SNA 05-2019'!C134+'SNA 06-2019'!C134+'SNA 07-2019'!C134+'SNA 08-2019'!C134+'SNA 09-2019'!C134+'SNA 10-2019'!C134+'SNA 11-2019'!C134+'SNA 12-2019'!C134 -> -682402.47 | D134: ='SNA 01-2019'!D134+'SNA 02-2019'!D134+'SNA 03-2019'!D134+'SNA 04-2019'!D134+'SNA 05-2019'!D134+'SNA 06-2019'!D134+'SNA 07-2019'!D134+'SNA 08-2019'!D134+'SNA 09-2019'!D134+'SNA 10-2019'!D134+'SNA 11-2019'!D134+'SNA 12-2019'!D134 -> 0 | E134: =SUM(B134:D134) -> -682402.47 | G134: ='SNA 01-2019'!G134+'SNA 02-2019'!G134+'SNA 03-2019'!G134+'SNA 04-2019'!G134+'SNA 05-2019'!G134+'SNA 06-2019'!G134+'SNA 07-2019'!G134+'SNA 08-2019'!G134+'SNA 09-2019'!G134+'SNA 10-2019'!G134+'SNA 11-2019'!G134+'SNA 12-2019'!G134 -> 0 | I134: ='SNA 01-2019'!I134+'SNA 02-2019'!I134+'SNA 03-2019'!I134+'SNA 04-2019'!I134+'SNA 05-2019'!I134+'SNA 06-2019'!I134+'SNA 07-2019'!I134+'SNA 08-2019'!I134+'SNA 09-2019'!I134+'SNA 10-2019'!I134+'SNA 11-2019'!I134+'SNA 12-2019'!I134 -> 0
A135: KAMMOUN | B135: ='SNA 01-2019'!B135+'SNA 02-2019'!B135+'SNA 03-2019'!B135+'SNA 04-2019'!B135+'SNA 05-2019'!B135+'SNA 06-2019'!B135+'SNA 07-2019'!B135+'SNA 08-2019'!B135+'SNA 09-2019'!B135+'SNA 10-2019'!B135+'SNA 11-2019'!B135+'SNA 12-2019'!B135 -> 0 | C135: ='SNA 01-2019'!C135+'SNA 02-2019'!C135+'SNA 03-2019'!C135+'SNA 04-2019'!C135+'SNA 05-2019'!C135+'SNA 06-2019'!C135+'SNA 07-2019'!C135+'SNA 08-2019'!C135+'SNA 09-2019'!C135+'SNA 10-2019'!C135+'SNA 11-2019'!C135+'SNA 12-2019'!C135 -> -422057.26 | D135: ='SNA 01-2019'!D135+'SNA 02-2019'!D135+'SNA 03-2019'!D135+'SNA 04-2019'!D135+'SNA 05-2019'!D135+'SNA 06-2019'!D135+'SNA 07-2019'!D135+'SNA 08-2019'!D135+'SNA 09-2019'!D135+'SNA 10-2019'!D135+'SNA 11-2019'!D135+'SNA 12-2019'!D135 -> 0 | E135: =SUM(B135:D135) -> -422057.26 | G135: ='SNA 01-2019'!G135+'SNA 02-2019'!G135+'SNA 03-2019'!G135+'SNA 04-2019'!G135+'SNA 05-2019'!G135+'SNA 06-2019'!G135+'SNA 07-2019'!G135+'SNA 08-2019'!G135+'SNA 09-2019'!G135+'SNA 10-2019'!G135+'SNA 11-2019'!G135+'SNA 12-2019'!G135 -> 0 | I135: ='SNA 01-2019'!I135+'SNA 02-2019'!I135+'SNA 03-2019'!I135+'SNA 04-2019'!I135+'SNA 05-2019'!I135+'SNA 06-2019'!I135+'SNA 07-2019'!I135+'SNA 08-2019'!I135+'SNA 09-2019'!I135+'SNA 10-2019'!I135+'SNA 11-2019'!I135+'SNA 12-2019'!I135 -> 0
A136: STA NOUR | B136: ='SNA 01-2019'!B136+'SNA 02-2019'!B136+'SNA 03-2019'!B136+'SNA 04-2019'!B136+'SNA 05-2019'!B136+'SNA 06-2019'!B136+'SNA 07-2019'!B136+'SNA 08-2019'!B136+'SNA 09-2019'!B136+'SNA 10-2019'!B136+'SNA 11-2019'!B136+'SNA 12-2019'!B136 -> -15000 | C136: ='SNA 01-2019'!C136+'SNA 02-2019'!C136+'SNA 03-2019'!C136+'SNA 04-2019'!C136+'SNA 05-2019'!C136+'SNA 06-2019'!C136+'SNA 07-2019'!C136+'SNA 08-2019'!C136+'SNA 09-2019'!C136+'SNA 10-2019'!C136+'SNA 11-2019'!C136+'SNA 12-2019'!C136 -> -2096824.6 | D136: ='SNA 01-2019'!D136+'SNA 02-2019'!D136+'SNA 03-2019'!D136+'SNA 04-2019'!D136+'SNA 05-2019'!D136+'SNA 06-2019'!D136+'SNA 07-2019'!D136+'SNA 08-2019'!D136+'SNA 09-2019'!D136+'SNA 10-2019'!D136+'SNA 11-2019'!D136+'SNA 12-2019'!D136 -> 0 | E136: =SUM(B136:D136) -> -2111824.6 | G136: ='SNA 01-2019'!G136+'SNA 02-2019'!G136+'SNA 03-2019'!G136+'SNA 04-2019'!G136+'SNA 05-2019'!G136+'SNA 06-2019'!G136+'SNA 07-2019'!G136+'SNA 08-2019'!G136+'SNA 09-2019'!G136+'SNA 10-2019'!G136+'SNA 11-2019'!G136+'SNA 12-2019'!G136 -> 0 | I136: ='SNA 01-2019'!I136+'SNA 02-2019'!I136+'SNA 03-2019'!I136+'SNA 04-2019'!I136+'SNA 05-2019'!I136+'SNA 06-2019'!I136+'SNA 07-2019'!I136+'SNA 08-2019'!I136+'SNA 09-2019'!I136+'SNA 10-2019'!I136+'SNA 11-2019'!I136+'SNA 12-2019'!I136 -> 0
A137: TUDOR | B137: ='SNA 01-2019'!B137+'SNA 02-2019'!B137+'SNA 03-2019'!B137+'SNA 04-2019'!B137+'SNA 05-2019'!B137+'SNA 06-2019'!B137+'SNA 07-2019'!B137+'SNA 08-2019'!B137+'SNA 09-2019'!B137+'SNA 10-2019'!B137+'SNA 11-2019'!B137+'SNA 12-2019'!B137 -> 0 | C137: ='SNA 01-2019'!C137+'SNA 02-2019'!C137+'SNA 03-2019'!C137+'SNA 04-2019'!C137+'SNA 05-2019'!C137+'SNA 06-2019'!C137+'SNA 07-2019'!C137+'SNA 08-2019'!C137+'SNA 09-2019'!C137+'SNA 10-2019'!C137+'SNA 11-2019'!C137+'SNA 12-2019'!C137 -> 0 | D137: ='SNA 01-2019'!D137+'SNA 02-2019'!D137+'SNA 03-2019'!D137+'SNA 04-2019'!D137+'SNA 05-2019'!D137+'SNA 06-2019'!D137+'SNA 07-2019'!D137+'SNA 08-2019'!D137+'SNA 09-2019'!D137+'SNA 10-2019'!D137+'SNA 11-2019'!D137+'SNA 12-2019'!D137 -> 0 | E137: =SUM(B137:D137) -> 0 | G137: ='SNA 01-2019'!G137+'SNA 02-2019'!G137+'SNA 03-2019'!G137+'SNA 04-2019'!G137+'SNA 05-2019'!G137+'SNA 06-2019'!G137+'SNA 07-2019'!G137+'SNA 08-2019'!G137+'SNA 09-2019'!G137+'SNA 10-2019'!G137+'SNA 11-2019'!G137+'SNA 12-2019'!G137 -> 0 | I137: ='SNA 01-2019'!I137+'SNA 02-2019'!I137+'SNA 03-2019'!I137+'SNA 04-2019'!I137+'SNA 05-2019'!I137+'SNA 06-2019'!I137+'SNA 07-2019'!I137+'SNA 08-2019'!I137+'SNA 09-2019'!I137+'SNA 10-2019'!I137+'SNA 11-2019'!I137+'SNA 12-2019'!I137 -> 0
A138: ETAT ET ENERGIE | B138: =SUM(B139:B144) -> 0 | C138: =SUM(C139:C144) -> -3430684 | D138: =SUM(D139:D144) -> 0 | E138: =SUM(B138:D138) -> -3430684 | G138: =SUM(G139:G144) -> 0 | I138: =SUM(I139:I144) -> 0
A139: S O N E D E | B139: ='SNA 01-2019'!B139+'SNA 02-2019'!B139+'SNA 03-2019'!B139+'SNA 04-2019'!B139+'SNA 05-2019'!B139+'SNA 06-2019'!B139+'SNA 07-2019'!B139+'SNA 08-2019'!B139+'SNA 09-2019'!B139+'SNA 10-2019'!B139+'SNA 11-2019'!B139+'SNA 12-2019'!B139 -> 0 | C139: ='SNA 01-2019'!C139+'SNA 02-2019'!C139+'SNA 03-2019'!C139+'SNA 04-2019'!C139+'SNA 05-2019'!C139+'SNA 06-2019'!C139+'SNA 07-2019'!C139+'SNA 08-2019'!C139+'SNA 09-2019'!C139+'SNA 10-2019'!C139+'SNA 11-2019'!C139+'SNA 12-2019'!C139 -> -43047.1 | D139: ='SNA 01-2019'!D139+'SNA 02-2019'!D139+'SNA 03-2019'!D139+'SNA 04-2019'!D139+'SNA 05-2019'!D139+'SNA 06-2019'!D139+'SNA 07-2019'!D139+'SNA 08-2019'!D139+'SNA 09-2019'!D139+'SNA 10-2019'!D139+'SNA 11-2019'!D139+'SNA 12-2019'!D139 -> 0 | E139: =SUM(B139:D139) -> -43047.1 | G139: ='SNA 01-2019'!G139+'SNA 02-2019'!G139+'SNA 03-2019'!G139+'SNA 04-2019'!G139+'SNA 05-2019'!G139+'SNA 06-2019'!G139+'SNA 07-2019'!G139+'SNA 08-2019'!G139+'SNA 09-2019'!G139+'SNA 10-2019'!G139+'SNA 11-2019'!G139+'SNA 12-2019'!G139 -> 0 | I139: ='SNA 01-2019'!I139+'SNA 02-2019'!I139+'SNA 03-2019'!I139+'SNA 04-2019'!I139+'SNA 05-2019'!I139+'SNA 06-2019'!I139+'SNA 07-2019'!I139+'SNA 08-2019'!I139+'SNA 09-2019'!I139+'SNA 10-2019'!I139+'SNA 11-2019'!I139+'SNA 12-2019'!I139 -> 0
A140: SNDP | B140: ='SNA 01-2019'!B140+'SNA 02-2019'!B140+'SNA 03-2019'!B140+'SNA 04-2019'!B140+'SNA 05-2019'!B140+'SNA 06-2019'!B140+'SNA 07-2019'!B140+'SNA 08-2019'!B140+'SNA 09-2019'!B140+'SNA 10-2019'!B140+'SNA 11-2019'!B140+'SNA 12-2019'!B140 -> 0 | C140: ='SNA 01-2019'!C140+'SNA 02-2019'!C140+'SNA 03-2019'!C140+'SNA 04-2019'!C140+'SNA 05-2019'!C140+'SNA 06-2019'!C140+'SNA 07-2019'!C140+'SNA 08-2019'!C140+'SNA 09-2019'!C140+'SNA 10-2019'!C140+'SNA 11-2019'!C140+'SNA 12-2019'!C140 -> -69244.6 | D140: ='SNA 01-2019'!D140+'SNA 02-2019'!D140+'SNA 03-2019'!D140+'SNA 04-2019'!D140+'SNA 05-2019'!D140+'SNA 06-2019'!D140+'SNA 07-2019'!D140+'SNA 08-2019'!D140+'SNA 09-2019'!D140+'SNA 10-2019'!D140+'SNA 11-2019'!D140+'SNA 12-2019'!D140 -> 0 | E140: =SUM(B140:D140) -> -69244.6 | G140: ='SNA 01-2019'!G140+'SNA 02-2019'!G140+'SNA 03-2019'!G140+'SNA 04-2019'!G140+'SNA 05-2019'!G140+'SNA 06-2019'!G140+'SNA 07-2019'!G140+'SNA 08-2019'!G140+'SNA 09-2019'!G140+'SNA 10-2019'!G140+'SNA 11-2019'!G140+'SNA 12-2019'!G140 -> 0 | I140: ='SNA 01-2019'!I140+'SNA 02-2019'!I140+'SNA 03-2019'!I140+'SNA 04-2019'!I140+'SNA 05-2019'!I140+'SNA 06-2019'!I140+'SNA 07-2019'!I140+'SNA 08-2019'!I140+'SNA 09-2019'!I140+'SNA 10-2019'!I140+'SNA 11-2019'!I140+'SNA 12-2019'!I140 -> 0
A141: STEG | B141: ='SNA 01-2019'!B141+'SNA 02-2019'!B141+'SNA 03-2019'!B141+'SNA 04-2019'!B141+'SNA 05-2019'!B141+'SNA 06-2019'!B141+'SNA 07-2019'!B141+'SNA 08-2019'!B141+'SNA 09-2019'!B141+'SNA 10-2019'!B141+'SNA 11-2019'!B141+'SNA 12-2019'!B141 -> 0 | C141: ='SNA 01-2019'!C141+'SNA 02-2019'!C141+'SNA 03-2019'!C141+'SNA 04-2019'!C141+'SNA 05-2019'!C141+'SNA 06-2019'!C141+'SNA 07-2019'!C141+'SNA 08-2019'!C141+'SNA 09-2019'!C141+'SNA 10-2019'!C141+'SNA 11-2019'!C141+'SNA 12-2019'!C141 -> -1531965.5 | D141: ='SNA 01-2019'!D141+'SNA 02-2019'!D141+'SNA 03-2019'!D141+'SNA 04-2019'!D141+'SNA 05-2019'!D141+'SNA 06-2019'!D141+'SNA 07-2019'!D141+'SNA 08-2019'!D141+'SNA 09-2019'!D141+'SNA 10-2019'!D141+'SNA 11-2019'!D141+'SNA 12-2019'!D141 -> 0 | E141: =SUM(B141:D141) -> -1531965.5 | G141: ='SNA 01-2019'!G141+'SNA 02-2019'!G141+'SNA 03-2019'!G141+'SNA 04-2019'!G141+'SNA 05-2019'!G141+'SNA 06-2019'!G141+'SNA 07-2019'!G141+'SNA 08-2019'!G141+'SNA 09-2019'!G141+'SNA 10-2019'!G141+'SNA 11-2019'!G141+'SNA 12-2019'!G141 -> 0 | I141: ='SNA 01-2019'!I141+'SNA 02-2019'!I141+'SNA 03-2019'!I141+'SNA 04-2019'!I141+'SNA 05-2019'!I141+'SNA 06-2019'!I141+'SNA 07-2019'!I141+'SNA 08-2019'!I141+'SNA 09-2019'!I141+'SNA 10-2019'!I141+'SNA 11-2019'!I141+'SNA 12-2019'!I141 -> 0
A142: PRELEVEMENT MINISTERE DES FINANCE | B142: ='SNA 01-2019'!B142+'SNA 02-2019'!B142+'SNA 03-2019'!B142+'SNA 04-2019'!B142+'SNA 05-2019'!B142+'SNA 06-2019'!B142+'SNA 07-2019'!B142+'SNA 08-2019'!B142+'SNA 09-2019'!B142+'SNA 10-2019'!B142+'SNA 11-2019'!B142+'SNA 12-2019'!B142 -> 0 | C142: ='SNA 01-2019'!C142+'SNA 02-2019'!C142+'SNA 03-2019'!C142+'SNA 04-2019'!C142+'SNA 05-2019'!C142+'SNA 06-2019'!C142+'SNA 07-2019'!C142+'SNA 08-2019'!C142+'SNA 09-2019'!C142+'SNA 10-2019'!C142+'SNA 11-2019'!C142+'SNA 12-2019'!C142 -> -1634018.2 | D142: ='SNA 01-2019'!D142+'SNA 02-2019'!D142+'SNA 03-2019'!D142+'SNA 04-2019'!D142+'SNA 05-2019'!D142+'SNA 06-2019'!D142+'SNA 07-2019'!D142+'SNA 08-2019'!D142+'SNA 09-2019'!D142+'SNA 10-2019'!D142+'SNA 11-2019'!D142+'SNA 12-2019'!D142 -> 0 | E142: =SUM(B142:D142) -> -1634018.2 | G142: ='SNA 01-2019'!G142+'SNA 02-2019'!G142+'SNA 03-2019'!G142+'SNA 04-2019'!G142+'SNA 05-2019'!G142+'SNA 06-2019'!G142+'SNA 07-2019'!G142+'SNA 08-2019'!G142+'SNA 09-2019'!G142+'SNA 10-2019'!G142+'SNA 11-2019'!G142+'SNA 12-2019'!G142 -> 0 | I142: ='SNA 01-2019'!I142+'SNA 02-2019'!I142+'SNA 03-2019'!I142+'SNA 04-2019'!I142+'SNA 05-2019'!I142+'SNA 06-2019'!I142+'SNA 07-2019'!I142+'SNA 08-2019'!I142+'SNA 09-2019'!I142+'SNA 10-2019'!I142+'SNA 11-2019'!I142+'SNA 12-2019'!I142 -> 0
A143: RECETTE DES FINANCES | B143: ='SNA 01-2019'!B143+'SNA 02-2019'!B143+'SNA 03-2019'!B143+'SNA 04-2019'!B143+'SNA 05-2019'!B143+'SNA 06-2019'!B143+'SNA 07-2019'!B143+'SNA 08-2019'!B143+'SNA 09-2019'!B143+'SNA 10-2019'!B143+'SNA 11-2019'!B143+'SNA 12-2019'!B143 -> 0 | C143: ='SNA 01-2019'!C143+'SNA 02-2019'!C143+'SNA 03-2019'!C143+'SNA 04-2019'!C143+'SNA 05-2019'!C143+'SNA 06-2019'!C143+'SNA 07-2019'!C143+'SNA 08-2019'!C143+'SNA 09-2019'!C143+'SNA 10-2019'!C143+'SNA 11-2019'!C143+'SNA 12-2019'!C143 -> -73262.226 | D143: ='SNA 01-2019'!D143+'SNA 02-2019'!D143+'SNA 03-2019'!D143+'SNA 04-2019'!D143+'SNA 05-2019'!D143+'SNA 06-2019'!D143+'SNA 07-2019'!D143+'SNA 08-2019'!D143+'SNA 09-2019'!D143+'SNA 10-2019'!D143+'SNA 11-2019'!D143+'SNA 12-2019'!D143 -> 0 | E143: =SUM(B143:D143) -> -73262.226 | G143: ='SNA 01-2019'!G143+'SNA 02-2019'!G143+'SNA 03-2019'!G143+'SNA 04-2019'!G143+'SNA 05-2019'!G143+'SNA 06-2019'!G143+'SNA 07-2019'!G143+'SNA 08-2019'!G143+'SNA 09-2019'!G143+'SNA 10-2019'!G143+'SNA 11-2019'!G143+'SNA 12-2019'!G143 -> 0 | I143: ='SNA 01-2019'!I143+'SNA 02-2019'!I143+'SNA 03-2019'!I143+'SNA 04-2019'!I143+'SNA 05-2019'!I143+'SNA 06-2019'!I143+'SNA 07-2019'!I143+'SNA 08-2019'!I143+'SNA 09-2019'!I143+'SNA 10-2019'!I143+'SNA 11-2019'!I143+'SNA 12-2019'!I143 -> 0
A144: TOTAL TUNISIE | B144: ='SNA 01-2019'!B144+'SNA 02-2019'!B144+'SNA 03-2019'!B144+'SNA 04-2019'!B144+'SNA 05-2019'!B144+'SNA 06-2019'!B144+'SNA 07-2019'!B144+'SNA 08-2019'!B144+'SNA 09-2019'!B144+'SNA 10-2019'!B144+'SNA 11-2019'!B144+'SNA 12-2019'!B144 -> 0 | C144: ='SNA 01-2019'!C144+'SNA 02-2019'!C144+'SNA 03-2019'!C144+'SNA 04-2019'!C144+'SNA 05-2019'!C144+'SNA 06-2019'!C144+'SNA 07-2019'!C144+'SNA 08-2019'!C144+'SNA 09-2019'!C144+'SNA 10-2019'!C144+'SNA 11-2019'!C144+'SNA 12-2019'!C144 -> -79146.382 | D144: ='SNA 01-2019'!D144+'SNA 02-2019'!D144+'SNA 03-2019'!D144+'SNA 04-2019'!D144+'SNA 05-2019'!D144+'SNA 06-2019'!D144+'SNA 07-2019'!D144+'SNA 08-2019'!D144+'SNA 09-2019'!D144+'SNA 10-2019'!D144+'SNA 11-2019'!D144+'SNA 12-2019'!D144 -> 0 | E144: =SUM(B144:D144) -> -79146.382 | G144: ='SNA 01-2019'!G144+'SNA 02-2019'!G144+'SNA 03-2019'!G144+'SNA 04-2019'!G144+'SNA 05-2019'!G144+'SNA 06-2019'!G144+'SNA 07-2019'!G144+'SNA 08-2019'!G144+'SNA 09-2019'!G144+'SNA 10-2019'!G144+'SNA 11-2019'!G144+'SNA 12-2019'!G144 -> 0 | I144: ='SNA 01-2019'!I144+'SNA 02-2019'!I144+'SNA 03-2019'!I144+'SNA 04-2019'!I144+'SNA 05-2019'!I144+'SNA 06-2019'!I144+'SNA 07-2019'!I144+'SNA 08-2019'!I144+'SNA 09-2019'!I144+'SNA 10-2019'!I144+'SNA 11-2019'!I144+'SNA 12-2019'!I144 -> 0
A145: INVESTISSEMENT | B145: =SUM(B146:B155) -> 0 | C145: =SUM(C146:C155) -> -605453.34 | D145: =SUM(D146:D155) -> 0 | E145: =SUM(B145:D145) -> -605453.34 | G145: =SUM(G146:G155) -> 0 | I145: =SUM(I146:I155) -> 0
...
